Workbook
Name DatabaseHeaders: Calc!$D$6:$AI$6
Name DatabaseSource: OFFSET(Database!$B$8,0,0,Calc!$DG$14,Calc!$DG$15)
Name DropdownCounta: Calc!$DR$8:$EF$8
Name DropdownHeaders: Settings!$B$10:$P$10
Name FirstChartAxis: OFFSET(Calc!$CD$7,0,0,Calc!$CE$5,1)
Name FirstChartSeries: OFFSET(Calc!$CF$7,0,0,Calc!$CE$5,1)
Name FormMatchFunction: MATCH(Form!$D$7,Calc!$AJ$6:$AJ$1006,0)
Name FourthChart_Axis: OFFSET(Calc!$DB$7,0,0,Calc!$DC$5,1)
Name FourthChartSeries: OFFSET(Calc!$DD$7,0,0,Calc!$DC$5,1)
Name MainTable: OFFSET(Calc!$D$7,0,0,Calc!$DG$14,Calc!$DG$15)
Name MetricsList: OFFSET(Metrics!$B$7,0,0,COUNTA(Metrics!$B$7:$B$36),1)
Name SecondChartAxis: OFFSET(Calc!$CL$7,0,0,Calc!$CM$5,1)
Name SecondChartSeries: OFFSET(Calc!$CN$7,0,0,Calc!$CM$5,1)
Name ThirdChartAxis: OFFSET(Calc!$CT$7,0,0,Calc!$CU$5,1)
Name ThirdChartSeries: OFFSET(Calc!$CV$7,0,0,Calc!$CU$5,1)

Sheet Menu
C2: PRODUCT DATABASE TEMPLATE
C3: MENU

Sheet Metrics
B2: PRODUCT DATABASE TEMPLATE
B3: METRIC INFO
B6: Metric | C6: Description
B7: Category | C7: Group your products
B8: Description | C8: If you want to annotate your products, you can add this metric
B9: Origin | C9: Track the origins of your products
B10: Dimensions | C10: Package dimensions of your products
B11: Weight (g) | C11: Package weight of your products into this metric
B12: Color | C12: Group your products by color
B13: Material | C13: Group your products by material
B14: Usage Detail | C14: Instructions for use can be added to this field
B15: Name (Supplier) | C15: Supplier Info 1
B16: Contact Number (Supplier) | C16: Supplier Info 2
B17: Contact E-mail (Supplier) | C17: Supplier Info 3
... B32: Example Metric 5 | C32: It is a dummy metric data to show you the dynamic feature of the template

Sheet Settings
B2: PRODUCT DATABASE TEMPLATE
B3: SETTINGS
B6: =IF(LEN(B$10)>0,IF(ISNUMBER(MATCH(B$10,Metrics!$B$7:$B$36,0)),"","Please check the metric! ↓"),"") | C6: =IF(LEN(C$10)>0,IF(ISNUMBER(MATCH(C$10,Metrics!$B$7:$B$36,0)),"","Please check the metric!"),"") | D6: =IF(LEN(D$10)>0,IF(ISNUMBER(MATCH(D$10,Metrics!$B$7:$B$36,0)),"","Please check the metric!"),"") | E6: =IF(LEN(E$10)>0,IF(ISNUMBER(MATCH(E$10,Metrics!$B$7:$B$36,0)),"","Please check the metric!"),"") | F6: =IF(LEN(F$10)>0,IF(ISNUMBER(MATCH(F$10,Metrics!$B$7:$B$36,0)),"","Please check the metric!"),"") | G6: =IF(LEN(G$10)>0,IF(ISNUMBER(MATCH(G$10,Metrics!$B$7:$B$36,0)),"","Please check the metric!"),"") | H6: =IF(LEN(H$10)>0,IF(ISNUMBER(MATCH(H$10,Metrics!$B$7:$B$36,0)),"","Please check the metric!"),"") | I6: =IF(LEN(I$10)>0,IF(ISNUMBER(MATCH(I$10,Metrics!$B$7:$B$36,0)),"","Please check the metric!"),"") | J6: =IF(LEN(J$10)>0,IF(ISNUMBER(MATCH(J$10,Metrics!$B$7:$B$36,0)),"","Please check the metric!"),"") | ... P6: =IF(LEN(P$10)>0,IF(ISNUMBER(MATCH(P$10,Metrics!$B$7:$B$36,0)),"","Please check the metric!"),"")
B8: DROPDOWN OPTIONS
B10: Category | C10: Origin | D10: Color | E10: Material | F10: Payment Method | G10: Responsible Person
B11: Accessories & Supplies | C11: China | D11: Black | E11: Plastic | F11: Cash | G11: Amelia Morrison
B12: Camera & Photo | C12: Germany | D12: White | E12: Steel | F12: Debit cards | G12: Amy Murray
B13: Car & Vehicle Electronics | C13: United States | D13: Green | E13: Aluminium | F13: Credit cards | G13: Anne North
B14: Wearable Technology | C14: Italy | D14: Yellow | E14: Titanium | F14: Electronics bank transfers | G14: Katherine Short
B15: Video Game Consoles | C15: Japan | D15: Red | G15: Kimberly Simpson
B16: eBook Readers | C16: South Korea | D16: Orange | G16: Karen Sharp
B17: GPS & Navigation | D17: Gray | G17: Jessica Ogden
B18: Television & Video | G18: Joan Oliver
G19: Joanne Paige
G20: Julia Parr

Sheet Database
B2: PRODUCT DATABASE TEMPLATE
B3: DATABASE
D5: =IF(LEN(D$7)>0,IF(ISNUMBER(MATCH(D$7,Metrics!$B$7:$B$36,0)),"","Please check! ↓"),"") | E5: =IF(LEN(E$7)>0,IF(ISNUMBER(MATCH(E$7,Metrics!$B$7:$B$36,0)),"","Please check! ↓"),"") | F5: =IF(LEN(F$7)>0,IF(ISNUMBER(MATCH(F$7,Metrics!$B$7:$B$36,0)),"","Please check! ↓"),"") | G5: =IF(LEN(G$7)>0,IF(ISNUMBER(MATCH(G$7,Metrics!$B$7:$B$36,0)),"","Please check! ↓"),"") | H5: =IF(LEN(H$7)>0,IF(ISNUMBER(MATCH(H$7,Metrics!$B$7:$B$36,0)),"","Please check! ↓"),"") | I5: =IF(LEN(I$7)>0,IF(ISNUMBER(MATCH(I$7,Metrics!$B$7:$B$36,0)),"","Please check! ↓"),"") | J5: =IF(LEN(J$7)>0,IF(ISNUMBER(MATCH(J$7,Metrics!$B$7:$B$36,0)),"","Please check! ↓"),"") | K5: =IF(LEN(K$7)>0,IF(ISNUMBER(MATCH(K$7,Metrics!$B$7:$B$36,0)),"","Please check! ↓"),"") | ... AG5: =IF(LEN(AG$7)>0,IF(ISNUMBER(MATCH(AG$7,Metrics!$B$7:$B$36,0)),"","Please check! ↓"),"")
B7: Product Id/SKU | C7: Name | D7: Category | E7: Origin | F7: Color | G7: Weight (g) | H7: Cost of Unit ($) | I7: Responsible Person | J7: Contact E-mail
B8: 668759 | C8: Phone Holder | D8: Accessories & Supplies | E8: China | F8: Black | G8: 125 | H8: 25 | I8: Amelia Morrison | J8: ameliamorrison@mail.com
B9: 150461 | C9: Digital Picture Frame | D9: Accessories & Supplies | E9: China | F9: White | G9: 350 | H9: 65 | I9: Julia Parr | J9: juliaparr@mail.com
B10: 694775 | C10: USB Charging Cable | D10: Accessories & Supplies | E10: Germany | F10: White | G10: 25 | H10: 15 | I10: Amy Murray | J10: amymurray@mail.com
B11: 294194 | C11: Selfie Stick Tripod | D11: Camera & Photo | E11: China | F11: Green | G11: 100 | H11: 10 | I11: Joanne Paige | J11: joannepaige@mail.com
B12: 544617 | C12: MicroSD Card | D12: Camera & Photo | E12: Germany | F12: Gray | G12: 20 | H12: 35 | I12: Anne North | J12: annenorth@mail.com
B13: 597949 | C13: HDMI Cable | D13: Camera & Photo | E13: China | F13: Yellow | G13: 65 | H13: 25 | I13: Joan Oliver | J13: joanoliver@mail.com
B14: 268526 | C14: 35 mm Lense | D14: Camera & Photo | E14: South Korea | F14: Black | G14: 650 | H14: 265 | I14: Katherine Short | J14: katherineshort@mail.com
B15: 759238 | C15: Light Stand | D15: Camera & Photo | E15: China | F15: Black | G15: 145 | H15: 350 | I15: Jessica Ogden | J15: jessicaogden@mail.com
B16: 268215 | C16: External Hard Drive | D16: Computers & Accessories | E16: United States | F16: Green | G16: 255 | H16: 150 | I16: Kimberly Simpson | J16: kimberlysimpson@mail.com
B17: 360342 | C17: Laptop | D17: Computers & Accessories | E17: South Korea | F17: Red | G17: 1650 | H17: 1950 | I17: Karen Sharp | J17: karensharp@mail.com
B18: 283505 | C18: Graphic Card | D18: Computers & Accessories | E18: United States | F18: Yellow | G18: 850 | H18: 1250 | I18: Amelia Morrison | J18: ameliamorrison@mail.com
B19: 780807 | C19: Keyboard | D19: Computers & Accessories | E19: China | G19: 290 | H19: 15 | I19: Julia Parr | J19: juliaparr@mail.com
B20: 156558 | C20: Mouse | D20: Computers & Accessories | E20: China | G20: 120 | H20: 25 | I20: Amy Murray | J20: amymurray@mail.com
B21: 270729 | C21: Webcam | D21: Computers & Accessories | E21: United States | G21: 135 | H21: 30 | I21: Joanne Paige | J21: joannepaige@mail.com
B22: 156553 | C22: 16 GB Ram | D22: Computers & Accessories | E22: South Korea | G22: 85 | H22: 50 | I22: Anne North | J22: annenorth@mail.com
B23: 355243 | C23: 256 GB SSD | D23: Computers & Accessories | E23: South Korea | G23: 360 | H23: 85 | I23: Joan Oliver | J23: joanoliver@mail.com
B24: 366906 | C24: Monitor | D24: Computers & Accessories | E24: China | G24: 1950 | H24: 450 | I24: Katherine Short | J24: katherineshort@mail.com
B25: 758183 | C25: Laptop Stand | D25: Computers & Accessories | E25: China | G25: 265 | H25: 35 | I25: Jessica Ogden | J25: jessicaogden@mail.com
B26: 453919 | C26: Smartwatch | D26: Wearable Technology | E26: United States | G26: 125 | H26: 195 | I26: Julia Parr | J26: juliaparr@mail.com
B27: 209243 | C27: Bluetooth Earphones | D27: Wearable Technology | E27: United States | G27: 100 | H27: 190 | I27: Amy Murray | J27: amymurray@mail.com
B28: 119933 | C28: Overhead Headphones | D28: Wearable Technology | E28: South Korea | G28: 250 | H28: 320 | I28: Joanne Paige | J28: joannepaige@mail.com
B29: 414081 | C29: Smart Glass | D29: Wearable Technology | E29: Japan | F29: White | G29: 200 | H29: 120 | I29: Anne North | J29: annenorth@mail.com
B30: 598674 | C30: Remote Controller | D30: Video Game Consoles | E30: Japan | F30: Orange | G30: 75 | H30: 25 | I30: Joan Oliver | J30: joanoliver@mail.com
B31: 327866 | C31: Game Console | D31: Video Game Consoles | E31: United States | F31: White | G31: 125 | H31: 650 | I31: Katherine Short | J31: katherineshort@mail.com
B32: 484480 | C32: eBook Reader | D32: eBook Readers | E32: Germany | F32: Green | G32: 350 | H32: 200 | I32: Jessica Ogden | J32: jessicaogden@mail.com
B33: 508927 | C33: Reader Case | D33: eBook Readers | E33: China | F33: Yellow | G33: 125 | H33: 25 | I33: Julia Parr | J33: juliaparr@mail.com
B34: 890439 | C34: GPS Navigator | D34: GPS & Navigation | E34: South Korea | F34: Black | G34: 850 | H34: 360 | I34: Amy Murray | J34: amymurray@mail.com
B35: 169714 | C35: Key Finder | D35: GPS & Navigation | E35: South Korea | F35: Green | G35: 50 | H35: 35 | I35: Joanne Paige | J35: joannepaige@mail.com
B36: 197670 | C36: 4K Led TV | D36: Television & Video | E36: United States | F36: White | G36: 6580 | H36: 3500 | I36: Anne North | J36: annenorth@mail.com
B37: 480309 | C37: Streaming Stick | D37: Television & Video | E37: China | F37: Black | G37: 120 | H37: 150 | I37: Joan Oliver | J37: joanoliver@mail.com

Sheet DynamicList
B2: PRODUCT DATABASE TEMPLATE
B3: DYNAMIC LIST
E5: =IF(LEN(E$7)>0,IF(ISNUMBER(MATCH(E$7,Metrics!$B$7:$B$36,0)),"","Please check! ↓"),"") | F5: =IF(LEN(F$7)>0,IF(ISNUMBER(MATCH(F$7,Metrics!$B$7:$B$36,0)),"","Please check! ↓"),"") | G5: =IF(LEN(G$7)>0,IF(ISNUMBER(MATCH(G$7,Metrics!$B$7:$B$36,0)),"","Please check! ↓"),"") | H5: =IF(LEN(H$7)>0,IF(ISNUMBER(MATCH(H$7,Metrics!$B$7:$B$36,0)),"","Please check! ↓"),"") | I5: =IF(LEN(I$7)>0,IF(ISNUMBER(MATCH(I$7,Metrics!$B$7:$B$36,0)),"","Please check! ↓"),"") | J5: =IF(LEN(J$7)>0,IF(ISNUMBER(MATCH(J$7,Metrics!$B$7:$B$36,0)),"","Please check! ↓"),"") | K5: =IF(LEN(K$7)>0,IF(ISNUMBER(MATCH(K$7,Metrics!$B$7:$B$36,0)),"","Please check! ↓"),"") | L5: =IF(LEN(L$7)>0,IF(ISNUMBER(MATCH(L$7,Metrics!$B$7:$B$36,0)),"","Please check! ↓"),"") | ... N5: =IF(LEN(N$7)>0,IF(ISNUMBER(MATCH(N$7,Metrics!$B$7:$B$36,0)),"","Please check! ↓"),"")
B7: Filtering | D7: Product | E7: Category | F7: Origin | G7: Weight (g) | H7: Cost of Unit ($) | I7: Color | J7: Responsible Person | K7: Contact E-mail
D8: =IFERROR(INDEX(Calc!$BU$7:$BU$2006,MATCH(ROW(DynamicList!A8)-ROW(DynamicList!$A$7),Calc!$BT$7:$BT$2006,0)),"") -> 668759 - Phone Holder | E8: =IFERROR(IF(LEN(E$7)=0,"",INDEX(MainTable,Calc!$DM7,Calc!DS$15)),"") -> Accessories & Supplies | F8: =IFERROR(IF(LEN(F$7)=0,"",INDEX(MainTable,Calc!$DM7,Calc!DT$15)),"") -> China | G8: =IFERROR(IF(LEN(G$7)=0,"",INDEX(MainTable,Calc!$DM7,Calc!DU$15)),"") -> 125 | H8: =IFERROR(IF(LEN(H$7)=0,"",INDEX(MainTable,Calc!$DM7,Calc!DV$15)),"") -> 25 | I8: =IFERROR(IF(LEN(I$7)=0,"",INDEX(MainTable,Calc!$DM7,Calc!DW$15)),"") -> Black | J8: =IFERROR(IF(LEN(J$7)=0,"",INDEX(MainTable,Calc!$DM7,Calc!DX$15)),"") -> Amelia Morrison | K8: =IFERROR(IF(LEN(K$7)=0,"",INDEX(MainTable,Calc!$DM7,Calc!DY$15)),"") -> ameliamorrison@mail.com | L8: =IFERROR(IF(LEN(L$7)=0,"",INDEX(MainTable,Calc!$DM7,Calc!DZ$15)),"") | ... N8: =IFERROR(IF(LEN(N$7)=0,"",INDEX(MainTable,Calc!$DM7,Calc!EB$15)),"")
B9: Category | D9: =IFERROR(INDEX(Calc!$BU$7:$BU$2006,MATCH(ROW(DynamicList!A9)-ROW(DynamicList!$A$7),Calc!$BT$7:$BT$2006,0)),"") -> 150461 - Digital Picture Frame | E9: =IFERROR(IF(LEN(E$7)=0,"",INDEX(MainTable,Calc!$DM8,Calc!DS$15)),"") -> Accessories & Supplies | F9: =IFERROR(IF(LEN(F$7)=0,"",INDEX(MainTable,Calc!$DM8,Calc!DT$15)),"") -> China | G9: =IFERROR(IF(LEN(G$7)=0,"",INDEX(MainTable,Calc!$DM8,Calc!DU$15)),"") -> 350 | H9: =IFERROR(IF(LEN(H$7)=0,"",INDEX(MainTable,Calc!$DM8,Calc!DV$15)),"") -> 65 | I9: =IFERROR(IF(LEN(I$7)=0,"",INDEX(MainTable,Calc!$DM8,Calc!DW$15)),"") -> White | J9: =IFERROR(IF(LEN(J$7)=0,"",INDEX(MainTable,Calc!$DM8,Calc!DX$15)),"") -> Julia Parr | K9: =IFERROR(IF(LEN(K$7)=0,"",INDEX(MainTable,Calc!$DM8,Calc!DY$15)),"") -> juliaparr@mail.com | L9: =IFERROR(IF(LEN(L$7)=0,"",INDEX(MainTable,Calc!$DM8,Calc!DZ$15)),"") | ... N9: =IFERROR(IF(LEN(N$7)=0,"",INDEX(MainTable,Calc!$DM8,Calc!EB$15)),"")
B10: All | D10: =IFERROR(INDEX(Calc!$BU$7:$BU$2006,MATCH(ROW(DynamicList!A10)-ROW(DynamicList!$A$7),Calc!$BT$7:$BT$2006,0)),"") -> 694775 - USB Charging Cable | E10: =IFERROR(IF(LEN(E$7)=0,"",INDEX(MainTable,Calc!$DM9,Calc!DS$15)),"") -> Accessories & Supplies | F10: =IFERROR(IF(LEN(F$7)=0,"",INDEX(MainTable,Calc!$DM9,Calc!DT$15)),"") -> Germany | G10: =IFERROR(IF(LEN(G$7)=0,"",INDEX(MainTable,Calc!$DM9,Calc!DU$15)),"") -> 25 | H10: =IFERROR(IF(LEN(H$7)=0,"",INDEX(MainTable,Calc!$DM9,Calc!DV$15)),"") -> 15 | I10: =IFERROR(IF(LEN(I$7)=0,"",INDEX(MainTable,Calc!$DM9,Calc!DW$15)),"") -> White | J10: =IFERROR(IF(LEN(J$7)=0,"",INDEX(MainTable,Calc!$DM9,Calc!DX$15)),"") -> Amy Murray | K10: =IFERROR(IF(LEN(K$7)=0,"",INDEX(MainTable,Calc!$DM9,Calc!DY$15)),"") -> amymurray@mail.com | L10: =IFERROR(IF(LEN(L$7)=0,"",INDEX(MainTable,Calc!$DM9,Calc!DZ$15)),"") | ... N10: =IFERROR(IF(LEN(N$7)=0,"",INDEX(MainTable,Calc!$DM9,Calc!EB$15)),"")
D11: =IFERROR(INDEX(Calc!$BU$7:$BU$2006,MATCH(ROW(DynamicList!A11)-ROW(DynamicList!$A$7),Calc!$BT$7:$BT$2006,0)),"") -> 294194 - Selfie Stick Tripod | E11: =IFERROR(IF(LEN(E$7)=0,"",INDEX(MainTable,Calc!$DM10,Calc!DS$15)),"") -> Camera & Photo | F11: =IFERROR(IF(LEN(F$7)=0,"",INDEX(MainTable,Calc!$DM10,Calc!DT$15)),"") -> China | G11: =IFERROR(IF(LEN(G$7)=0,"",INDEX(MainTable,Calc!$DM10,Calc!DU$15)),"") -> 100 | H11: =IFERROR(IF(LEN(H$7)=0,"",INDEX(MainTable,Calc!$DM10,Calc!DV$15)),"") -> 10 | I11: =IFERROR(IF(LEN(I$7)=0,"",INDEX(MainTable,Calc!$DM10,Calc!DW$15)),"") -> Green | J11: =IFERROR(IF(LEN(J$7)=0,"",INDEX(MainTable,Calc!$DM10,Calc!DX$15)),"") -> Joanne Paige | K11: =IFERROR(IF(LEN(K$7)=0,"",INDEX(MainTable,Calc!$DM10,Calc!DY$15)),"") -> joannepaige@mail.com | L11: =IFERROR(IF(LEN(L$7)=0,"",INDEX(MainTable,Calc!$DM10,Calc!DZ$15)),"") | ... N11: =IFERROR(IF(LEN(N$7)=0,"",INDEX(MainTable,Calc!$DM10,Calc!EB$15)),"")
B12: Origin | D12: =IFERROR(INDEX(Calc!$BU$7:$BU$2006,MATCH(ROW(DynamicList!A12)-ROW(DynamicList!$A$7),Calc!$BT$7:$BT$2006,0)),"") -> 544617 - MicroSD Card | E12: =IFERROR(IF(LEN(E$7)=0,"",INDEX(MainTable,Calc!$DM11,Calc!DS$15)),"") -> Camera & Photo | F12: =IFERROR(IF(LEN(F$7)=0,"",INDEX(MainTable,Calc!$DM11,Calc!DT$15)),"") -> Germany | G12: =IFERROR(IF(LEN(G$7)=0,"",INDEX(MainTable,Calc!$DM11,Calc!DU$15)),"") -> 20 | H12: =IFERROR(IF(LEN(H$7)=0,"",INDEX(MainTable,Calc!$DM11,Calc!DV$15)),"") -> 35 | I12: =IFERROR(IF(LEN(I$7)=0,"",INDEX(MainTable,Calc!$DM11,Calc!DW$15)),"") -> Gray | J12: =IFERROR(IF(LEN(J$7)=0,"",INDEX(MainTable,Calc!$DM11,Calc!DX$15)),"") -> Anne North | K12: =IFERROR(IF(LEN(K$7)=0,"",INDEX(MainTable,Calc!$DM11,Calc!DY$15)),"") -> annenorth@mail.com | L12: =IFERROR(IF(LEN(L$7)=0,"",INDEX(MainTable,Calc!$DM11,Calc!DZ$15)),"") | ... N12: =IFERROR(IF(LEN(N$7)=0,"",INDEX(MainTable,Calc!$DM11,Calc!EB$15)),"")
B13: All | D13: =IFERROR(INDEX(Calc!$BU$7:$BU$2006,MATCH(ROW(DynamicList!A13)-ROW(DynamicList!$A$7),Calc!$BT$7:$BT$2006,0)),"") -> 597949 - HDMI Cable | E13: =IFERROR(IF(LEN(E$7)=0,"",INDEX(MainTable,Calc!$DM12,Calc!DS$15)),"") -> Camera & Photo | F13: =IFERROR(IF(LEN(F$7)=0,"",INDEX(MainTable,Calc!$DM12,Calc!DT$15)),"") -> China | G13: =IFERROR(IF(LEN(G$7)=0,"",INDEX(MainTable,Calc!$DM12,Calc!DU$15)),"") -> 65 | H13: =IFERROR(IF(LEN(H$7)=0,"",INDEX(MainTable,Calc!$DM12,Calc!DV$15)),"") -> 25 | I13: =IFERROR(IF(LEN(I$7)=0,"",INDEX(MainTable,Calc!$DM12,Calc!DW$15)),"") -> Yellow | J13: =IFERROR(IF(LEN(J$7)=0,"",INDEX(MainTable,Calc!$DM12,Calc!DX$15)),"") -> Joan Oliver | K13: =IFERROR(IF(LEN(K$7)=0,"",INDEX(MainTable,Calc!$DM12,Calc!DY$15)),"") -> joanoliver@mail.com | L13: =IFERROR(IF(LEN(L$7)=0,"",INDEX(MainTable,Calc!$DM12,Calc!DZ$15)),"") | ... N13: =IFERROR(IF(LEN(N$7)=0,"",INDEX(MainTable,Calc!$DM12,Calc!EB$15)),"")
D14: =IFERROR(INDEX(Calc!$BU$7:$BU$2006,MATCH(ROW(DynamicList!A14)-ROW(DynamicList!$A$7),Calc!$BT$7:$BT$2006,0)),"") -> 268526 - 35 mm Lense | E14: =IFERROR(IF(LEN(E$7)=0,"",INDEX(MainTable,Calc!$DM13,Calc!DS$15)),"") -> Camera & Photo | F14: =IFERROR(IF(LEN(F$7)=0,"",INDEX(MainTable,Calc!$DM13,Calc!DT$15)),"") -> South Korea | G14: =IFERROR(IF(LEN(G$7)=0,"",INDEX(MainTable,Calc!$DM13,Calc!DU$15)),"") -> 650 | H14: =IFERROR(IF(LEN(H$7)=0,"",INDEX(MainTable,Calc!$DM13,Calc!DV$15)),"") -> 265 | I14: =IFERROR(IF(LEN(I$7)=0,"",INDEX(MainTable,Calc!$DM13,Calc!DW$15)),"") -> Black | J14: =IFERROR(IF(LEN(J$7)=0,"",INDEX(MainTable,Calc!$DM13,Calc!DX$15)),"") -> Katherine Short | K14: =IFERROR(IF(LEN(K$7)=0,"",INDEX(MainTable,Calc!$DM13,Calc!DY$15)),"") -> katherineshort@mail.com | L14: =IFERROR(IF(LEN(L$7)=0,"",INDEX(MainTable,Calc!$DM13,Calc!DZ$15)),"") | ... N14: =IFERROR(IF(LEN(N$7)=0,"",INDEX(MainTable,Calc!$DM13,Calc!EB$15)),"")
B15: Weight (g) | D15: =IFERROR(INDEX(Calc!$BU$7:$BU$2006,MATCH(ROW(DynamicList!A15)-ROW(DynamicList!$A$7),Calc!$BT$7:$BT$2006,0)),"") -> 759238 - Light Stand | E15: =IFERROR(IF(LEN(E$7)=0,"",INDEX(MainTable,Calc!$DM14,Calc!DS$15)),"") -> Camera & Photo | F15: =IFERROR(IF(LEN(F$7)=0,"",INDEX(MainTable,Calc!$DM14,Calc!DT$15)),"") -> China | G15: =IFERROR(IF(LEN(G$7)=0,"",INDEX(MainTable,Calc!$DM14,Calc!DU$15)),"") -> 145 | H15: =IFERROR(IF(LEN(H$7)=0,"",INDEX(MainTable,Calc!$DM14,Calc!DV$15)),"") -> 350 | I15: =IFERROR(IF(LEN(I$7)=0,"",INDEX(MainTable,Calc!$DM14,Calc!DW$15)),"") -> Black | J15: =IFERROR(IF(LEN(J$7)=0,"",INDEX(MainTable,Calc!$DM14,Calc!DX$15)),"") -> Jessica Ogden | K15: =IFERROR(IF(LEN(K$7)=0,"",INDEX(MainTable,Calc!$DM14,Calc!DY$15)),"") -> jessicaogden@mail.com | L15: =IFERROR(IF(LEN(L$7)=0,"",INDEX(MainTable,Calc!$DM14,Calc!DZ$15)),"") | ... N15: =IFERROR(IF(LEN(N$7)=0,"",INDEX(MainTable,Calc!$DM14,Calc!EB$15)),"")
B16: All | D16: =IFERROR(INDEX(Calc!$BU$7:$BU$2006,MATCH(ROW(DynamicList!A16)-ROW(DynamicList!$A$7),Calc!$BT$7:$BT$2006,0)),"") -> 268215 - External Hard Drive | E16: =IFERROR(IF(LEN(E$7)=0,"",INDEX(MainTable,Calc!$DM15,Calc!DS$15)),"") -> Computers & Accessories | F16: =IFERROR(IF(LEN(F$7)=0,"",INDEX(MainTable,Calc!$DM15,Calc!DT$15)),"") -> United States | G16: =IFERROR(IF(LEN(G$7)=0,"",INDEX(MainTable,Calc!$DM15,Calc!DU$15)),"") -> 255 | H16: =IFERROR(IF(LEN(H$7)=0,"",INDEX(MainTable,Calc!$DM15,Calc!DV$15)),"") -> 150 | I16: =IFERROR(IF(LEN(I$7)=0,"",INDEX(MainTable,Calc!$DM15,Calc!DW$15)),"") -> Green | J16: =IFERROR(IF(LEN(J$7)=0,"",INDEX(MainTable,Calc!$DM15,Calc!DX$15)),"") -> Kimberly Simpson | K16: =IFERROR(IF(LEN(K$7)=0,"",INDEX(MainTable,Calc!$DM15,Calc!DY$15)),"") -> kimberlysimpson@mail.com | L16: =IFERROR(IF(LEN(L$7)=0,"",INDEX(MainTable,Calc!$DM15,Calc!DZ$15)),"") | ... N16: =IFERROR(IF(LEN(N$7)=0,"",INDEX(MainTable,Calc!$DM15,Calc!EB$15)),"")
D17: =IFERROR(INDEX(Calc!$BU$7:$BU$2006,MATCH(ROW(DynamicList!A17)-ROW(DynamicList!$A$7),Calc!$BT$7:$BT$2006,0)),"") -> 360342 - Laptop | E17: =IFERROR(IF(LEN(E$7)=0,"",INDEX(MainTable,Calc!$DM16,Calc!DS$15)),"") -> Computers & Accessories | F17: =IFERROR(IF(LEN(F$7)=0,"",INDEX(MainTable,Calc!$DM16,Calc!DT$15)),"") -> South Korea | G17: =IFERROR(IF(LEN(G$7)=0,"",INDEX(MainTable,Calc!$DM16,Calc!DU$15)),"") -> 1650 | H17: =IFERROR(IF(LEN(H$7)=0,"",INDEX(MainTable,Calc!$DM16,Calc!DV$15)),"") -> 1950 | I17: =IFERROR(IF(LEN(I$7)=0,"",INDEX(MainTable,Calc!$DM16,Calc!DW$15)),"") -> Red | J17: =IFERROR(IF(LEN(J$7)=0,"",INDEX(MainTable,Calc!$DM16,Calc!DX$15)),"") -> Karen Sharp | K17: =IFERROR(IF(LEN(K$7)=0,"",INDEX(MainTable,Calc!$DM16,Calc!DY$15)),"") -> karensharp@mail.com | L17: =IFERROR(IF(LEN(L$7)=0,"",INDEX(MainTable,Calc!$DM16,Calc!DZ$15)),"") | ... N17: =IFERROR(IF(LEN(N$7)=0,"",INDEX(MainTable,Calc!$DM16,Calc!EB$15)),"")
B18: Responsible Person | D18: =IFERROR(INDEX(Calc!$BU$7:$BU$2006,MATCH(ROW(DynamicList!A18)-ROW(DynamicList!$A$7),Calc!$BT$7:$BT$2006,0)),"") -> 283505 - Graphic Card | E18: =IFERROR(IF(LEN(E$7)=0,"",INDEX(MainTable,Calc!$DM17,Calc!DS$15)),"") -> Computers & Accessories | F18: =IFERROR(IF(LEN(F$7)=0,"",INDEX(MainTable,Calc!$DM17,Calc!DT$15)),"") -> United States | G18: =IFERROR(IF(LEN(G$7)=0,"",INDEX(MainTable,Calc!$DM17,Calc!DU$15)),"") -> 850 | H18: =IFERROR(IF(LEN(H$7)=0,"",INDEX(MainTable,Calc!$DM17,Calc!DV$15)),"") -> 1250 | I18: =IFERROR(IF(LEN(I$7)=0,"",INDEX(MainTable,Calc!$DM17,Calc!DW$15)),"") -> Yellow | J18: =IFERROR(IF(LEN(J$7)=0,"",INDEX(MainTable,Calc!$DM17,Calc!DX$15)),"") -> Amelia Morrison | K18: =IFERROR(IF(LEN(K$7)=0,"",INDEX(MainTable,Calc!$DM17,Calc!DY$15)),"") -> ameliamorrison@mail.com | L18: =IFERROR(IF(LEN(L$7)=0,"",INDEX(MainTable,Calc!$DM17,Calc!DZ$15)),"") | ... N18: =IFERROR(IF(LEN(N$7)=0,"",INDEX(MainTable,Calc!$DM17,Calc!EB$15)),"")
B19: All | D19: =IFERROR(INDEX(Calc!$BU$7:$BU$2006,MATCH(ROW(DynamicList!A19)-ROW(DynamicList!$A$7),Calc!$BT$7:$BT$2006,0)),"") -> 780807 - Keyboard | E19: =IFERROR(IF(LEN(E$7)=0,"",INDEX(MainTable,Calc!$DM18,Calc!DS$15)),"") -> Computers & Accessories | F19: =IFERROR(IF(LEN(F$7)=0,"",INDEX(MainTable,Calc!$DM18,Calc!DT$15)),"") -> China | G19: =IFERROR(IF(LEN(G$7)=0,"",INDEX(MainTable,Calc!$DM18,Calc!DU$15)),"") -> 290 | H19: =IFERROR(IF(LEN(H$7)=0,"",INDEX(MainTable,Calc!$DM18,Calc!DV$15)),"") -> 15 | I19: =IFERROR(IF(LEN(I$7)=0,"",INDEX(MainTable,Calc!$DM18,Calc!DW$15)),"") -> 0 | J19: =IFERROR(IF(LEN(J$7)=0,"",INDEX(MainTable,Calc!$DM18,Calc!DX$15)),"") -> Julia Parr | K19: =IFERROR(IF(LEN(K$7)=0,"",INDEX(MainTable,Calc!$DM18,Calc!DY$15)),"") -> juliaparr@mail.com | L19: =IFERROR(IF(LEN(L$7)=0,"",INDEX(MainTable,Calc!$DM18,Calc!DZ$15)),"") | ... N19: =IFERROR(IF(LEN(N$7)=0,"",INDEX(MainTable,Calc!$DM18,Calc!EB$15)),"")
D20: =IFERROR(INDEX(Calc!$BU$7:$BU$2006,MATCH(ROW(DynamicList!A20)-ROW(DynamicList!$A$7),Calc!$BT$7:$BT$2006,0)),"") -> 156558 - Mouse | E20: =IFERROR(IF(LEN(E$7)=0,"",INDEX(MainTable,Calc!$DM19,Calc!DS$15)),"") -> Computers & Accessories | F20: =IFERROR(IF(LEN(F$7)=0,"",INDEX(MainTable,Calc!$DM19,Calc!DT$15)),"") -> China | G20: =IFERROR(IF(LEN(G$7)=0,"",INDEX(MainTable,Calc!$DM19,Calc!DU$15)),"") -> 120 | H20: =IFERROR(IF(LEN(H$7)=0,"",INDEX(MainTable,Calc!$DM19,Calc!DV$15)),"") -> 25 | I20: =IFERROR(IF(LEN(I$7)=0,"",INDEX(MainTable,Calc!$DM19,Calc!DW$15)),"") -> 0 | J20: =IFERROR(IF(LEN(J$7)=0,"",INDEX(MainTable,Calc!$DM19,Calc!DX$15)),"") -> Amy Murray | K20: =IFERROR(IF(LEN(K$7)=0,"",INDEX(MainTable,Calc!$DM19,Calc!DY$15)),"") -> amymurray@mail.com | L20: =IFERROR(IF(LEN(L$7)=0,"",INDEX(MainTable,Calc!$DM19,Calc!DZ$15)),"") | ... N20: =IFERROR(IF(LEN(N$7)=0,"",INDEX(MainTable,Calc!$DM19,Calc!EB$15)),"")
D21: =IFERROR(INDEX(Calc!$BU$7:$BU$2006,MATCH(ROW(DynamicList!A21)-ROW(DynamicList!$A$7),Calc!$BT$7:$BT$2006,0)),"") -> 270729 - Webcam | E21: =IFERROR(IF(LEN(E$7)=0,"",INDEX(MainTable,Calc!$DM20,Calc!DS$15)),"") -> Computers & Accessories | F21: =IFERROR(IF(LEN(F$7)=0,"",INDEX(MainTable,Calc!$DM20,Calc!DT$15)),"") -> United States | G21: =IFERROR(IF(LEN(G$7)=0,"",INDEX(MainTable,Calc!$DM20,Calc!DU$15)),"") -> 135 | H21: =IFERROR(IF(LEN(H$7)=0,"",INDEX(MainTable,Calc!$DM20,Calc!DV$15)),"") -> 30 | I21: =IFERROR(IF(LEN(I$7)=0,"",INDEX(MainTable,Calc!$DM20,Calc!DW$15)),"") -> 0 | J21: =IFERROR(IF(LEN(J$7)=0,"",INDEX(MainTable,Calc!$DM20,Calc!DX$15)),"") -> Joanne Paige | K21: =IFERROR(IF(LEN(K$7)=0,"",INDEX(MainTable,Calc!$DM20,Calc!DY$15)),"") -> joannepaige@mail.com | L21: =IFERROR(IF(LEN(L$7)=0,"",INDEX(MainTable,Calc!$DM20,Calc!DZ$15)),"") | ... N21: =IFERROR(IF(LEN(N$7)=0,"",INDEX(MainTable,Calc!$DM20,Calc!EB$15)),"")
D22: =IFERROR(INDEX(Calc!$BU$7:$BU$2006,MATCH(ROW(DynamicList!A22)-ROW(DynamicList!$A$7),Calc!$BT$7:$BT$2006,0)),"") -> 156553 - 16 GB Ram | E22: =IFERROR(IF(LEN(E$7)=0,"",INDEX(MainTable,Calc!$DM21,Calc!DS$15)),"") -> Computers & Accessories | F22: =IFERROR(IF(LEN(F$7)=0,"",INDEX(MainTable,Calc!$DM21,Calc!DT$15)),"") -> South Korea | G22: =IFERROR(IF(LEN(G$7)=0,"",INDEX(MainTable,Calc!$DM21,Calc!DU$15)),"") -> 85 | H22: =IFERROR(IF(LEN(H$7)=0,"",INDEX(MainTable,Calc!$DM21,Calc!DV$15)),"") -> 50 | I22: =IFERROR(IF(LEN(I$7)=0,"",INDEX(MainTable,Calc!$DM21,Calc!DW$15)),"") -> 0 | J22: =IFERROR(IF(LEN(J$7)=0,"",INDEX(MainTable,Calc!$DM21,Calc!DX$15)),"") -> Anne North | K22: =IFERROR(IF(LEN(K$7)=0,"",INDEX(MainTable,Calc!$DM21,Calc!DY$15)),"") -> annenorth@mail.com | L22: =IFERROR(IF(LEN(L$7)=0,"",INDEX(MainTable,Calc!$DM21,Calc!DZ$15)),"") | ... N22: =IFERROR(IF(LEN(N$7)=0,"",INDEX(MainTable,Calc!$DM21,Calc!EB$15)),"")
D23: =IFERROR(INDEX(Calc!$BU$7:$BU$2006,MATCH(ROW(DynamicList!A23)-ROW(DynamicList!$A$7),Calc!$BT$7:$BT$2006,0)),"") -> 355243 - 256 GB SSD | E23: =IFERROR(IF(LEN(E$7)=0,"",INDEX(MainTable,Calc!$DM22,Calc!DS$15)),"") -> Computers & Accessories | F23: =IFERROR(IF(LEN(F$7)=0,"",INDEX(MainTable,Calc!$DM22,Calc!DT$15)),"") -> South Korea | G23: =IFERROR(IF(LEN(G$7)=0,"",INDEX(MainTable,Calc!$DM22,Calc!DU$15)),"") -> 360 | H23: =IFERROR(IF(LEN(H$7)=0,"",INDEX(MainTable,Calc!$DM22,Calc!DV$15)),"") -> 85 | I23: =IFERROR(IF(LEN(I$7)=0,"",INDEX(MainTable,Calc!$DM22,Calc!DW$15)),"") -> 0 | J23: =IFERROR(IF(LEN(J$7)=0,"",INDEX(MainTable,Calc!$DM22,Calc!DX$15)),"") -> Joan Oliver | K23: =IFERROR(IF(LEN(K$7)=0,"",INDEX(MainTable,Calc!$DM22,Calc!DY$15)),"") -> joanoliver@mail.com | L23: =IFERROR(IF(LEN(L$7)=0,"",INDEX(MainTable,Calc!$DM22,Calc!DZ$15)),"") | ... N23: =IFERROR(IF(LEN(N$7)=0,"",INDEX(MainTable,Calc!$DM22,Calc!EB$15)),"")
D24: =IFERROR(INDEX(Calc!$BU$7:$BU$2006,MATCH(ROW(DynamicList!A24)-ROW(DynamicList!$A$7),Calc!$BT$7:$BT$2006,0)),"") -> 366906 - Monitor | E24: =IFERROR(IF(LEN(E$7)=0,"",INDEX(MainTable,Calc!$DM23,Calc!DS$15)),"") -> Computers & Accessories | F24: =IFERROR(IF(LEN(F$7)=0,"",INDEX(MainTable,Calc!$DM23,Calc!DT$15)),"") -> China | G24: =IFERROR(IF(LEN(G$7)=0,"",INDEX(MainTable,Calc!$DM23,Calc!DU$15)),"") -> 1950 | H24: =IFERROR(IF(LEN(H$7)=0,"",INDEX(MainTable,Calc!$DM23,Calc!DV$15)),"") -> 450 | I24: =IFERROR(IF(LEN(I$7)=0,"",INDEX(MainTable,Calc!$DM23,Calc!DW$15)),"") -> 0 | J24: =IFERROR(IF(LEN(J$7)=0,"",INDEX(MainTable,Calc!$DM23,Calc!DX$15)),"") -> Katherine Short | K24: =IFERROR(IF(LEN(K$7)=0,"",INDEX(MainTable,Calc!$DM23,Calc!DY$15)),"") -> katherineshort@mail.com | L24: =IFERROR(IF(LEN(L$7)=0,"",INDEX(MainTable,Calc!$DM23,Calc!DZ$15)),"") | ... N24: =IFERROR(IF(LEN(N$7)=0,"",INDEX(MainTable,Calc!$DM23,Calc!EB$15)),"")
D25: =IFERROR(INDEX(Calc!$BU$7:$BU$2006,MATCH(ROW(DynamicList!A25)-ROW(DynamicList!$A$7),Calc!$BT$7:$BT$2006,0)),"") -> 758183 - Laptop Stand | E25: =IFERROR(IF(LEN(E$7)=0,"",INDEX(MainTable,Calc!$DM24,Calc!DS$15)),"") -> Computers & Accessories | F25: =IFERROR(IF(LEN(F$7)=0,"",INDEX(MainTable,Calc!$DM24,Calc!DT$15)),"") -> China | G25: =IFERROR(IF(LEN(G$7)=0,"",INDEX(MainTable,Calc!$DM24,Calc!DU$15)),"") -> 265 | H25: =IFERROR(IF(LEN(H$7)=0,"",INDEX(MainTable,Calc!$DM24,Calc!DV$15)),"") -> 35 | I25: =IFERROR(IF(LEN(I$7)=0,"",INDEX(MainTable,Calc!$DM24,Calc!DW$15)),"") -> 0 | J25: =IFERROR(IF(LEN(J$7)=0,"",INDEX(MainTable,Calc!$DM24,Calc!DX$15)),"") -> Jessica Ogden | K25: =IFERROR(IF(LEN(K$7)=0,"",INDEX(MainTable,Calc!$DM24,Calc!DY$15)),"") -> jessicaogden@mail.com | L25: =IFERROR(IF(LEN(L$7)=0,"",INDEX(MainTable,Calc!$DM24,Calc!DZ$15)),"") | ... N25: =IFERROR(IF(LEN(N$7)=0,"",INDEX(MainTable,Calc!$DM24,Calc!EB$15)),"")
D26: =IFERROR(INDEX(Calc!$BU$7:$BU$2006,MATCH(ROW(DynamicList!A26)-ROW(DynamicList!$A$7),Calc!$BT$7:$BT$2006,0)),"") -> 453919 - Smartwatch | E26: =IFERROR(IF(LEN(E$7)=0,"",INDEX(MainTable,Calc!$DM25,Calc!DS$15)),"") -> Wearable Technology | F26: =IFERROR(IF(LEN(F$7)=0,"",INDEX(MainTable,Calc!$DM25,Calc!DT$15)),"") -> United States | G26: =IFERROR(IF(LEN(G$7)=0,"",INDEX(MainTable,Calc!$DM25,Calc!DU$15)),"") -> 125 | H26: =IFERROR(IF(LEN(H$7)=0,"",INDEX(MainTable,Calc!$DM25,Calc!DV$15)),"") -> 195 | I26: =IFERROR(IF(LEN(I$7)=0,"",INDEX(MainTable,Calc!$DM25,Calc!DW$15)),"") -> 0 | J26: =IFERROR(IF(LEN(J$7)=0,"",INDEX(MainTable,Calc!$DM25,Calc!DX$15)),"") -> Julia Parr | K26: =IFERROR(IF(LEN(K$7)=0,"",INDEX(MainTable,Calc!$DM25,Calc!DY$15)),"") -> juliaparr@mail.com | L26: =IFERROR(IF(LEN(L$7)=0,"",INDEX(MainTable,Calc!$DM25,Calc!DZ$15)),"") | ... N26: =IFERROR(IF(LEN(N$7)=0,"",INDEX(MainTable,Calc!$DM25,Calc!EB$15)),"")
D27: =IFERROR(INDEX(Calc!$BU$7:$BU$2006,MATCH(ROW(DynamicList!A27)-ROW(DynamicList!$A$7),Calc!$BT$7:$BT$2006,0)),"") -> 209243 - Bluetooth Earphones | E27: =IFERROR(IF(LEN(E$7)=0,"",INDEX(MainTable,Calc!$DM26,Calc!DS$15)),"") -> Wearable Technology | F27: =IFERROR(IF(LEN(F$7)=0,"",INDEX(MainTable,Calc!$DM26,Calc!DT$15)),"") -> United States | G27: =IFERROR(IF(LEN(G$7)=0,"",INDEX(MainTable,Calc!$DM26,Calc!DU$15)),"") -> 100 | H27: =IFERROR(IF(LEN(H$7)=0,"",INDEX(MainTable,Calc!$DM26,Calc!DV$15)),"") -> 190 | I27: =IFERROR(IF(LEN(I$7)=0,"",INDEX(MainTable,Calc!$DM26,Calc!DW$15)),"") -> 0 | J27: =IFERROR(IF(LEN(J$7)=0,"",INDEX(MainTable,Calc!$DM26,Calc!DX$15)),"") -> Amy Murray | K27: =IFERROR(IF(LEN(K$7)=0,"",INDEX(MainTable,Calc!$DM26,Calc!DY$15)),"") -> amymurray@mail.com | L27: =IFERROR(IF(LEN(L$7)=0,"",INDEX(MainTable,Calc!$DM26,Calc!DZ$15)),"") | ... N27: =IFERROR(IF(LEN(N$7)=0,"",INDEX(MainTable,Calc!$DM26,Calc!EB$15)),"")
D28: =IFERROR(INDEX(Calc!$BU$7:$BU$2006,MATCH(ROW(DynamicList!A28)-ROW(DynamicList!$A$7),Calc!$BT$7:$BT$2006,0)),"") -> 119933 - Overhead Headphones | E28: =IFERROR(IF(LEN(E$7)=0,"",INDEX(MainTable,Calc!$DM27,Calc!DS$15)),"") -> Wearable Technology | F28: =IFERROR(IF(LEN(F$7)=0,"",INDEX(MainTable,Calc!$DM27,Calc!DT$15)),"") -> South Korea | G28: =IFERROR(IF(LEN(G$7)=0,"",INDEX(MainTable,Calc!$DM27,Calc!DU$15)),"") -> 250 | H28: =IFERROR(IF(LEN(H$7)=0,"",INDEX(MainTable,Calc!$DM27,Calc!DV$15)),"") -> 320 | I28: =IFERROR(IF(LEN(I$7)=0,"",INDEX(MainTable,Calc!$DM27,Calc!DW$15)),"") -> 0 | J28: =IFERROR(IF(LEN(J$7)=0,"",INDEX(MainTable,Calc!$DM27,Calc!DX$15)),"") -> Joanne Paige | K28: =IFERROR(IF(LEN(K$7)=0,"",INDEX(MainTable,Calc!$DM27,Calc!DY$15)),"") -> joannepaige@mail.com | L28: =IFERROR(IF(LEN(L$7)=0,"",INDEX(MainTable,Calc!$DM27,Calc!DZ$15)),"") | ... N28: =IFERROR(IF(LEN(N$7)=0,"",INDEX(MainTable,Calc!$DM27,Calc!EB$15)),"")
D29: =IFERROR(INDEX(Calc!$BU$7:$BU$2006,MATCH(ROW(DynamicList!A29)-ROW(DynamicList!$A$7),Calc!$BT$7:$BT$2006,0)),"") -> 414081 - Smart Glass | E29: =IFERROR(IF(LEN(E$7)=0,"",INDEX(MainTable,Calc!$DM28,Calc!DS$15)),"") -> Wearable Technology | F29: =IFERROR(IF(LEN(F$7)=0,"",INDEX(MainTable,Calc!$DM28,Calc!DT$15)),"") -> Japan | G29: =IFERROR(IF(LEN(G$7)=0,"",INDEX(MainTable,Calc!$DM28,Calc!DU$15)),"") -> 200 | H29: =IFERROR(IF(LEN(H$7)=0,"",INDEX(MainTable,Calc!$DM28,Calc!DV$15)),"") -> 120 | I29: =IFERROR(IF(LEN(I$7)=0,"",INDEX(MainTable,Calc!$DM28,Calc!DW$15)),"") -> White | J29: =IFERROR(IF(LEN(J$7)=0,"",INDEX(MainTable,Calc!$DM28,Calc!DX$15)),"") -> Anne North | K29: =IFERROR(IF(LEN(K$7)=0,"",INDEX(MainTable,Calc!$DM28,Calc!DY$15)),"") -> annenorth@mail.com | L29: =IFERROR(IF(LEN(L$7)=0,"",INDEX(MainTable,Calc!$DM28,Calc!DZ$15)),"") | ... N29: =IFERROR(IF(LEN(N$7)=0,"",INDEX(MainTable,Calc!$DM28,Calc!EB$15)),"")
D30: =IFERROR(INDEX(Calc!$BU$7:$BU$2006,MATCH(ROW(DynamicList!A30)-ROW(DynamicList!$A$7),Calc!$BT$7:$BT$2006,0)),"") -> 598674 - Remote Controller | E30: =IFERROR(IF(LEN(E$7)=0,"",INDEX(MainTable,Calc!$DM29,Calc!DS$15)),"") -> Video Game Consoles | F30: =IFERROR(IF(LEN(F$7)=0,"",INDEX(MainTable,Calc!$DM29,Calc!DT$15)),"") -> Japan | G30: =IFERROR(IF(LEN(G$7)=0,"",INDEX(MainTable,Calc!$DM29,Calc!DU$15)),"") -> 75 | H30: =IFERROR(IF(LEN(H$7)=0,"",INDEX(MainTable,Calc!$DM29,Calc!DV$15)),"") -> 25 | I30: =IFERROR(IF(LEN(I$7)=0,"",INDEX(MainTable,Calc!$DM29,Calc!DW$15)),"") -> Orange | J30: =IFERROR(IF(LEN(J$7)=0,"",INDEX(MainTable,Calc!$DM29,Calc!DX$15)),"") -> Joan Oliver | K30: =IFERROR(IF(LEN(K$7)=0,"",INDEX(MainTable,Calc!$DM29,Calc!DY$15)),"") -> joanoliver@mail.com | L30: =IFERROR(IF(LEN(L$7)=0,"",INDEX(MainTable,Calc!$DM29,Calc!DZ$15)),"") | ... N30: =IFERROR(IF(LEN(N$7)=0,"",INDEX(MainTable,Calc!$DM29,Calc!EB$15)),"")
D31: =IFERROR(INDEX(Calc!$BU$7:$BU$2006,MATCH(ROW(DynamicList!A31)-ROW(DynamicList!$A$7),Calc!$BT$7:$BT$2006,0)),"") -> 327866 - Game Console | E31: =IFERROR(IF(LEN(E$7)=0,"",INDEX(MainTable,Calc!$DM30,Calc!DS$15)),"") -> Video Game Consoles | F31: =IFERROR(IF(LEN(F$7)=0,"",INDEX(MainTable,Calc!$DM30,Calc!DT$15)),"") -> United States | G31: =IFERROR(IF(LEN(G$7)=0,"",INDEX(MainTable,Calc!$DM30,Calc!DU$15)),"") -> 125 | H31: =IFERROR(IF(LEN(H$7)=0,"",INDEX(MainTable,Calc!$DM30,Calc!DV$15)),"") -> 650 | I31: =IFERROR(IF(LEN(I$7)=0,"",INDEX(MainTable,Calc!$DM30,Calc!DW$15)),"") -> White | J31: =IFERROR(IF(LEN(J$7)=0,"",INDEX(MainTable,Calc!$DM30,Calc!DX$15)),"") -> Katherine Short | K31: =IFERROR(IF(LEN(K$7)=0,"",INDEX(MainTable,Calc!$DM30,Calc!DY$15)),"") -> katherineshort@mail.com | L31: =IFERROR(IF(LEN(L$7)=0,"",INDEX(MainTable,Calc!$DM30,Calc!DZ$15)),"") | ... N31: =IFERROR(IF(LEN(N$7)=0,"",INDEX(MainTable,Calc!$DM30,Calc!EB$15)),"")
... D57: =IFERROR(INDEX(Calc!$BU$7:$BU$2006,MATCH(ROW(DynamicList!A57)-ROW(DynamicList!$A$7),Calc!$BT$7:$BT$2006,0)),"") | E57: =IFERROR(IF(LEN(E$7)=0,"",INDEX(MainTable,Calc!$DM56,Calc!DS$15)),"") | F57: =IFERROR(IF(LEN(F$7)=0,"",INDEX(MainTable,Calc!$DM56,Calc!DT$15)),"") | G57: =IFERROR(IF(LEN(G$7)=0,"",INDEX(MainTable,Calc!$DM56,Calc!DU$15)),"") | H57: =IFERROR(IF(LEN(H$7)=0,"",INDEX(MainTable,Calc!$DM56,Calc!DV$15)),"") | I57: =IFERROR(IF(LEN(I$7)=0,"",INDEX(MainTable,Calc!$DM56,Calc!DW$15)),"") | J57: =IFERROR(IF(LEN(J$7)=0,"",INDEX(MainTable,Calc!$DM56,Calc!DX$15)),"") | K57: =IFERROR(IF(LEN(K$7)=0,"",INDEX(MainTable,Calc!$DM56,Calc!DY$15)),"") | L57: =IFERROR(IF(LEN(L$7)=0,"",INDEX(MainTable,Calc!$DM56,Calc!DZ$15)),"") | ... N57: =IFERROR(IF(LEN(N$7)=0,"",INDEX(MainTable,Calc!$DM56,Calc!EB$15)),"")

Sheet Form
C2: PRODUCT DATABASE TEMPLATE
C3: FORM
C7: Product Id - Name | D7: 327866 - Game Console
C9: Category | D9: =IFERROR(INDEX(Calc!$D$6:$AJ$1006,FormMatchFunction,MATCH($C9,Calc!$D$6:$AI$6,0)),"") -> Video Game Consoles
C10: Origin | D10: =IFERROR(INDEX(Calc!$D$6:$AJ$1006,FormMatchFunction,MATCH($C10,Calc!$D$6:$AI$6,0)),"") -> United States
D11: =IFERROR(INDEX(Calc!$D$6:$AJ$1006,FormMatchFunction,MATCH($C11,Calc!$D$6:$AI$6,0)),"")
C12: Weight (g) | D12: =IFERROR(INDEX(Calc!$D$6:$AJ$1006,FormMatchFunction,MATCH($C12,Calc!$D$6:$AI$6,0)),"") -> 125
D13: =IFERROR(INDEX(Calc!$D$6:$AJ$1006,FormMatchFunction,MATCH($C13,Calc!$D$6:$AI$6,0)),"")
C14: Color | D14: =IFERROR(INDEX(Calc!$D$6:$AJ$1006,FormMatchFunction,MATCH($C14,Calc!$D$6:$AI$6,0)),"") -> White
C15: Cost of Unit ($) | D15: =IFERROR(INDEX(Calc!$D$6:$AJ$1006,FormMatchFunction,MATCH($C15,Calc!$D$6:$AI$6,0)),"") -> 650
D16: =IFERROR(INDEX(Calc!$D$6:$AJ$1006,FormMatchFunction,MATCH($C16,Calc!$D$6:$AI$6,0)),"")
C17: Responsible Person | D17: =IFERROR(INDEX(Calc!$D$6:$AJ$1006,FormMatchFunction,MATCH($C17,Calc!$D$6:$AI$6,0)),"") -> Katherine Short
D18: =IFERROR(INDEX(Calc!$D$6:$AJ$1006,FormMatchFunction,MATCH($C18,Calc!$D$6:$AI$6,0)),"")
C19: Contact E-mail | D19: =IFERROR(INDEX(Calc!$D$6:$AJ$1006,FormMatchFunction,MATCH($C19,Calc!$D$6:$AI$6,0)),"") -> katherineshort@mail.com
D20: =IFERROR(INDEX(Calc!$D$6:$AJ$1006,FormMatchFunction,MATCH($C20,Calc!$D$6:$AI$6,0)),"")
D21: =IFERROR(INDEX(Calc!$D$6:$AJ$1006,FormMatchFunction,MATCH($C21,Calc!$D$6:$AI$6,0)),"")
D22: =IFERROR(INDEX(Calc!$D$6:$AJ$1006,FormMatchFunction,MATCH($C22,Calc!$D$6:$AI$6,0)),"")
D23: =IFERROR(INDEX(Calc!$D$6:$AJ$1006,FormMatchFunction,MATCH($C23,Calc!$D$6:$AI$6,0)),"")
D24: =IFERROR(INDEX(Calc!$D$6:$AJ$1006,FormMatchFunction,MATCH($C24,Calc!$D$6:$AI$6,0)),"")
D25: =IFERROR(INDEX(Calc!$D$6:$AJ$1006,FormMatchFunction,MATCH($C25,Calc!$D$6:$AI$6,0)),"")
D26: =IFERROR(INDEX(Calc!$D$6:$AJ$1006,FormMatchFunction,MATCH($C26,Calc!$D$6:$AI$6,0)),"")
D27: =IFERROR(INDEX(Calc!$D$6:$AJ$1006,FormMatchFunction,MATCH($C27,Calc!$D$6:$AI$6,0)),"")
D28: =IFERROR(INDEX(Calc!$D$6:$AJ$1006,FormMatchFunction,MATCH($C28,Calc!$D$6:$AI$6,0)),"")
D29: =IFERROR(INDEX(Calc!$D$6:$AJ$1006,FormMatchFunction,MATCH($C29,Calc!$D$6:$AI$6,0)),"")
D30: =IFERROR(INDEX(Calc!$D$6:$AJ$1006,FormMatchFunction,MATCH($C30,Calc!$D$6:$AI$6,0)),"")
D31: =IFERROR(INDEX(Calc!$D$6:$AJ$1006,FormMatchFunction,MATCH($C31,Calc!$D$6:$AI$6,0)),"")
... D38: =IFERROR(INDEX(Calc!$D$6:$AJ$1006,FormMatchFunction,MATCH($C38,Calc!$D$6:$AI$6,0)),"")

Sheet Dashboard
C2: PRODUCT DATABASE TEMPLATE
C3: DASHBOARD
C7: Category | E7: Origin | G7: Color
C10: Responsible Person

Sheet Calc
AM2: LIST FILTER DROPDOWNS | AS2: LIST FILTER DROPDOWNS | AY2: LIST FILTER DROPDOWNS | BE2: LIST FILTER DROPDOWNS
AM3: Filter 1 | AS3: Filter 2 | AY3: Filter 3 | BE3: Filter 4 | BZ3: DASHBOARD CHART AREA | CH3: DASHBOARD CHART AREA | CP3: DASHBOARD CHART AREA | CX3: DASHBOARD CHART AREA
AO4: =DynamicList!$B$9 -> Category | AQ4: =IFERROR(IF(ISNUMBER(AQ7),COUNT(AQ$7:AQ$56),COUNTIF(AQ$7:AQ$56,"?*")),1000) -> 8 | AU4: =DynamicList!$B$12 -> Origin | AW4: =IFERROR(IF(ISNUMBER(AW7),COUNT(AW$7:AW$56),COUNTIF(AW$7:AW$56,"?*")),1000) -> 5 | BA4: =DynamicList!$B$15 -> Weight (g) | BC4: =IFERROR(IF(ISNUMBER(BC7),COUNT(BC$7:BC$56),COUNTIF(BC$7:BC$56,"?*")),1000) -> 23 | BG4: =DynamicList!$B$18 -> Responsible Person | BI4: =IFERROR(IF(ISNUMBER(BI7),COUNT(BI$7:BI$56),COUNTIF(BI$7:BI$56,"?*")),1000) -> 10 | BZ4: 1st Chart | CH4: 2nd Chart | CP4: 3rd Chart | CX4: 4th Chart
D5: 1 | E5: 2 | F5: 3 | G5: 4 | H5: 5 | I5: 6 | J5: 7 | K5: 8 | L5: 9 | M5: 10 | N5: 11 | O5: 12 | P5: 13 | Q5: 14 | R5: 15 | S5: 16 | T5: 17 | U5: 18 | V5: 19 | W5: 20 | X5: 21 | Y5: 22 | Z5: 23 | AA5: 24 | AB5: 25 | AC5: 26 | AD5: 27 | AE5: 28 | AF5: 29 | AG5: 30 | AH5: 31 | AI5: 32 | AO5: Values | AP5: Without Duplicates | AQ5: Without Blanks | AU5: Values | AV5: Without Duplicates | AW5: Without Blanks | BA5: Values | BB5: Without Duplicates | BC5: Without Blanks | BG5: Values | BH5: Without Duplicates | BI5: Without Blanks | BK5: List Filters | BQ5: Listed Products | BW5: =COUNTIF($BW$7:$BW$2006,1) -> 30 | CD5: Size: | CE5: =IF(SUM($CE$7:$CE$56)=0,1,SUM($CE$7:$CE$56)) -> 8 | CL5: Size: | CM5: =IF(SUM($CM$7:$CM$56)=0,1,SUM($CM$7:$CM$56)) -> 7 | CT5: Size: | CU5: =IF(SUM($CU$7:$CU$56)=0,1,SUM($CU$7:$CU$56)) -> 5 | DB5: Size: | DC5: =IF(SUM($DC$7:$DC$56)=0,1,SUM($DC$7:$DC$56)) -> 10
B6: INDEX | C6: Status | D6: =IFERROR(IF(LEN(INDEX(Database!$B$7:$AG$7,1,Calc!D$5))=0,"",INDEX(Database!$B$7:$AG$7,1,Calc!D$5)),"") -> Product Id/SKU | E6: =IFERROR(IF(LEN(INDEX(Database!$B$7:$AG$7,1,Calc!E$5))=0,"",INDEX(Database!$B$7:$AG$7,1,Calc!E$5)),"") -> Name | F6: =IFERROR(IF(LEN(INDEX(Database!$B$7:$AG$7,1,Calc!F$5))=0,"",INDEX(Database!$B$7:$AG$7,1,Calc!F$5)),"") -> Category | G6: =IFERROR(IF(LEN(INDEX(Database!$B$7:$AG$7,1,Calc!G$5))=0,"",INDEX(Database!$B$7:$AG$7,1,Calc!G$5)),"") -> Origin | H6: =IFERROR(IF(LEN(INDEX(Database!$B$7:$AG$7,1,Calc!H$5))=0,"",INDEX(Database!$B$7:$AG$7,1,Calc!H$5)),"") -> Color | I6: =IFERROR(IF(LEN(INDEX(Database!$B$7:$AG$7,1,Calc!I$5))=0,"",INDEX(Database!$B$7:$AG$7,1,Calc!I$5)),"") -> Weight (g) | J6: =IFERROR(IF(LEN(INDEX(Database!$B$7:$AG$7,1,Calc!J$5))=0,"",INDEX(Database!$B$7:$AG$7,1,Calc!J$5)),"") -> Cost of Unit ($) | K6: =IFERROR(IF(LEN(INDEX(Database!$B$7:$AG$7,1,Calc!K$5))=0,"",INDEX(Database!$B$7:$AG$7,1,Calc!K$5)),"") -> Responsible Person | ... AI6: =IFERROR(IF(LEN(INDEX(Database!$B$7:$AG$7,1,Calc!AI$5))=0,"",INDEX(Database!$B$7:$AG$7,1,Calc!AI$5)),"") | AJ6: Product Id & Name | AK6: Row No | AM6: Filter Index | AN6: Index Without Blanks | AQ6: All | AS6: Filter Index | AT6: Index Without Blanks | AW6: All | AY6: Filter Index | AZ6: Index Without Blanks | BC6: All | BE6: Filter Index | BF6: Index Without Blanks | BI6: All | BK6: =DynamicList!$B$9 -> Category | BL6: =DynamicList!$B$12 -> Origin | BM6: =DynamicList!$B$15 -> Weight (g) | BN6: =DynamicList!$B$18 -> Responsible Person | BO6: TOTAL | BQ6: Filter Index | BR6: Index Without Blanks | BS6: List Product Id - Name | BT6: List Index | BU6: Remove Blanks List Product Id - Name | BW6: Row Number | BX6: Offset Values | BZ6: Filter Index | CA6: Index Without Blanks | CB6: =IFERROR(IF(LEN(Dashboard!$C$7)=0,"",Dashboard!$C$7),"") -> Category | CC6: ="Remove Duplicates " & $CB$6 -> Remove Duplicates Category | CD6: ="Remove Blanks " & $CB$6 -> Remove Blanks Category | CE6: Height | CF6: Total Amount | CH6: Filter Index | CI6: Index Without Blanks | CJ6: =IFERROR(IF(LEN(Dashboard!$G$7)=0,"",Dashboard!$G$7),"") -> Color | CK6: ="Remove Duplicates " & $CJ$6 -> Remove Duplicates Color | CL6: ="Remove Blanks " & $CJ$6 -> Remove Blanks Color | CM6: Height | CN6: Total Amount | CP6: Filter Index | CQ6: Index Without Blanks | CR6: =IFERROR(IF(LEN(Dashboard!$E$7)=0,"",Dashboard!$E$7),"") -> Origin | CS6: ="Remove Duplicates " & $CR$6 -> Remove Duplicates Origin | CT6: ="Remove Blanks " & $CR$6 -> Remove Blanks Origin | CU6: Height | CV6: Total Amount | CX6: Filter Index | CY6: Index Without Blanks | CZ6: =IFERROR(IF(LEN(Dashboard!$C$10)=0,"",Dashboard!$C$10),"") -> Responsible Person | DA6: ="Remove Duplicates " & $CZ$6 -> Remove Duplicates Responsible Person | DB6: ="Remove Blanks " & $CZ$6 -> Remove Blanks Responsible Person | DC6: Height | DD6: Total Amount | DF6: Chart Names | DI6: DATABASE (ROW NUMBER) | DK6: DYNAMIC LIST (ROW NUMBER) | DM6: DYNAMIC LIST (DYNAMIC ROW INDEX) | DO6: FORM (ROW NUMBER) | DQ6: SETTINGS
B7: 1 | C7: =IF(OR(LEN($D7)=0,LEN($E7)=0),"Passive","Active") -> Active | D7: =IFERROR(IF(LEN(INDEX(Database!B$8:B$2007,$B7,1))=0,"",INDEX(Database!B$8:B$2007,$B7,1)),"") -> 668759 | E7: =IFERROR(IF(LEN(INDEX(Database!C$8:C$2007,$B7,1))=0,"",INDEX(Database!C$8:C$2007,$B7,1)),"") -> Phone Holder | F7: =IFERROR(IF($C7="Passive","",INDEX(Database!D$8:D$2007,$B7,1)),"") -> Accessories & Supplies | G7: =IFERROR(IF($C7="Passive","",INDEX(Database!E$8:E$2007,$B7,1)),"") -> China | H7: =IFERROR(IF($C7="Passive","",INDEX(Database!F$8:F$2007,$B7,1)),"") -> Black | I7: =IFERROR(IF($C7="Passive","",INDEX(Database!G$8:G$2007,$B7,1)),"") -> 125 | J7: =IFERROR(IF($C7="Passive","",INDEX(Database!H$8:H$2007,$B7,1)),"") -> 25 | K7: =IFERROR(IF($C7="Passive","",INDEX(Database!I$8:I$2007,$B7,1)),"") -> Amelia Morrison | L7: =IFERROR(IF($C7="Passive","",INDEX(Database!J$8:J$2007,$B7,1)),"") -> ameliamorrison@mail.com | M7: =IFERROR(IF($C7="Passive","",INDEX(Database!K$8:K$2007,$B7,1)),"") -> 0 | ... AI7: =IFERROR(IF($C7="Passive","",INDEX(Database!AG$8:AG$2007,$B7,1)),"") -> 0 | AJ7: =IFERROR(IF(OR(LEN($D7)=0,LEN($E7)=0),"",$D7 & " - " & $E7),"") -> 668759 - Phone Holder | AK7: =IF(AND($D7="",$E7=""),"",ROW($DP7)-ROW($DK$6)) -> 1 | AM7: =IFERROR(IF(OR(LEN($AP7)=0,$AP7=0),"",$B7),"") -> 1 | AN7: =IFERROR(SMALL($AM$7:$AM$56,ROW($AN7)-ROW($AN$6)),"") -> 1 | AO7: =IFERROR(INDEX(MainTable,$B7,MATCH($AO$4,DatabaseHeaders,0),1),"") -> Accessories & Supplies | AP7: =IFERROR(IF(COUNTIF($AO$7:$AO7,$AO7)>1,"",$AO7),"") -> Accessories & Supplies | AQ7: =IF(LEN($AN7)>0,INDEX($AP$7:$AP$56,$AN7),"") -> Accessories & Supplies | AS7: =IFERROR(IF(OR(LEN($AV7)=0,$AV7=0),"",$B7),"") -> 1 | AT7: =IFERROR(SMALL($AS$7:$AS$56,ROW($AT7)-ROW($AT$6)),"") -> 1 | AU7: =IFERROR(INDEX(MainTable,$B7,MATCH($AU$4,DatabaseHeaders,0),1),"") -> China | AV7: =IFERROR(IF(COUNTIF($AU$7:$AU7,$AU7)>1,"",$AU7),"") -> China | AW7: =IF(LEN($AT7)>0,INDEX($AV$7:$AV$56,$AT7),"") -> China | AY7: =IFERROR(IF(OR(LEN($BB7)=0,$BB7=0),"",$B7),"") -> 1 | AZ7: =IFERROR(SMALL($AY$7:$AY$56,ROW($AZ7)-ROW($AZ$6)),"") -> 1 | BA7: =IFERROR(INDEX(MainTable,$B7,MATCH($BA$4,DatabaseHeaders,0),1),"") -> 125 | BB7: =IFERROR(IF(COUNTIF($BA$7:$BA7,$BA7)>1,"",$BA7),"") -> 125 | BC7: =IF(LEN($AZ7)>0,INDEX($BB$7:$BB$56,$AZ7),"") -> 125 | BE7: =IFERROR(IF(OR(LEN($BH7)=0,$BH7=0),"",$B7),"") -> 1 | BF7: =IFERROR(SMALL($BE$7:$BE$56,ROW($BF7)-ROW($BF$6)),"") -> 1 | BG7: =IFERROR(INDEX(MainTable,$B7,MATCH($BG$4,DatabaseHeaders,0),1),"") -> Amelia Morrison | BH7: =IFERROR(IF(COUNTIF($BG$7:$BG7,$BG7)>1,"",$BG7),"") -> Amelia Morrison | BI7: =IF(LEN($BF7)>0,INDEX($BH$7:$BH$56,$BF7),"") -> Amelia Morrison | BK7: =IFERROR(IF(LEN(BK$6)=0,1,IF(OR(DynamicList!$B$10="",DynamicList!$B$10="All"),1,IF(DynamicList!$B$10=INDEX(MainTable,$B7,MATCH(BK$6,DatabaseHeaders,0)),1,0))),0) -> 1 | BL7: =IFERROR(IF(LEN(BL$6)=0,1,IF(OR(DynamicList!$B$13="",DynamicList!$B$13="All"),1,IF(DynamicList!$B$13=INDEX(MainTable,$B7,MATCH(BL$6,DatabaseHeaders,0)),1,0))),0) -> 1 | BM7: =IFERROR(IF(LEN(BM$6)=0,1,IF(OR(DynamicList!$B$16="",DynamicList!$B$16="All"),1,IF(DynamicList!$B$16=INDEX(MainTable,$B7,MATCH(BM$6,DatabaseHeaders,0)),1,0))),0) -> 1 | BN7: =IFERROR(IF(LEN(BN$6)=0,1,IF(OR(DynamicList!$B$19="",DynamicList!$B$19="All"),1,IF(DynamicList!$B$19=INDEX(MainTable,$B7,MATCH(BN$6,DatabaseHeaders,0)),1,0))),0) -> 1 | BO7: =BK7*BL7*BM7*BN7 -> 1 | BQ7: =IFERROR(IF(OR(LEN($BS7)=0,$BS7=0),"",$B7),"") -> 1 | BR7: =IFERROR(SMALL($BQ$7:$BQ$56,ROW($BR7)-ROW($BR$6)),"") -> 1 | BS7: =IF($BO7=1,$AJ7,"") -> 668759 - Phone Holder | BT7: =IF(LEN($BU$7)>0,1,"") -> 1 | BU7: =IF(LEN($BR7)>0,INDEX($BS$7:$BS$56,$BR7),"") -> 668759 - Phone Holder | BW7: =IF($BX7<>"",1,"") -> 1 | BX7: =IFERROR(SMALL($AK$7:$AK$56,ROW(BX7)-ROW($BX$6)),"") -> 1 | BZ7: =IFERROR(IF(OR(LEN($CC7)=0,$CC7=0),"",$B7),"") -> 1 | CA7: =IFERROR(SMALL($BZ$7:$BZ$56,ROW($CA7)-ROW($CA$6)),"") -> 1 | CB7: =IFERROR(INDEX(MainTable,$BX7,MATCH($CB$6,DatabaseHeaders,0),1),"") -> Accessories & Supplies | CC7: =IFERROR(IF(COUNTIF($CB$7:$CB7,$CB7)>1,"",$CB7),"") -> Accessories & Supplies | CD7: =IF(LEN($CA7)>0,INDEX($CC$7:$CC$56,$CA7),"") -> Accessories & Supplies | CE7: =IF(LEN($CD7)>0,1,0) -> 1 | CF7: =IFERROR(IF(LEN($CD7)=0,"",COUNTIF($CB$7:$CB$56,$CD7)),"") -> 3 | CH7: =IFERROR(IF(OR(LEN($CK7)=0,$CK7=0),"",$B7),"") -> 1 | CI7: =IFERROR(SMALL($CH$7:$CH$56,ROW($CI7)-ROW($CI$6)),"") -> 1 | CJ7: =IFERROR(INDEX(MainTable,$BX7,MATCH($CJ$6,DatabaseHeaders,0),1),"") -> Black | CK7: =IFERROR(IF(COUNTIF($CJ$7:$CJ7,$CJ7)>1,"",$CJ7),"") -> Black | CL7: =IF(LEN($CI7)>0,INDEX($CK$7:$CK$56,$CI7),"") -> Black | CM7: =IF(LEN($CL7)>0,1,0) -> 1 | CN7: =IFERROR(IF(LEN($CL7)=0,"",COUNTIF($CJ$7:$CJ$56,$CL7)),"") -> 5 | CP7: =IFERROR(IF(OR(LEN($CS7)=0,$CS7=0),"",$B7),"") -> 1 | CQ7: =IFERROR(SMALL($CP$7:$CP$56,ROW($CQ7)-ROW($CQ$6)),"") -> 1 | CR7: =IFERROR(INDEX(MainTable,$BX7,MATCH($CR$6,DatabaseHeaders,0),1),"") -> China | CS7: =IFERROR(IF(COUNTIF($CR$7:$CR7,$CR7)>1,"",$CR7),"") -> China | CT7: =IF(LEN($CQ7)>0,INDEX($CS$7:$CS$56,$CQ7),"") -> China | CU7: =IF(LEN($CT7)>0,1,0) -> 1 | CV7: =IFERROR(IF(LEN($CT7)=0,"",COUNTIF($CR$7:$CR$56,$CT7)),"") -> 11 | CX7: =IFERROR(IF(OR(LEN($DA7)=0,$DA7=0),"",$B7),"") -> 1 | CY7: =IFERROR(SMALL($CX$7:$CX$56,ROW($CY7)-ROW($CY$6)),"") -> 1 | CZ7: =IFERROR(INDEX(MainTable,$BX7,MATCH($CZ$6,DatabaseHeaders,0),1),"") -> Amelia Morrison | DA7: =IFERROR(IF(COUNTIF($CZ$7:$CZ7,$CZ7)>1,"",$CZ7),"") -> Amelia Morrison | DB7: =IF(LEN($CY7)>0,INDEX($DA$7:$DA$56,$CY7),"") -> Amelia Morrison | DC7: =IF(LEN($DB7)>0,1,0) -> 1 | DD7: =IFERROR(IF(LEN($DB7)=0,"",COUNTIF($CZ$7:$CZ$56,$DB7)),"") -> 2 | DF7: 1st Chart Title | DG7: ="Count by - " & Dashboard!$C$7 -> Count by - Category | DI7: =IF(LEN(Database!$C8)>0,ROW(Database!$C8),"") -> 8 | DK7: =IF(DynamicList!$D8<>"",ROW(DynamicList!$D8),"") -> 8 | DM7: =IF(LEN(DynamicList!$D8)=0,"",MATCH(DynamicList!$D8,Calc!$AJ$7:$AJ$56,0)) -> 1 | DO7: =IF(LEN(Form!$C9)>0,ROW(Form!$C9),"") -> 9 | DQ7: Column Numbers | DR7: =IFERROR(IF(DR$8>0,COLUMN(Settings!B$10),""),"") -> 2 | DS7: =IFERROR(IF(DS$8>0,COLUMN(Settings!C$10),""),"") -> 3 | DT7: =IFERROR(IF(DT$8>0,COLUMN(Settings!D$10),""),"") -> 4 | DU7: =IFERROR(IF(DU$8>0,COLUMN(Settings!E$10),""),"") -> 5 | DV7: =IFERROR(IF(DV$8>0,COLUMN(Settings!F$10),""),"") -> 6 | DW7: =IFERROR(IF(DW$8>0,COLUMN(Settings!G$10),""),"") -> 7 | DX7: =IFERROR(IF(DX$8>0,COLUMN(Settings!H$10),""),"") | DY7: =IFERROR(IF(DY$8>0,COLUMN(Settings!I$10),""),"") | ... EF7: =IFERROR(IF(EF$8>0,COLUMN(Settings!P$10),""),"")
B8: 2 | C8: =IF(OR(LEN($D8)=0,LEN($E8)=0),"Passive","Active") -> Active | D8: =IFERROR(IF(LEN(INDEX(Database!B$8:B$2007,$B8,1))=0,"",INDEX(Database!B$8:B$2007,$B8,1)),"") -> 150461 | E8: =IFERROR(IF(LEN(INDEX(Database!C$8:C$2007,$B8,1))=0,"",INDEX(Database!C$8:C$2007,$B8,1)),"") -> Digital Picture Frame | F8: =IFERROR(IF($C8="Passive","",INDEX(Database!D$8:D$2007,$B8,1)),"") -> Accessories & Supplies | G8: =IFERROR(IF($C8="Passive","",INDEX(Database!E$8:E$2007,$B8,1)),"") -> China | H8: =IFERROR(IF($C8="Passive","",INDEX(Database!F$8:F$2007,$B8,1)),"") -> White | I8: =IFERROR(IF($C8="Passive","",INDEX(Database!G$8:G$2007,$B8,1)),"") -> 350 | J8: =IFERROR(IF($C8="Passive","",INDEX(Database!H$8:H$2007,$B8,1)),"") -> 65 | K8: =IFERROR(IF($C8="Passive","",INDEX(Database!I$8:I$2007,$B8,1)),"") -> Julia Parr | L8: =IFERROR(IF($C8="Passive","",INDEX(Database!J$8:J$2007,$B8,1)),"") -> juliaparr@mail.com | M8: =IFERROR(IF($C8="Passive","",INDEX(Database!K$8:K$2007,$B8,1)),"") -> 0 | ... AI8: =IFERROR(IF($C8="Passive","",INDEX(Database!AG$8:AG$2007,$B8,1)),"") -> 0 | AJ8: =IFERROR(IF(OR(LEN($D8)=0,LEN($E8)=0),"",$D8 & " - " & $E8),"") -> 150461 - Digital Picture Frame | AK8: =IF(AND($D8="",$E8=""),"",ROW($DP8)-ROW($DK$6)) -> 2 | AM8: =IFERROR(IF(OR(LEN($AP8)=0,$AP8=0),"",$B8),"") | AN8: =IFERROR(SMALL($AM$7:$AM$56,ROW($AN8)-ROW($AN$6)),"") -> 4 | AO8: =IFERROR(INDEX(MainTable,$B8,MATCH($AO$4,DatabaseHeaders,0),1),"") -> Accessories & Supplies | AP8: =IFERROR(IF(COUNTIF($AO$7:$AO8,$AO8)>1,"",$AO8),"") | AQ8: =IF(LEN($AN8)>0,INDEX($AP$7:$AP$56,$AN8),"") -> Camera & Photo | AS8: =IFERROR(IF(OR(LEN($AV8)=0,$AV8=0),"",$B8),"") | AT8: =IFERROR(SMALL($AS$7:$AS$56,ROW($AT8)-ROW($AT$6)),"") -> 3 | AU8: =IFERROR(INDEX(MainTable,$B8,MATCH($AU$4,DatabaseHeaders,0),1),"") -> China | AV8: =IFERROR(IF(COUNTIF($AU$7:$AU8,$AU8)>1,"",$AU8),"") | AW8: =IF(LEN($AT8)>0,INDEX($AV$7:$AV$56,$AT8),"") -> Germany | AY8: =IFERROR(IF(OR(LEN($BB8)=0,$BB8=0),"",$B8),"") -> 2 | AZ8: =IFERROR(SMALL($AY$7:$AY$56,ROW($AZ8)-ROW($AZ$6)),"") -> 2 | BA8: =IFERROR(INDEX(MainTable,$B8,MATCH($BA$4,DatabaseHeaders,0),1),"") -> 350 | BB8: =IFERROR(IF(COUNTIF($BA$7:$BA8,$BA8)>1,"",$BA8),"") -> 350 | BC8: =IF(LEN($AZ8)>0,INDEX($BB$7:$BB$56,$AZ8),"") -> 350 | BE8: =IFERROR(IF(OR(LEN($BH8)=0,$BH8=0),"",$B8),"") -> 2 | BF8: =IFERROR(SMALL($BE$7:$BE$56,ROW($BF8)-ROW($BF$6)),"") -> 2 | BG8: =IFERROR(INDEX(MainTable,$B8,MATCH($BG$4,DatabaseHeaders,0),1),"") -> Julia Parr | BH8: =IFERROR(IF(COUNTIF($BG$7:$BG8,$BG8)>1,"",$BG8),"") -> Julia Parr | BI8: =IF(LEN($BF8)>0,INDEX($BH$7:$BH$56,$BF8),"") -> Julia Parr | BK8: =IFERROR(IF(LEN(BK$6)=0,1,IF(OR(DynamicList!$B$10="",DynamicList!$B$10="All"),1,IF(DynamicList!$B$10=INDEX(MainTable,$B8,MATCH(BK$6,DatabaseHeaders,0)),1,0))),0) -> 1 | BL8: =IFERROR(IF(LEN(BL$6)=0,1,IF(OR(DynamicList!$B$13="",DynamicList!$B$13="All"),1,IF(DynamicList!$B$13=INDEX(MainTable,$B8,MATCH(BL$6,DatabaseHeaders,0)),1,0))),0) -> 1 | BM8: =IFERROR(IF(LEN(BM$6)=0,1,IF(OR(DynamicList!$B$16="",DynamicList!$B$16="All"),1,IF(DynamicList!$B$16=INDEX(MainTable,$B8,MATCH(BM$6,DatabaseHeaders,0)),1,0))),0) -> 1 | BN8: =IFERROR(IF(LEN(BN$6)=0,1,IF(OR(DynamicList!$B$19="",DynamicList!$B$19="All"),1,IF(DynamicList!$B$19=INDEX(MainTable,$B8,MATCH(BN$6,DatabaseHeaders,0)),1,0))),0) -> 1 | BO8: =BK8*BL8*BM8*BN8 -> 1 | BQ8: =IFERROR(IF(OR(LEN($BS8)=0,$BS8=0),"",$B8),"") -> 2 | BR8: =IFERROR(SMALL($BQ$7:$BQ$56,ROW($BR8)-ROW($BR$6)),"") -> 2 | BS8: =IF($BO8=1,$AJ8,"") -> 150461 - Digital Picture Frame | BT8: =IF(LEN($BU8)>0,BT7+1,"") -> 2 | BU8: =IF(LEN($BR8)>0,INDEX($BS$7:$BS$56,$BR8),"") -> 150461 - Digital Picture Frame | BW8: =IF($BX8<>"",1,"") -> 1 | BX8: =IFERROR(SMALL($AK$7:$AK$56,ROW(BX8)-ROW($BX$6)),"") -> 2 | BZ8: =IFERROR(IF(OR(LEN($CC8)=0,$CC8=0),"",$B8),"") | CA8: =IFERROR(SMALL($BZ$7:$BZ$56,ROW($CA8)-ROW($CA$6)),"") -> 4 | CB8: =IFERROR(INDEX(MainTable,$BX8,MATCH($CB$6,DatabaseHeaders,0),1),"") -> Accessories & Supplies | CC8: =IFERROR(IF(COUNTIF($CB$7:$CB8,$CB8)>1,"",$CB8),"") | CD8: =IF(LEN($CA8)>0,INDEX($CC$7:$CC$56,$CA8),"") -> Camera & Photo | CE8: =IF(LEN($CD8)>0,1,0) -> 1 | CF8: =IFERROR(IF(LEN($CD8)=0,"",COUNTIF($CB$7:$CB$56,$CD8)),"") -> 5 | CH8: =IFERROR(IF(OR(LEN($CK8)=0,$CK8=0),"",$B8),"") -> 2 | CI8: =IFERROR(SMALL($CH$7:$CH$56,ROW($CI8)-ROW($CI$6)),"") -> 2 | CJ8: =IFERROR(INDEX(MainTable,$BX8,MATCH($CJ$6,DatabaseHeaders,0),1),"") -> White | CK8: =IFERROR(IF(COUNTIF($CJ$7:$CJ8,$CJ8)>1,"",$CJ8),"") -> White | CL8: =IF(LEN($CI8)>0,INDEX($CK$7:$CK$56,$CI8),"") -> White | CM8: =IF(LEN($CL8)>0,1,0) -> 1 | CN8: =IFERROR(IF(LEN($CL8)=0,"",COUNTIF($CJ$7:$CJ$56,$CL8)),"") -> 5 | CP8: =IFERROR(IF(OR(LEN($CS8)=0,$CS8=0),"",$B8),"") | CQ8: =IFERROR(SMALL($CP$7:$CP$56,ROW($CQ8)-ROW($CQ$6)),"") -> 3 | CR8: =IFERROR(INDEX(MainTable,$BX8,MATCH($CR$6,DatabaseHeaders,0),1),"") -> China | CS8: =IFERROR(IF(COUNTIF($CR$7:$CR8,$CR8)>1,"",$CR8),"") | CT8: =IF(LEN($CQ8)>0,INDEX($CS$7:$CS$56,$CQ8),"") -> Germany | CU8: =IF(LEN($CT8)>0,1,0) -> 1 | CV8: =IFERROR(IF(LEN($CT8)=0,"",COUNTIF($CR$7:$CR$56,$CT8)),"") -> 3 | CX8: =IFERROR(IF(OR(LEN($DA8)=0,$DA8=0),"",$B8),"") -> 2 | CY8: =IFERROR(SMALL($CX$7:$CX$56,ROW($CY8)-ROW($CY$6)),"") -> 2 | CZ8: =IFERROR(INDEX(MainTable,$BX8,MATCH($CZ$6,DatabaseHeaders,0),1),"") -> Julia Parr | DA8: =IFERROR(IF(COUNTIF($CZ$7:$CZ8,$CZ8)>1,"",$CZ8),"") -> Julia Parr | DB8: =IF(LEN($CY8)>0,INDEX($DA$7:$DA$56,$CY8),"") -> Julia Parr | DC8: =IF(LEN($DB8)>0,1,0) -> 1 | DD8: =IFERROR(IF(LEN($DB8)=0,"",COUNTIF($CZ$7:$CZ$56,$DB8)),"") -> 4 | DF8: 2nd Chart Title | DG8: ="Count by - " & Dashboard!$G$7 -> Count by - Color | DI8: =IF(LEN(Database!$C9)>0,ROW(Database!$C9),"") -> 9 | DK8: =IF(DynamicList!$D9<>"",ROW(DynamicList!$D9),"") -> 9 | DM8: =IF(LEN(DynamicList!$D9)=0,"",MATCH(DynamicList!$D9,Calc!$AJ$7:$AJ$2006,0)) -> 2 | DO8: =IF(LEN(Form!$C10)>0,ROW(Form!$C10),"") -> 10 | DQ8: Rows Count for Each Section | DR8: =IFERROR(IF(COUNTA(Settings!B$11:B$35)=0,0,COUNTA(Settings!B$11:B$35)),0) -> 8 | DS8: =IFERROR(IF(COUNTA(Settings!C$11:C$35)=0,0,COUNTA(Settings!C$11:C$35)),0) -> 6 | DT8: =IFERROR(IF(COUNTA(Settings!D$11:D$35)=0,0,COUNTA(Settings!D$11:D$35)),0) -> 7 | DU8: =IFERROR(IF(COUNTA(Settings!E$11:E$35)=0,0,COUNTA(Settings!E$11:E$35)),0) -> 4 | DV8: =IFERROR(IF(COUNTA(Settings!F$11:F$35)=0,0,COUNTA(Settings!F$11:F$35)),0) -> 4 | DW8: =IFERROR(IF(COUNTA(Settings!G$11:G$35)=0,0,COUNTA(Settings!G$11:G$35)),0) -> 10 | DX8: =IFERROR(IF(COUNTA(Settings!H$11:H$35)=0,0,COUNTA(Settings!H$11:H$35)),0) -> 0 | DY8: =IFERROR(IF(COUNTA(Settings!I$11:I$35)=0,0,COUNTA(Settings!I$11:I$35)),0) -> 0 | ... EF8: =IFERROR(IF(COUNTA(Settings!P$11:P$35)=0,0,COUNTA(Settings!P$11:P$35)),0) -> 0
B9: 3 | C9: =IF(OR(LEN($D9)=0,LEN($E9)=0),"Passive","Active") -> Active | D9: =IFERROR(IF(LEN(INDEX(Database!B$8:B$2007,$B9,1))=0,"",INDEX(Database!B$8:B$2007,$B9,1)),"") -> 694775 | E9: =IFERROR(IF(LEN(INDEX(Database!C$8:C$2007,$B9,1))=0,"",INDEX(Database!C$8:C$2007,$B9,1)),"") -> USB Charging Cable | F9: =IFERROR(IF($C9="Passive","",INDEX(Database!D$8:D$2007,$B9,1)),"") -> Accessories & Supplies | G9: =IFERROR(IF($C9="Passive","",INDEX(Database!E$8:E$2007,$B9,1)),"") -> Germany | H9: =IFERROR(IF($C9="Passive","",INDEX(Database!F$8:F$2007,$B9,1)),"") -> White | I9: =IFERROR(IF($C9="Passive","",INDEX(Database!G$8:G$2007,$B9,1)),"") -> 25 | J9: =IFERROR(IF($C9="Passive","",INDEX(Database!H$8:H$2007,$B9,1)),"") -> 15 | K9: =IFERROR(IF($C9="Passive","",INDEX(Database!I$8:I$2007,$B9,1)),"") -> Amy Murray | L9: =IFERROR(IF($C9="Passive","",INDEX(Database!J$8:J$2007,$B9,1)),"") -> amymurray@mail.com | M9: =IFERROR(IF($C9="Passive","",INDEX(Database!K$8:K$2007,$B9,1)),"") -> 0 | ... AI9: =IFERROR(IF($C9="Passive","",INDEX(Database!AG$8:AG$2007,$B9,1)),"") -> 0 | AJ9: =IFERROR(IF(OR(LEN($D9)=0,LEN($E9)=0),"",$D9 & " - " & $E9),"") -> 694775 - USB Charging Cable | AK9: =IF(AND($D9="",$E9=""),"",ROW($DP9)-ROW($DK$6)) -> 3 | AM9: =IFERROR(IF(OR(LEN($AP9)=0,$AP9=0),"",$B9),"") | AN9: =IFERROR(SMALL($AM$7:$AM$56,ROW($AN9)-ROW($AN$6)),"") -> 9 | AO9: =IFERROR(INDEX(MainTable,$B9,MATCH($AO$4,DatabaseHeaders,0),1),"") -> Accessories & Supplies | AP9: =IFERROR(IF(COUNTIF($AO$7:$AO9,$AO9)>1,"",$AO9),"") | AQ9: =IF(LEN($AN9)>0,INDEX($AP$7:$AP$56,$AN9),"") -> Computers & Accessories | AS9: =IFERROR(IF(OR(LEN($AV9)=0,$AV9=0),"",$B9),"") -> 3 | AT9: =IFERROR(SMALL($AS$7:$AS$56,ROW($AT9)-ROW($AT$6)),"") -> 7 | AU9: =IFERROR(INDEX(MainTable,$B9,MATCH($AU$4,DatabaseHeaders,0),1),"") -> Germany | AV9: =IFERROR(IF(COUNTIF($AU$7:$AU9,$AU9)>1,"",$AU9),"") -> Germany | AW9: =IF(LEN($AT9)>0,INDEX($AV$7:$AV$56,$AT9),"") -> South Korea | AY9: =IFERROR(IF(OR(LEN($BB9)=0,$BB9=0),"",$B9),"") -> 3 | AZ9: =IFERROR(SMALL($AY$7:$AY$56,ROW($AZ9)-ROW($AZ$6)),"") -> 3 | BA9: =IFERROR(INDEX(MainTable,$B9,MATCH($BA$4,DatabaseHeaders,0),1),"") -> 25 | BB9: =IFERROR(IF(COUNTIF($BA$7:$BA9,$BA9)>1,"",$BA9),"") -> 25 | BC9: =IF(LEN($AZ9)>0,INDEX($BB$7:$BB$56,$AZ9),"") -> 25 | BE9: =IFERROR(IF(OR(LEN($BH9)=0,$BH9=0),"",$B9),"") -> 3 | BF9: =IFERROR(SMALL($BE$7:$BE$56,ROW($BF9)-ROW($BF$6)),"") -> 3 | BG9: =IFERROR(INDEX(MainTable,$B9,MATCH($BG$4,DatabaseHeaders,0),1),"") -> Amy Murray | BH9: =IFERROR(IF(COUNTIF($BG$7:$BG9,$BG9)>1,"",$BG9),"") -> Amy Murray | BI9: =IF(LEN($BF9)>0,INDEX($BH$7:$BH$56,$BF9),"") -> Amy Murray | BK9: =IFERROR(IF(LEN(BK$6)=0,1,IF(OR(DynamicList!$B$10="",DynamicList!$B$10="All"),1,IF(DynamicList!$B$10=INDEX(MainTable,$B9,MATCH(BK$6,DatabaseHeaders,0)),1,0))),0) -> 1 | BL9: =IFERROR(IF(LEN(BL$6)=0,1,IF(OR(DynamicList!$B$13="",DynamicList!$B$13="All"),1,IF(DynamicList!$B$13=INDEX(MainTable,$B9,MATCH(BL$6,DatabaseHeaders,0)),1,0))),0) -> 1 | BM9: =IFERROR(IF(LEN(BM$6)=0,1,IF(OR(DynamicList!$B$16="",DynamicList!$B$16="All"),1,IF(DynamicList!$B$16=INDEX(MainTable,$B9,MATCH(BM$6,DatabaseHeaders,0)),1,0))),0) -> 1 | BN9: =IFERROR(IF(LEN(BN$6)=0,1,IF(OR(DynamicList!$B$19="",DynamicList!$B$19="All"),1,IF(DynamicList!$B$19=INDEX(MainTable,$B9,MATCH(BN$6,DatabaseHeaders,0)),1,0))),0) -> 1 | BO9: =BK9*BL9*BM9*BN9 -> 1 | BQ9: =IFERROR(IF(OR(LEN($BS9)=0,$BS9=0),"",$B9),"") -> 3 | BR9: =IFERROR(SMALL($BQ$7:$BQ$56,ROW($BR9)-ROW($BR$6)),"") -> 3 | BS9: =IF($BO9=1,$AJ9,"") -> 694775 - USB Charging Cable | BT9: =IF(LEN($BU9)>0,BT8+1,"") -> 3 | BU9: =IF(LEN($BR9)>0,INDEX($BS$7:$BS$56,$BR9),"") -> 694775 - USB Charging Cable | BW9: =IF($BX9<>"",1,"") -> 1 | BX9: =IFERROR(SMALL($AK$7:$AK$56,ROW(BX9)-ROW($BX$6)),"") -> 3 | BZ9: =IFERROR(IF(OR(LEN($CC9)=0,$CC9=0),"",$B9),"") | CA9: =IFERROR(SMALL($BZ$7:$BZ$56,ROW($CA9)-ROW($CA$6)),"") -> 9 | CB9: =IFERROR(INDEX(MainTable,$BX9,MATCH($CB$6,DatabaseHeaders,0),1),"") -> Accessories & Supplies | CC9: =IFERROR(IF(COUNTIF($CB$7:$CB9,$CB9)>1,"",$CB9),"") | CD9: =IF(LEN($CA9)>0,INDEX($CC$7:$CC$56,$CA9),"") -> Computers & Accessories | CE9: =IF(LEN($CD9)>0,1,0) -> 1 | CF9: =IFERROR(IF(LEN($CD9)=0,"",COUNTIF($CB$7:$CB$56,$CD9)),"") -> 10 | CH9: =IFERROR(IF(OR(LEN($CK9)=0,$CK9=0),"",$B9),"") | CI9: =IFERROR(SMALL($CH$7:$CH$56,ROW($CI9)-ROW($CI$6)),"") -> 4 | CJ9: =IFERROR(INDEX(MainTable,$BX9,MATCH($CJ$6,DatabaseHeaders,0),1),"") -> White | CK9: =IFERROR(IF(COUNTIF($CJ$7:$CJ9,$CJ9)>1,"",$CJ9),"") | CL9: =IF(LEN($CI9)>0,INDEX($CK$7:$CK$56,$CI9),"") -> Green | CM9: =IF(LEN($CL9)>0,1,0) -> 1 | CN9: =IFERROR(IF(LEN($CL9)=0,"",COUNTIF($CJ$7:$CJ$56,$CL9)),"") -> 4 | CP9: =IFERROR(IF(OR(LEN($CS9)=0,$CS9=0),"",$B9),"") -> 3 | CQ9: =IFERROR(SMALL($CP$7:$CP$56,ROW($CQ9)-ROW($CQ$6)),"") -> 7 | CR9: =IFERROR(INDEX(MainTable,$BX9,MATCH($CR$6,DatabaseHeaders,0),1),"") -> Germany | CS9: =IFERROR(IF(COUNTIF($CR$7:$CR9,$CR9)>1,"",$CR9),"") -> Germany | CT9: =IF(LEN($CQ9)>0,INDEX($CS$7:$CS$56,$CQ9),"") -> South Korea | CU9: =IF(LEN($CT9)>0,1,0) -> 1 | CV9: =IFERROR(IF(LEN($CT9)=0,"",COUNTIF($CR$7:$CR$56,$CT9)),"") -> 7 | CX9: =IFERROR(IF(OR(LEN($DA9)=0,$DA9=0),"",$B9),"") -> 3 | CY9: =IFERROR(SMALL($CX$7:$CX$56,ROW($CY9)-ROW($CY$6)),"") -> 3 | CZ9: =IFERROR(INDEX(MainTable,$BX9,MATCH($CZ$6,DatabaseHeaders,0),1),"") -> Amy Murray | DA9: =IFERROR(IF(COUNTIF($CZ$7:$CZ9,$CZ9)>1,"",$CZ9),"") -> Amy Murray | DB9: =IF(LEN($CY9)>0,INDEX($DA$7:$DA$56,$CY9),"") -> Amy Murray | DC9: =IF(LEN($DB9)>0,1,0) -> 1 | DD9: =IFERROR(IF(LEN($DB9)=0,"",COUNTIF($CZ$7:$CZ$56,$DB9)),"") -> 4 | DF9: 3rd Chart Title | DG9: ="Count by - " & Dashboard!$E$7 -> Count by - Origin | DI9: =IF(LEN(Database!$C10)>0,ROW(Database!$C10),"") -> 10 | DK9: =IF(DynamicList!$D10<>"",ROW(DynamicList!$D10),"") -> 10 | DM9: =IF(LEN(DynamicList!$D10)=0,"",MATCH(DynamicList!$D10,Calc!$AJ$7:$AJ$2006,0)) -> 3 | DO9: =IF(LEN(Form!$C11)>0,ROW(Form!$C11),"")
B10: 4 | C10: =IF(OR(LEN($D10)=0,LEN($E10)=0),"Passive","Active") -> Active | D10: =IFERROR(IF(LEN(INDEX(Database!B$8:B$2007,$B10,1))=0,"",INDEX(Database!B$8:B$2007,$B10,1)),"") -> 294194 | E10: =IFERROR(IF(LEN(INDEX(Database!C$8:C$2007,$B10,1))=0,"",INDEX(Database!C$8:C$2007,$B10,1)),"") -> Selfie Stick Tripod | F10: =IFERROR(IF($C10="Passive","",INDEX(Database!D$8:D$2007,$B10,1)),"") -> Camera & Photo | G10: =IFERROR(IF($C10="Passive","",INDEX(Database!E$8:E$2007,$B10,1)),"") -> China | H10: =IFERROR(IF($C10="Passive","",INDEX(Database!F$8:F$2007,$B10,1)),"") -> Green | I10: =IFERROR(IF($C10="Passive","",INDEX(Database!G$8:G$2007,$B10,1)),"") -> 100 | J10: =IFERROR(IF($C10="Passive","",INDEX(Database!H$8:H$2007,$B10,1)),"") -> 10 | K10: =IFERROR(IF($C10="Passive","",INDEX(Database!I$8:I$2007,$B10,1)),"") -> Joanne Paige | L10: =IFERROR(IF($C10="Passive","",INDEX(Database!J$8:J$2007,$B10,1)),"") -> joannepaige@mail.com | M10: =IFERROR(IF($C10="Passive","",INDEX(Database!K$8:K$2007,$B10,1)),"") -> 0 | ... AI10: =IFERROR(IF($C10="Passive","",INDEX(Database!AG$8:AG$2007,$B10,1)),"") -> 0 | AJ10: =IFERROR(IF(OR(LEN($D10)=0,LEN($E10)=0),"",$D10 & " - " & $E10),"") -> 294194 - Selfie Stick Tripod | AK10: =IF(AND($D10="",$E10=""),"",ROW($DP10)-ROW($DK$6)) -> 4 | AM10: =IFERROR(IF(OR(LEN($AP10)=0,$AP10=0),"",$B10),"") -> 4 | AN10: =IFERROR(SMALL($AM$7:$AM$56,ROW($AN10)-ROW($AN$6)),"") -> 19 | AO10: =IFERROR(INDEX(MainTable,$B10,MATCH($AO$4,DatabaseHeaders,0),1),"") -> Camera & Photo | AP10: =IFERROR(IF(COUNTIF($AO$7:$AO10,$AO10)>1,"",$AO10),"") -> Camera & Photo | AQ10: =IF(LEN($AN10)>0,INDEX($AP$7:$AP$56,$AN10),"") -> Wearable Technology | AS10: =IFERROR(IF(OR(LEN($AV10)=0,$AV10=0),"",$B10),"") | AT10: =IFERROR(SMALL($AS$7:$AS$56,ROW($AT10)-ROW($AT$6)),"") -> 9 | AU10: =IFERROR(INDEX(MainTable,$B10,MATCH($AU$4,DatabaseHeaders,0),1),"") -> China | AV10: =IFERROR(IF(COUNTIF($AU$7:$AU10,$AU10)>1,"",$AU10),"") | AW10: =IF(LEN($AT10)>0,INDEX($AV$7:$AV$56,$AT10),"") -> United States | AY10: =IFERROR(IF(OR(LEN($BB10)=0,$BB10=0),"",$B10),"") -> 4 | AZ10: =IFERROR(SMALL($AY$7:$AY$56,ROW($AZ10)-ROW($AZ$6)),"") -> 4 | BA10: =IFERROR(INDEX(MainTable,$B10,MATCH($BA$4,DatabaseHeaders,0),1),"") -> 100 | BB10: =IFERROR(IF(COUNTIF($BA$7:$BA10,$BA10)>1,"",$BA10),"") -> 100 | BC10: =IF(LEN($AZ10)>0,INDEX($BB$7:$BB$56,$AZ10),"") -> 100 | BE10: =IFERROR(IF(OR(LEN($BH10)=0,$BH10=0),"",$B10),"") -> 4 | BF10: =IFERROR(SMALL($BE$7:$BE$56,ROW($BF10)-ROW($BF$6)),"") -> 4 | BG10: =IFERROR(INDEX(MainTable,$B10,MATCH($BG$4,DatabaseHeaders,0),1),"") -> Joanne Paige | BH10: =IFERROR(IF(COUNTIF($BG$7:$BG10,$BG10)>1,"",$BG10),"") -> Joanne Paige | BI10: =IF(LEN($BF10)>0,INDEX($BH$7:$BH$56,$BF10),"") -> Joanne Paige | BK10: =IFERROR(IF(LEN(BK$6)=0,1,IF(OR(DynamicList!$B$10="",DynamicList!$B$10="All"),1,IF(DynamicList!$B$10=INDEX(MainTable,$B10,MATCH(BK$6,DatabaseHeaders,0)),1,0))),0) -> 1 | BL10: =IFERROR(IF(LEN(BL$6)=0,1,IF(OR(DynamicList!$B$13="",DynamicList!$B$13="All"),1,IF(DynamicList!$B$13=INDEX(MainTable,$B10,MATCH(BL$6,DatabaseHeaders,0)),1,0))),0) -> 1 | BM10: =IFERROR(IF(LEN(BM$6)=0,1,IF(OR(DynamicList!$B$16="",DynamicList!$B$16="All"),1,IF(DynamicList!$B$16=INDEX(MainTable,$B10,MATCH(BM$6,DatabaseHeaders,0)),1,0))),0) -> 1 | BN10: =IFERROR(IF(LEN(BN$6)=0,1,IF(OR(DynamicList!$B$19="",DynamicList!$B$19="All"),1,IF(DynamicList!$B$19=INDEX(MainTable,$B10,MATCH(BN$6,DatabaseHeaders,0)),1,0))),0) -> 1 | BO10: =BK10*BL10*BM10*BN10 -> 1 | BQ10: =IFERROR(IF(OR(LEN($BS10)=0,$BS10=0),"",$B10),"") -> 4 | BR10: =IFERROR(SMALL($BQ$7:$BQ$56,ROW($BR10)-ROW($BR$6)),"") -> 4 | BS10: =IF($BO10=1,$AJ10,"") -> 294194 - Selfie Stick Tripod | BT10: =IF(LEN($BU10)>0,BT9+1,"") -> 4 | BU10: =IF(LEN($BR10)>0,INDEX($BS$7:$BS$56,$BR10),"") -> 294194 - Selfie Stick Tripod | BW10: =IF($BX10<>"",1,"") -> 1 | BX10: =IFERROR(SMALL($AK$7:$AK$56,ROW(BX10)-ROW($BX$6)),"") -> 4 | BZ10: =IFERROR(IF(OR(LEN($CC10)=0,$CC10=0),"",$B10),"") -> 4 | CA10: =IFERROR(SMALL($BZ$7:$BZ$56,ROW($CA10)-ROW($CA$6)),"") -> 19 | CB10: =IFERROR(INDEX(MainTable,$BX10,MATCH($CB$6,DatabaseHeaders,0),1),"") -> Camera & Photo | CC10: =IFERROR(IF(COUNTIF($CB$7:$CB10,$CB10)>1,"",$CB10),"") -> Camera & Photo | CD10: =IF(LEN($CA10)>0,INDEX($CC$7:$CC$56,$CA10),"") -> Wearable Technology | CE10: =IF(LEN($CD10)>0,1,0) -> 1 | CF10: =IFERROR(IF(LEN($CD10)=0,"",COUNTIF($CB$7:$CB$56,$CD10)),"") -> 4 | CH10: =IFERROR(IF(OR(LEN($CK10)=0,$CK10=0),"",$B10),"") -> 4 | CI10: =IFERROR(SMALL($CH$7:$CH$56,ROW($CI10)-ROW($CI$6)),"") -> 5 | CJ10: =IFERROR(INDEX(MainTable,$BX10,MATCH($CJ$6,DatabaseHeaders,0),1),"") -> Green | CK10: =IFERROR(IF(COUNTIF($CJ$7:$CJ10,$CJ10)>1,"",$CJ10),"") -> Green | CL10: =IF(LEN($CI10)>0,INDEX($CK$7:$CK$56,$CI10),"") -> Gray | CM10: =IF(LEN($CL10)>0,1,0) -> 1 | CN10: =IFERROR(IF(LEN($CL10)=0,"",COUNTIF($CJ$7:$CJ$56,$CL10)),"") -> 1 | CP10: =IFERROR(IF(OR(LEN($CS10)=0,$CS10=0),"",$B10),"") | CQ10: =IFERROR(SMALL($CP$7:$CP$56,ROW($CQ10)-ROW($CQ$6)),"") -> 9 | CR10: =IFERROR(INDEX(MainTable,$BX10,MATCH($CR$6,DatabaseHeaders,0),1),"") -> China | CS10: =IFERROR(IF(COUNTIF($CR$7:$CR10,$CR10)>1,"",$CR10),"") | CT10: =IF(LEN($CQ10)>0,INDEX($CS$7:$CS$56,$CQ10),"") -> United States | CU10: =IF(LEN($CT10)>0,1,0) -> 1 | CV10: =IFERROR(IF(LEN($CT10)=0,"",COUNTIF($CR$7:$CR$56,$CT10)),"") -> 7 | CX10: =IFERROR(IF(OR(LEN($DA10)=0,$DA10=0),"",$B10),"") -> 4 | CY10: =IFERROR(SMALL($CX$7:$CX$56,ROW($CY10)-ROW($CY$6)),"") -> 4 | CZ10: =IFERROR(INDEX(MainTable,$BX10,MATCH($CZ$6,DatabaseHeaders,0),1),"") -> Joanne Paige | DA10: =IFERROR(IF(COUNTIF($CZ$7:$CZ10,$CZ10)>1,"",$CZ10),"") -> Joanne Paige | DB10: =IF(LEN($CY10)>0,INDEX($DA$7:$DA$56,$CY10),"") -> Joanne Paige | DC10: =IF(LEN($DB10)>0,1,0) -> 1 | DD10: =IFERROR(IF(LEN($DB10)=0,"",COUNTIF($CZ$7:$CZ$56,$DB10)),"") -> 4 | DF10: 4th Chart Title | DG10: ="Count by - " & Dashboard!$C$10 -> Count by - Responsible Person | DI10: =IF(LEN(Database!$C11)>0,ROW(Database!$C11),"") -> 11 | DK10: =IF(DynamicList!$D11<>"",ROW(DynamicList!$D11),"") -> 11 | DM10: =IF(LEN(DynamicList!$D11)=0,"",MATCH(DynamicList!$D11,Calc!$AJ$7:$AJ$2006,0)) -> 4 | DO10: =IF(LEN(Form!$C12)>0,ROW(Form!$C12),"") -> 12 | DQ10: DATABASE
B11: 5 | C11: =IF(OR(LEN($D11)=0,LEN($E11)=0),"Passive","Active") -> Active | D11: =IFERROR(IF(LEN(INDEX(Database!B$8:B$2007,$B11,1))=0,"",INDEX(Database!B$8:B$2007,$B11,1)),"") -> 544617 | E11: =IFERROR(IF(LEN(INDEX(Database!C$8:C$2007,$B11,1))=0,"",INDEX(Database!C$8:C$2007,$B11,1)),"") -> MicroSD Card | F11: =IFERROR(IF($C11="Passive","",INDEX(Database!D$8:D$2007,$B11,1)),"") -> Camera & Photo | G11: =IFERROR(IF($C11="Passive","",INDEX(Database!E$8:E$2007,$B11,1)),"") -> Germany | H11: =IFERROR(IF($C11="Passive","",INDEX(Database!F$8:F$2007,$B11,1)),"") -> Gray | I11: =IFERROR(IF($C11="Passive","",INDEX(Database!G$8:G$2007,$B11,1)),"") -> 20 | J11: =IFERROR(IF($C11="Passive","",INDEX(Database!H$8:H$2007,$B11,1)),"") -> 35 | K11: =IFERROR(IF($C11="Passive","",INDEX(Database!I$8:I$2007,$B11,1)),"") -> Anne North | L11: =IFERROR(IF($C11="Passive","",INDEX(Database!J$8:J$2007,$B11,1)),"") -> annenorth@mail.com | M11: =IFERROR(IF($C11="Passive","",INDEX(Database!K$8:K$2007,$B11,1)),"") -> 0 | ... AI11: =IFERROR(IF($C11="Passive","",INDEX(Database!AG$8:AG$2007,$B11,1)),"") -> 0 | AJ11: =IFERROR(IF(OR(LEN($D11)=0,LEN($E11)=0),"",$D11 & " - " & $E11),"") -> 544617 - MicroSD Card | AK11: =IF(AND($D11="",$E11=""),"",ROW($DP11)-ROW($DK$6)) -> 5 | AM11: =IFERROR(IF(OR(LEN($AP11)=0,$AP11=0),"",$B11),"") | AN11: =IFERROR(SMALL($AM$7:$AM$56,ROW($AN11)-ROW($AN$6)),"") -> 23 | AO11: =IFERROR(INDEX(MainTable,$B11,MATCH($AO$4,DatabaseHeaders,0),1),"") -> Camera & Photo | AP11: =IFERROR(IF(COUNTIF($AO$7:$AO11,$AO11)>1,"",$AO11),"") | AQ11: =IF(LEN($AN11)>0,INDEX($AP$7:$AP$56,$AN11),"") -> Video Game Consoles | AS11: =IFERROR(IF(OR(LEN($AV11)=0,$AV11=0),"",$B11),"") | AT11: =IFERROR(SMALL($AS$7:$AS$56,ROW($AT11)-ROW($AT$6)),"") -> 22 | AU11: =IFERROR(INDEX(MainTable,$B11,MATCH($AU$4,DatabaseHeaders,0),1),"") -> Germany | AV11: =IFERROR(IF(COUNTIF($AU$7:$AU11,$AU11)>1,"",$AU11),"") | AW11: =IF(LEN($AT11)>0,INDEX($AV$7:$AV$56,$AT11),"") -> Japan | AY11: =IFERROR(IF(OR(LEN($BB11)=0,$BB11=0),"",$B11),"") -> 5 | AZ11: =IFERROR(SMALL($AY$7:$AY$56,ROW($AZ11)-ROW($AZ$6)),"") -> 5 | BA11: =IFERROR(INDEX(MainTable,$B11,MATCH($BA$4,DatabaseHeaders,0),1),"") -> 20 | BB11: =IFERROR(IF(COUNTIF($BA$7:$BA11,$BA11)>1,"",$BA11),"") -> 20 | BC11: =IF(LEN($AZ11)>0,INDEX($BB$7:$BB$56,$AZ11),"") -> 20 | BE11: =IFERROR(IF(OR(LEN($BH11)=0,$BH11=0),"",$B11),"") -> 5 | BF11: =IFERROR(SMALL($BE$7:$BE$56,ROW($BF11)-ROW($BF$6)),"") -> 5 | BG11: =IFERROR(INDEX(MainTable,$B11,MATCH($BG$4,DatabaseHeaders,0),1),"") -> Anne North | BH11: =IFERROR(IF(COUNTIF($BG$7:$BG11,$BG11)>1,"",$BG11),"") -> Anne North | BI11: =IF(LEN($BF11)>0,INDEX($BH$7:$BH$56,$BF11),"") -> Anne North | BK11: =IFERROR(IF(LEN(BK$6)=0,1,IF(OR(DynamicList!$B$10="",DynamicList!$B$10="All"),1,IF(DynamicList!$B$10=INDEX(MainTable,$B11,MATCH(BK$6,DatabaseHeaders,0)),1,0))),0) -> 1 | BL11: =IFERROR(IF(LEN(BL$6)=0,1,IF(OR(DynamicList!$B$13="",DynamicList!$B$13="All"),1,IF(DynamicList!$B$13=INDEX(MainTable,$B11,MATCH(BL$6,DatabaseHeaders,0)),1,0))),0) -> 1 | BM11: =IFERROR(IF(LEN(BM$6)=0,1,IF(OR(DynamicList!$B$16="",DynamicList!$B$16="All"),1,IF(DynamicList!$B$16=INDEX(MainTable,$B11,MATCH(BM$6,DatabaseHeaders,0)),1,0))),0) -> 1 | BN11: =IFERROR(IF(LEN(BN$6)=0,1,IF(OR(DynamicList!$B$19="",DynamicList!$B$19="All"),1,IF(DynamicList!$B$19=INDEX(MainTable,$B11,MATCH(BN$6,DatabaseHeaders,0)),1,0))),0) -> 1 | BO11: =BK11*BL11*BM11*BN11 -> 1 | BQ11: =IFERROR(IF(OR(LEN($BS11)=0,$BS11=0),"",$B11),"") -> 5 | BR11: =IFERROR(SMALL($BQ$7:$BQ$56,ROW($BR11)-ROW($BR$6)),"") -> 5 | BS11: =IF($BO11=1,$AJ11,"") -> 544617 - MicroSD Card | BT11: =IF(LEN($BU11)>0,BT10+1,"") -> 5 | BU11: =IF(LEN($BR11)>0,INDEX($BS$7:$BS$56,$BR11),"") -> 544617 - MicroSD Card | BW11: =IF($BX11<>"",1,"") -> 1 | BX11: =IFERROR(SMALL($AK$7:$AK$56,ROW(BX11)-ROW($BX$6)),"") -> 5 | BZ11: =IFERROR(IF(OR(LEN($CC11)=0,$CC11=0),"",$B11),"") | CA11: =IFERROR(SMALL($BZ$7:$BZ$56,ROW($CA11)-ROW($CA$6)),"") -> 23 | CB11: =IFERROR(INDEX(MainTable,$BX11,MATCH($CB$6,DatabaseHeaders,0),1),"") -> Camera & Photo | CC11: =IFERROR(IF(COUNTIF($CB$7:$CB11,$CB11)>1,"",$CB11),"") | CD11: =IF(LEN($CA11)>0,INDEX($CC$7:$CC$56,$CA11),"") -> Video Game Consoles | CE11: =IF(LEN($CD11)>0,1,0) -> 1 | CF11: =IFERROR(IF(LEN($CD11)=0,"",COUNTIF($CB$7:$CB$56,$CD11)),"") -> 2 | CH11: =IFERROR(IF(OR(LEN($CK11)=0,$CK11=0),"",$B11),"") -> 5 | CI11: =IFERROR(SMALL($CH$7:$CH$56,ROW($CI11)-ROW($CI$6)),"") -> 6 | CJ11: =IFERROR(INDEX(MainTable,$BX11,MATCH($CJ$6,DatabaseHeaders,0),1),"") -> Gray | CK11: =IFERROR(IF(COUNTIF($CJ$7:$CJ11,$CJ11)>1,"",$CJ11),"") -> Gray | CL11: =IF(LEN($CI11)>0,INDEX($CK$7:$CK$56,$CI11),"") -> Yellow | CM11: =IF(LEN($CL11)>0,1,0) -> 1 | CN11: =IFERROR(IF(LEN($CL11)=0,"",COUNTIF($CJ$7:$CJ$56,$CL11)),"") -> 3 | CP11: =IFERROR(IF(OR(LEN($CS11)=0,$CS11=0),"",$B11),"") | CQ11: =IFERROR(SMALL($CP$7:$CP$56,ROW($CQ11)-ROW($CQ$6)),"") -> 22 | CR11: =IFERROR(INDEX(MainTable,$BX11,MATCH($CR$6,DatabaseHeaders,0),1),"") -> Germany | CS11: =IFERROR(IF(COUNTIF($CR$7:$CR11,$CR11)>1,"",$CR11),"") | CT11: =IF(LEN($CQ11)>0,INDEX($CS$7:$CS$56,$CQ11),"") -> Japan | CU11: =IF(LEN($CT11)>0,1,0) -> 1 | CV11: =IFERROR(IF(LEN($CT11)=0,"",COUNTIF($CR$7:$CR$56,$CT11)),"") -> 2 | CX11: =IFERROR(IF(OR(LEN($DA11)=0,$DA11=0),"",$B11),"") -> 5 | CY11: =IFERROR(SMALL($CX$7:$CX$56,ROW($CY11)-ROW($CY$6)),"") -> 5 | CZ11: =IFERROR(INDEX(MainTable,$BX11,MATCH($CZ$6,DatabaseHeaders,0),1),"") -> Anne North | DA11: =IFERROR(IF(COUNTIF($CZ$7:$CZ11,$CZ11)>1,"",$CZ11),"") -> Anne North | DB11: =IF(LEN($CY11)>0,INDEX($DA$7:$DA$56,$CY11),"") -> Anne North | DC11: =IF(LEN($DB11)>0,1,0) -> 1 | DD11: =IFERROR(IF(LEN($DB11)=0,"",COUNTIF($CZ$7:$CZ$56,$DB11)),"") -> 4 | DI11: =IF(LEN(Database!$C12)>0,ROW(Database!$C12),"") -> 12 | DK11: =IF(DynamicList!$D12<>"",ROW(DynamicList!$D12),"") -> 12 | DM11: =IF(LEN(DynamicList!$D12)=0,"",MATCH(DynamicList!$D12,Calc!$AJ$7:$AJ$2006,0)) -> 5 | DO11: =IF(LEN(Form!$C13)>0,ROW(Form!$C13),"") | DQ11: Column Number | DR11: =IFERROR(IF(LEN(Database!B$7)>0,COLUMN(Database!B$7),""),"") -> 2 | DS11: =IFERROR(IF(LEN(Database!C$7)>0,COLUMN(Database!C$7),""),"") -> 3 | DT11: =IFERROR(IF(LEN(Database!D$7)>0,COLUMN(Database!D$7),""),"") -> 4 | DU11: =IFERROR(IF(LEN(Database!E$7)>0,COLUMN(Database!E$7),""),"") -> 5 | DV11: =IFERROR(IF(LEN(Database!F$7)>0,COLUMN(Database!F$7),""),"") -> 6 | DW11: =IFERROR(IF(LEN(Database!G$7)>0,COLUMN(Database!G$7),""),"") -> 7 | DX11: =IFERROR(IF(LEN(Database!H$7)>0,COLUMN(Database!H$7),""),"") -> 8 | DY11: =IFERROR(IF(LEN(Database!I$7)>0,COLUMN(Database!I$7),""),"") -> 9 | ... EW11: =IFERROR(IF(LEN(Database!AG$7)>0,COLUMN(Database!AG$7),""),"")
B12: 6 | C12: =IF(OR(LEN($D12)=0,LEN($E12)=0),"Passive","Active") -> Active | D12: =IFERROR(IF(LEN(INDEX(Database!B$8:B$2007,$B12,1))=0,"",INDEX(Database!B$8:B$2007,$B12,1)),"") -> 597949 | E12: =IFERROR(IF(LEN(INDEX(Database!C$8:C$2007,$B12,1))=0,"",INDEX(Database!C$8:C$2007,$B12,1)),"") -> HDMI Cable | F12: =IFERROR(IF($C12="Passive","",INDEX(Database!D$8:D$2007,$B12,1)),"") -> Camera & Photo | G12: =IFERROR(IF($C12="Passive","",INDEX(Database!E$8:E$2007,$B12,1)),"") -> China | H12: =IFERROR(IF($C12="Passive","",INDEX(Database!F$8:F$2007,$B12,1)),"") -> Yellow | I12: =IFERROR(IF($C12="Passive","",INDEX(Database!G$8:G$2007,$B12,1)),"") -> 65 | J12: =IFERROR(IF($C12="Passive","",INDEX(Database!H$8:H$2007,$B12,1)),"") -> 25 | K12: =IFERROR(IF($C12="Passive","",INDEX(Database!I$8:I$2007,$B12,1)),"") -> Joan Oliver | L12: =IFERROR(IF($C12="Passive","",INDEX(Database!J$8:J$2007,$B12,1)),"") -> joanoliver@mail.com | M12: =IFERROR(IF($C12="Passive","",INDEX(Database!K$8:K$2007,$B12,1)),"") -> 0 | ... AI12: =IFERROR(IF($C12="Passive","",INDEX(Database!AG$8:AG$2007,$B12,1)),"") -> 0 | AJ12: =IFERROR(IF(OR(LEN($D12)=0,LEN($E12)=0),"",$D12 & " - " & $E12),"") -> 597949 - HDMI Cable | AK12: =IF(AND($D12="",$E12=""),"",ROW($DP12)-ROW($DK$6)) -> 6 | AM12: =IFERROR(IF(OR(LEN($AP12)=0,$AP12=0),"",$B12),"") | AN12: =IFERROR(SMALL($AM$7:$AM$56,ROW($AN12)-ROW($AN$6)),"") -> 25 | AO12: =IFERROR(INDEX(MainTable,$B12,MATCH($AO$4,DatabaseHeaders,0),1),"") -> Camera & Photo | AP12: =IFERROR(IF(COUNTIF($AO$7:$AO12,$AO12)>1,"",$AO12),"") | AQ12: =IF(LEN($AN12)>0,INDEX($AP$7:$AP$56,$AN12),"") -> eBook Readers | AS12: =IFERROR(IF(OR(LEN($AV12)=0,$AV12=0),"",$B12),"") | AT12: =IFERROR(SMALL($AS$7:$AS$56,ROW($AT12)-ROW($AT$6)),"") | AU12: =IFERROR(INDEX(MainTable,$B12,MATCH($AU$4,DatabaseHeaders,0),1),"") -> China | AV12: =IFERROR(IF(COUNTIF($AU$7:$AU12,$AU12)>1,"",$AU12),"") | AW12: =IF(LEN($AT12)>0,INDEX($AV$7:$AV$56,$AT12),"") | AY12: =IFERROR(IF(OR(LEN($BB12)=0,$BB12=0),"",$B12),"") -> 6 | AZ12: =IFERROR(SMALL($AY$7:$AY$56,ROW($AZ12)-ROW($AZ$6)),"") -> 6 | BA12: =IFERROR(INDEX(MainTable,$B12,MATCH($BA$4,DatabaseHeaders,0),1),"") -> 65 | BB12: =IFERROR(IF(COUNTIF($BA$7:$BA12,$BA12)>1,"",$BA12),"") -> 65 | BC12: =IF(LEN($AZ12)>0,INDEX($BB$7:$BB$56,$AZ12),"") -> 65 | BE12: =IFERROR(IF(OR(LEN($BH12)=0,$BH12=0),"",$B12),"") -> 6 | BF12: =IFERROR(SMALL($BE$7:$BE$56,ROW($BF12)-ROW($BF$6)),"") -> 6 | BG12: =IFERROR(INDEX(MainTable,$B12,MATCH($BG$4,DatabaseHeaders,0),1),"") -> Joan Oliver | BH12: =IFERROR(IF(COUNTIF($BG$7:$BG12,$BG12)>1,"",$BG12),"") -> Joan Oliver | BI12: =IF(LEN($BF12)>0,INDEX($BH$7:$BH$56,$BF12),"") -> Joan Oliver | BK12: =IFERROR(IF(LEN(BK$6)=0,1,IF(OR(DynamicList!$B$10="",DynamicList!$B$10="All"),1,IF(DynamicList!$B$10=INDEX(MainTable,$B12,MATCH(BK$6,DatabaseHeaders,0)),1,0))),0) -> 1 | BL12: =IFERROR(IF(LEN(BL$6)=0,1,IF(OR(DynamicList!$B$13="",DynamicList!$B$13="All"),1,IF(DynamicList!$B$13=INDEX(MainTable,$B12,MATCH(BL$6,DatabaseHeaders,0)),1,0))),0) -> 1 | BM12: =IFERROR(IF(LEN(BM$6)=0,1,IF(OR(DynamicList!$B$16="",DynamicList!$B$16="All"),1,IF(DynamicList!$B$16=INDEX(MainTable,$B12,MATCH(BM$6,DatabaseHeaders,0)),1,0))),0) -> 1 | BN12: =IFERROR(IF(LEN(BN$6)=0,1,IF(OR(DynamicList!$B$19="",DynamicList!$B$19="All"),1,IF(DynamicList!$B$19=INDEX(MainTable,$B12,MATCH(BN$6,DatabaseHeaders,0)),1,0))),0) -> 1 | BO12: =BK12*BL12*BM12*BN12 -> 1 | BQ12: =IFERROR(IF(OR(LEN($BS12)=0,$BS12=0),"",$B12),"") -> 6 | BR12: =IFERROR(SMALL($BQ$7:$BQ$56,ROW($BR12)-ROW($BR$6)),"") -> 6 | BS12: =IF($BO12=1,$AJ12,"") -> 597949 - HDMI Cable | BT12: =IF(LEN($BU12)>0,BT11+1,"") -> 6 | BU12: =IF(LEN($BR12)>0,INDEX($BS$7:$BS$56,$BR12),"") -> 597949 - HDMI Cable | BW12: =IF($BX12<>"",1,"") -> 1 | BX12: =IFERROR(SMALL($AK$7:$AK$56,ROW(BX12)-ROW($BX$6)),"") -> 6 | BZ12: =IFERROR(IF(OR(LEN($CC12)=0,$CC12=0),"",$B12),"") | CA12: =IFERROR(SMALL($BZ$7:$BZ$56,ROW($CA12)-ROW($CA$6)),"") -> 25 | CB12: =IFERROR(INDEX(MainTable,$BX12,MATCH($CB$6,DatabaseHeaders,0),1),"") -> Camera & Photo | CC12: =IFERROR(IF(COUNTIF($CB$7:$CB12,$CB12)>1,"",$CB12),"") | CD12: =IF(LEN($CA12)>0,INDEX($CC$7:$CC$56,$CA12),"") -> eBook Readers | CE12: =IF(LEN($CD12)>0,1,0) -> 1 | CF12: =IFERROR(IF(LEN($CD12)=0,"",COUNTIF($CB$7:$CB$56,$CD12)),"") -> 2 | CH12: =IFERROR(IF(OR(LEN($CK12)=0,$CK12=0),"",$B12),"") -> 6 | CI12: =IFERROR(SMALL($CH$7:$CH$56,ROW($CI12)-ROW($CI$6)),"") -> 10 | CJ12: =IFERROR(INDEX(MainTable,$BX12,MATCH($CJ$6,DatabaseHeaders,0),1),"") -> Yellow | CK12: =IFERROR(IF(COUNTIF($CJ$7:$CJ12,$CJ12)>1,"",$CJ12),"") -> Yellow | CL12: =IF(LEN($CI12)>0,INDEX($CK$7:$CK$56,$CI12),"") -> Red | CM12: =IF(LEN($CL12)>0,1,0) -> 1 | CN12: =IFERROR(IF(LEN($CL12)=0,"",COUNTIF($CJ$7:$CJ$56,$CL12)),"") -> 1 | CP12: =IFERROR(IF(OR(LEN($CS12)=0,$CS12=0),"",$B12),"") | CQ12: =IFERROR(SMALL($CP$7:$CP$56,ROW($CQ12)-ROW($CQ$6)),"") | CR12: =IFERROR(INDEX(MainTable,$BX12,MATCH($CR$6,DatabaseHeaders,0),1),"") -> China | CS12: =IFERROR(IF(COUNTIF($CR$7:$CR12,$CR12)>1,"",$CR12),"") | CT12: =IF(LEN($CQ12)>0,INDEX($CS$7:$CS$56,$CQ12),"") | CU12: =IF(LEN($CT12)>0,1,0) -> 0 | CV12: =IFERROR(IF(LEN($CT12)=0,"",COUNTIF($CR$7:$CR$56,$CT12)),"") | CX12: =IFERROR(IF(OR(LEN($DA12)=0,$DA12=0),"",$B12),"") -> 6 | CY12: =IFERROR(SMALL($CX$7:$CX$56,ROW($CY12)-ROW($CY$6)),"") -> 6 | CZ12: =IFERROR(INDEX(MainTable,$BX12,MATCH($CZ$6,DatabaseHeaders,0),1),"") -> Joan Oliver | DA12: =IFERROR(IF(COUNTIF($CZ$7:$CZ12,$CZ12)>1,"",$CZ12),"") -> Joan Oliver | DB12: =IF(LEN($CY12)>0,INDEX($DA$7:$DA$56,$CY12),"") -> Joan Oliver | DC12: =IF(LEN($DB12)>0,1,0) -> 1 | DD12: =IFERROR(IF(LEN($DB12)=0,"",COUNTIF($CZ$7:$CZ$56,$DB12)),"") -> 4 | DF12: Settings Last Column | DG12: =IF(MAX($DR$7:$EF$7)=0,1,MAX($DR$7:$EF$7)) -> 7 | DI12: =IF(LEN(Database!$C13)>0,ROW(Database!$C13),"") -> 13 | DK12: =IF(DynamicList!$D13<>"",ROW(DynamicList!$D13),"") -> 13 | DM12: =IF(LEN(DynamicList!$D13)=0,"",MATCH(DynamicList!$D13,Calc!$AJ$7:$AJ$2006,0)) -> 6 | DO12: =IF(LEN(Form!$C14)>0,ROW(Form!$C14),"") -> 14
B13: 7 | C13: =IF(OR(LEN($D13)=0,LEN($E13)=0),"Passive","Active") -> Active | D13: =IFERROR(IF(LEN(INDEX(Database!B$8:B$2007,$B13,1))=0,"",INDEX(Database!B$8:B$2007,$B13,1)),"") -> 268526 | E13: =IFERROR(IF(LEN(INDEX(Database!C$8:C$2007,$B13,1))=0,"",INDEX(Database!C$8:C$2007,$B13,1)),"") -> 35 mm Lense | F13: =IFERROR(IF($C13="Passive","",INDEX(Database!D$8:D$2007,$B13,1)),"") -> Camera & Photo | G13: =IFERROR(IF($C13="Passive","",INDEX(Database!E$8:E$2007,$B13,1)),"") -> South Korea | H13: =IFERROR(IF($C13="Passive","",INDEX(Database!F$8:F$2007,$B13,1)),"") -> Black | I13: =IFERROR(IF($C13="Passive","",INDEX(Database!G$8:G$2007,$B13,1)),"") -> 650 | J13: =IFERROR(IF($C13="Passive","",INDEX(Database!H$8:H$2007,$B13,1)),"") -> 265 | K13: =IFERROR(IF($C13="Passive","",INDEX(Database!I$8:I$2007,$B13,1)),"") -> Katherine Short | L13: =IFERROR(IF($C13="Passive","",INDEX(Database!J$8:J$2007,$B13,1)),"") -> katherineshort@mail.com | M13: =IFERROR(IF($C13="Passive","",INDEX(Database!K$8:K$2007,$B13,1)),"") -> 0 | ... AI13: =IFERROR(IF($C13="Passive","",INDEX(Database!AG$8:AG$2007,$B13,1)),"") -> 0 | AJ13: =IFERROR(IF(OR(LEN($D13)=0,LEN($E13)=0),"",$D13 & " - " & $E13),"") -> 268526 - 35 mm Lense | AK13: =IF(AND($D13="",$E13=""),"",ROW($DP13)-ROW($DK$6)) -> 7 | AM13: =IFERROR(IF(OR(LEN($AP13)=0,$AP13=0),"",$B13),"") | AN13: =IFERROR(SMALL($AM$7:$AM$56,ROW($AN13)-ROW($AN$6)),"") -> 27 | AO13: =IFERROR(INDEX(MainTable,$B13,MATCH($AO$4,DatabaseHeaders,0),1),"") -> Camera & Photo | AP13: =IFERROR(IF(COUNTIF($AO$7:$AO13,$AO13)>1,"",$AO13),"") | AQ13: =IF(LEN($AN13)>0,INDEX($AP$7:$AP$56,$AN13),"") -> GPS & Navigation | AS13: =IFERROR(IF(OR(LEN($AV13)=0,$AV13=0),"",$B13),"") -> 7 | AT13: =IFERROR(SMALL($AS$7:$AS$56,ROW($AT13)-ROW($AT$6)),"") | AU13: =IFERROR(INDEX(MainTable,$B13,MATCH($AU$4,DatabaseHeaders,0),1),"") -> South Korea | AV13: =IFERROR(IF(COUNTIF($AU$7:$AU13,$AU13)>1,"",$AU13),"") -> South Korea | AW13: =IF(LEN($AT13)>0,INDEX($AV$7:$AV$56,$AT13),"") | AY13: =IFERROR(IF(OR(LEN($BB13)=0,$BB13=0),"",$B13),"") -> 7 | AZ13: =IFERROR(SMALL($AY$7:$AY$56,ROW($AZ13)-ROW($AZ$6)),"") -> 7 | BA13: =IFERROR(INDEX(MainTable,$B13,MATCH($BA$4,DatabaseHeaders,0),1),"") -> 650 | BB13: =IFERROR(IF(COUNTIF($BA$7:$BA13,$BA13)>1,"",$BA13),"") -> 650 | BC13: =IF(LEN($AZ13)>0,INDEX($BB$7:$BB$56,$AZ13),"") -> 650 | BE13: =IFERROR(IF(OR(LEN($BH13)=0,$BH13=0),"",$B13),"") -> 7 | BF13: =IFERROR(SMALL($BE$7:$BE$56,ROW($BF13)-ROW($BF$6)),"") -> 7 | BG13: =IFERROR(INDEX(MainTable,$B13,MATCH($BG$4,DatabaseHeaders,0),1),"") -> Katherine Short | BH13: =IFERROR(IF(COUNTIF($BG$7:$BG13,$BG13)>1,"",$BG13),"") -> Katherine Short | BI13: =IF(LEN($BF13)>0,INDEX($BH$7:$BH$56,$BF13),"") -> Katherine Short | BK13: =IFERROR(IF(LEN(BK$6)=0,1,IF(OR(DynamicList!$B$10="",DynamicList!$B$10="All"),1,IF(DynamicList!$B$10=INDEX(MainTable,$B13,MATCH(BK$6,DatabaseHeaders,0)),1,0))),0) -> 1 | BL13: =IFERROR(IF(LEN(BL$6)=0,1,IF(OR(DynamicList!$B$13="",DynamicList!$B$13="All"),1,IF(DynamicList!$B$13=INDEX(MainTable,$B13,MATCH(BL$6,DatabaseHeaders,0)),1,0))),0) -> 1 | BM13: =IFERROR(IF(LEN(BM$6)=0,1,IF(OR(DynamicList!$B$16="",DynamicList!$B$16="All"),1,IF(DynamicList!$B$16=INDEX(MainTable,$B13,MATCH(BM$6,DatabaseHeaders,0)),1,0))),0) -> 1 | BN13: =IFERROR(IF(LEN(BN$6)=0,1,IF(OR(DynamicList!$B$19="",DynamicList!$B$19="All"),1,IF(DynamicList!$B$19=INDEX(MainTable,$B13,MATCH(BN$6,DatabaseHeaders,0)),1,0))),0) -> 1 | BO13: =BK13*BL13*BM13*BN13 -> 1 | BQ13: =IFERROR(IF(OR(LEN($BS13)=0,$BS13=0),"",$B13),"") -> 7 | BR13: =IFERROR(SMALL($BQ$7:$BQ$56,ROW($BR13)-ROW($BR$6)),"") -> 7 | BS13: =IF($BO13=1,$AJ13,"") -> 268526 - 35 mm Lense | BT13: =IF(LEN($BU13)>0,BT12+1,"") -> 7 | BU13: =IF(LEN($BR13)>0,INDEX($BS$7:$BS$56,$BR13),"") -> 268526 - 35 mm Lense | BW13: =IF($BX13<>"",1,"") -> 1 | BX13: =IFERROR(SMALL($AK$7:$AK$56,ROW(BX13)-ROW($BX$6)),"") -> 7 | BZ13: =IFERROR(IF(OR(LEN($CC13)=0,$CC13=0),"",$B13),"") | CA13: =IFERROR(SMALL($BZ$7:$BZ$56,ROW($CA13)-ROW($CA$6)),"") -> 27 | CB13: =IFERROR(INDEX(MainTable,$BX13,MATCH($CB$6,DatabaseHeaders,0),1),"") -> Camera & Photo | CC13: =IFERROR(IF(COUNTIF($CB$7:$CB13,$CB13)>1,"",$CB13),"") | CD13: =IF(LEN($CA13)>0,INDEX($CC$7:$CC$56,$CA13),"") -> GPS & Navigation | CE13: =IF(LEN($CD13)>0,1,0) -> 1 | CF13: =IFERROR(IF(LEN($CD13)=0,"",COUNTIF($CB$7:$CB$56,$CD13)),"") -> 2 | CH13: =IFERROR(IF(OR(LEN($CK13)=0,$CK13=0),"",$B13),"") | CI13: =IFERROR(SMALL($CH$7:$CH$56,ROW($CI13)-ROW($CI$6)),"") -> 23 | CJ13: =IFERROR(INDEX(MainTable,$BX13,MATCH($CJ$6,DatabaseHeaders,0),1),"") -> Black | CK13: =IFERROR(IF(COUNTIF($CJ$7:$CJ13,$CJ13)>1,"",$CJ13),"") | CL13: =IF(LEN($CI13)>0,INDEX($CK$7:$CK$56,$CI13),"") -> Orange | CM13: =IF(LEN($CL13)>0,1,0) -> 1 | CN13: =IFERROR(IF(LEN($CL13)=0,"",COUNTIF($CJ$7:$CJ$56,$CL13)),"") -> 1 | CP13: =IFERROR(IF(OR(LEN($CS13)=0,$CS13=0),"",$B13),"") -> 7 | CQ13: =IFERROR(SMALL($CP$7:$CP$56,ROW($CQ13)-ROW($CQ$6)),"") | CR13: =IFERROR(INDEX(MainTable,$BX13,MATCH($CR$6,DatabaseHeaders,0),1),"") -> South Korea | CS13: =IFERROR(IF(COUNTIF($CR$7:$CR13,$CR13)>1,"",$CR13),"") -> South Korea | CT13: =IF(LEN($CQ13)>0,INDEX($CS$7:$CS$56,$CQ13),"") | CU13: =IF(LEN($CT13)>0,1,0) -> 0 | CV13: =IFERROR(IF(LEN($CT13)=0,"",COUNTIF($CR$7:$CR$56,$CT13)),"") | CX13: =IFERROR(IF(OR(LEN($DA13)=0,$DA13=0),"",$B13),"") -> 7 | CY13: =IFERROR(SMALL($CX$7:$CX$56,ROW($CY13)-ROW($CY$6)),"") -> 7 | CZ13: =IFERROR(INDEX(MainTable,$BX13,MATCH($CZ$6,DatabaseHeaders,0),1),"") -> Katherine Short | DA13: =IFERROR(IF(COUNTIF($CZ$7:$CZ13,$CZ13)>1,"",$CZ13),"") -> Katherine Short | DB13: =IF(LEN($CY13)>0,INDEX($DA$7:$DA$56,$CY13),"") -> Katherine Short | DC13: =IF(LEN($DB13)>0,1,0) -> 1 | DD13: =IFERROR(IF(LEN($DB13)=0,"",COUNTIF($CZ$7:$CZ$56,$DB13)),"") -> 3 | DI13: =IF(LEN(Database!$C14)>0,ROW(Database!$C14),"") -> 14 | DK13: =IF(DynamicList!$D14<>"",ROW(DynamicList!$D14),"") -> 14 | DM13: =IF(LEN(DynamicList!$D14)=0,"",MATCH(DynamicList!$D14,Calc!$AJ$7:$AJ$2006,0)) -> 7 | DO13: =IF(LEN(Form!$C15)>0,ROW(Form!$C15),"") -> 15 | DQ13: DYNAMIC LIST
B14: 8 | C14: =IF(OR(LEN($D14)=0,LEN($E14)=0),"Passive","Active") -> Active | D14: =IFERROR(IF(LEN(INDEX(Database!B$8:B$2007,$B14,1))=0,"",INDEX(Database!B$8:B$2007,$B14,1)),"") -> 759238 | E14: =IFERROR(IF(LEN(INDEX(Database!C$8:C$2007,$B14,1))=0,"",INDEX(Database!C$8:C$2007,$B14,1)),"") -> Light Stand | F14: =IFERROR(IF($C14="Passive","",INDEX(Database!D$8:D$2007,$B14,1)),"") -> Camera & Photo | G14: =IFERROR(IF($C14="Passive","",INDEX(Database!E$8:E$2007,$B14,1)),"") -> China | H14: =IFERROR(IF($C14="Passive","",INDEX(Database!F$8:F$2007,$B14,1)),"") -> Black | I14: =IFERROR(IF($C14="Passive","",INDEX(Database!G$8:G$2007,$B14,1)),"") -> 145 | J14: =IFERROR(IF($C14="Passive","",INDEX(Database!H$8:H$2007,$B14,1)),"") -> 350 | K14: =IFERROR(IF($C14="Passive","",INDEX(Database!I$8:I$2007,$B14,1)),"") -> Jessica Ogden | L14: =IFERROR(IF($C14="Passive","",INDEX(Database!J$8:J$2007,$B14,1)),"") -> jessicaogden@mail.com | M14: =IFERROR(IF($C14="Passive","",INDEX(Database!K$8:K$2007,$B14,1)),"") -> 0 | ... AI14: =IFERROR(IF($C14="Passive","",INDEX(Database!AG$8:AG$2007,$B14,1)),"") -> 0 | AJ14: =IFERROR(IF(OR(LEN($D14)=0,LEN($E14)=0),"",$D14 & " - " & $E14),"") -> 759238 - Light Stand | AK14: =IF(AND($D14="",$E14=""),"",ROW($DP14)-ROW($DK$6)) -> 8 | AM14: =IFERROR(IF(OR(LEN($AP14)=0,$AP14=0),"",$B14),"") | AN14: =IFERROR(SMALL($AM$7:$AM$56,ROW($AN14)-ROW($AN$6)),"") -> 29 | AO14: =IFERROR(INDEX(MainTable,$B14,MATCH($AO$4,DatabaseHeaders,0),1),"") -> Camera & Photo | AP14: =IFERROR(IF(COUNTIF($AO$7:$AO14,$AO14)>1,"",$AO14),"") | AQ14: =IF(LEN($AN14)>0,INDEX($AP$7:$AP$56,$AN14),"") -> Television & Video | AS14: =IFERROR(IF(OR(LEN($AV14)=0,$AV14=0),"",$B14),"") | AT14: =IFERROR(SMALL($AS$7:$AS$56,ROW($AT14)-ROW($AT$6)),"") | AU14: =IFERROR(INDEX(MainTable,$B14,MATCH($AU$4,DatabaseHeaders,0),1),"") -> China | AV14: =IFERROR(IF(COUNTIF($AU$7:$AU14,$AU14)>1,"",$AU14),"") | AW14: =IF(LEN($AT14)>0,INDEX($AV$7:$AV$56,$AT14),"") | AY14: =IFERROR(IF(OR(LEN($BB14)=0,$BB14=0),"",$B14),"") -> 8 | AZ14: =IFERROR(SMALL($AY$7:$AY$56,ROW($AZ14)-ROW($AZ$6)),"") -> 8 | BA14: =IFERROR(INDEX(MainTable,$B14,MATCH($BA$4,DatabaseHeaders,0),1),"") -> 145 | BB14: =IFERROR(IF(COUNTIF($BA$7:$BA14,$BA14)>1,"",$BA14),"") -> 145 | BC14: =IF(LEN($AZ14)>0,INDEX($BB$7:$BB$56,$AZ14),"") -> 145 | BE14: =IFERROR(IF(OR(LEN($BH14)=0,$BH14=0),"",$B14),"") -> 8 | BF14: =IFERROR(SMALL($BE$7:$BE$56,ROW($BF14)-ROW($BF$6)),"") -> 8 | BG14: =IFERROR(INDEX(MainTable,$B14,MATCH($BG$4,DatabaseHeaders,0),1),"") -> Jessica Ogden | BH14: =IFERROR(IF(COUNTIF($BG$7:$BG14,$BG14)>1,"",$BG14),"") -> Jessica Ogden | BI14: =IF(LEN($BF14)>0,INDEX($BH$7:$BH$56,$BF14),"") -> Jessica Ogden | BK14: =IFERROR(IF(LEN(BK$6)=0,1,IF(OR(DynamicList!$B$10="",DynamicList!$B$10="All"),1,IF(DynamicList!$B$10=INDEX(MainTable,$B14,MATCH(BK$6,DatabaseHeaders,0)),1,0))),0) -> 1 | BL14: =IFERROR(IF(LEN(BL$6)=0,1,IF(OR(DynamicList!$B$13="",DynamicList!$B$13="All"),1,IF(DynamicList!$B$13=INDEX(MainTable,$B14,MATCH(BL$6,DatabaseHeaders,0)),1,0))),0) -> 1 | BM14: =IFERROR(IF(LEN(BM$6)=0,1,IF(OR(DynamicList!$B$16="",DynamicList!$B$16="All"),1,IF(DynamicList!$B$16=INDEX(MainTable,$B14,MATCH(BM$6,DatabaseHeaders,0)),1,0))),0) -> 1 | BN14: =IFERROR(IF(LEN(BN$6)=0,1,IF(OR(DynamicList!$B$19="",DynamicList!$B$19="All"),1,IF(DynamicList!$B$19=INDEX(MainTable,$B14,MATCH(BN$6,DatabaseHeaders,0)),1,0))),0) -> 1 | BO14: =BK14*BL14*BM14*BN14 -> 1 | BQ14: =IFERROR(IF(OR(LEN($BS14)=0,$BS14=0),"",$B14),"") -> 8 | BR14: =IFERROR(SMALL($BQ$7:$BQ$56,ROW($BR14)-ROW($BR$6)),"") -> 8 | BS14: =IF($BO14=1,$AJ14,"") -> 759238 - Light Stand | BT14: =IF(LEN($BU14)>0,BT13+1,"") -> 8 | BU14: =IF(LEN($BR14)>0,INDEX($BS$7:$BS$56,$BR14),"") -> 759238 - Light Stand | BW14: =IF($BX14<>"",1,"") -> 1 | BX14: =IFERROR(SMALL($AK$7:$AK$56,ROW(BX14)-ROW($BX$6)),"") -> 8 | BZ14: =IFERROR(IF(OR(LEN($CC14)=0,$CC14=0),"",$B14),"") | CA14: =IFERROR(SMALL($BZ$7:$BZ$56,ROW($CA14)-ROW($CA$6)),"") -> 29 | CB14: =IFERROR(INDEX(MainTable,$BX14,MATCH($CB$6,DatabaseHeaders,0),1),"") -> Camera & Photo | CC14: =IFERROR(IF(COUNTIF($CB$7:$CB14,$CB14)>1,"",$CB14),"") | CD14: =IF(LEN($CA14)>0,INDEX($CC$7:$CC$56,$CA14),"") -> Television & Video | CE14: =IF(LEN($CD14)>0,1,0) -> 1 | CF14: =IFERROR(IF(LEN($CD14)=0,"",COUNTIF($CB$7:$CB$56,$CD14)),"") -> 2 | CH14: =IFERROR(IF(OR(LEN($CK14)=0,$CK14=0),"",$B14),"") | CI14: =IFERROR(SMALL($CH$7:$CH$56,ROW($CI14)-ROW($CI$6)),"") | CJ14: =IFERROR(INDEX(MainTable,$BX14,MATCH($CJ$6,DatabaseHeaders,0),1),"") -> Black | CK14: =IFERROR(IF(COUNTIF($CJ$7:$CJ14,$CJ14)>1,"",$CJ14),"") | CL14: =IF(LEN($CI14)>0,INDEX($CK$7:$CK$56,$CI14),"") | CM14: =IF(LEN($CL14)>0,1,0) -> 0 | CN14: =IFERROR(IF(LEN($CL14)=0,"",COUNTIF($CJ$7:$CJ$56,$CL14)),"") | CP14: =IFERROR(IF(OR(LEN($CS14)=0,$CS14=0),"",$B14),"") | CQ14: =IFERROR(SMALL($CP$7:$CP$56,ROW($CQ14)-ROW($CQ$6)),"") | CR14: =IFERROR(INDEX(MainTable,$BX14,MATCH($CR$6,DatabaseHeaders,0),1),"") -> China | CS14: =IFERROR(IF(COUNTIF($CR$7:$CR14,$CR14)>1,"",$CR14),"") | CT14: =IF(LEN($CQ14)>0,INDEX($CS$7:$CS$56,$CQ14),"") | CU14: =IF(LEN($CT14)>0,1,0) -> 0 | CV14: =IFERROR(IF(LEN($CT14)=0,"",COUNTIF($CR$7:$CR$56,$CT14)),"") | CX14: =IFERROR(IF(OR(LEN($DA14)=0,$DA14=0),"",$B14),"") -> 8 | CY14: =IFERROR(SMALL($CX$7:$CX$56,ROW($CY14)-ROW($CY$6)),"") -> 8 | CZ14: =IFERROR(INDEX(MainTable,$BX14,MATCH($CZ$6,DatabaseHeaders,0),1),"") -> Jessica Ogden | DA14: =IFERROR(IF(COUNTIF($CZ$7:$CZ14,$CZ14)>1,"",$CZ14),"") -> Jessica Ogden | DB14: =IF(LEN($CY14)>0,INDEX($DA$7:$DA$56,$CY14),"") -> Jessica Ogden | DC14: =IF(LEN($DB14)>0,1,0) -> 1 | DD14: =IFERROR(IF(LEN($DB14)=0,"",COUNTIF($CZ$7:$CZ$56,$DB14)),"") -> 3 | DF14: Database Last Row | DG14: =IF(MAX($DI$7:$DI$2006)=0,1,MAX($DI$7:$DI$2006)) -> 37 | DI14: =IF(LEN(Database!$C15)>0,ROW(Database!$C15),"") -> 15 | DK14: =IF(DynamicList!$D15<>"",ROW(DynamicList!$D15),"") -> 15 | DM14: =IF(LEN(DynamicList!$D15)=0,"",MATCH(DynamicList!$D15,Calc!$AJ$7:$AJ$2006,0)) -> 8 | DO14: =IF(LEN(Form!$C16)>0,ROW(Form!$C16),"") | DQ14: Column Number | DR14: =IFERROR(IF(LEN(DynamicList!D$7)>0,COLUMN(DynamicList!D$7),""),"") -> 4 | DS14: =IFERROR(IF(LEN(DynamicList!E$7)>0,COLUMN(DynamicList!E$7),""),"") -> 5 | DT14: =IFERROR(IF(LEN(DynamicList!F$7)>0,COLUMN(DynamicList!F$7),""),"") -> 6 | DU14: =IFERROR(IF(LEN(DynamicList!G$7)>0,COLUMN(DynamicList!G$7),""),"") -> 7 | DV14: =IFERROR(IF(LEN(DynamicList!H$7)>0,COLUMN(DynamicList!H$7),""),"") -> 8 | DW14: =IFERROR(IF(LEN(DynamicList!I$7)>0,COLUMN(DynamicList!I$7),""),"") -> 9 | DX14: =IFERROR(IF(LEN(DynamicList!J$7)>0,COLUMN(DynamicList!J$7),""),"") -> 10 | DY14: =IFERROR(IF(LEN(DynamicList!K$7)>0,COLUMN(DynamicList!K$7),""),"") -> 11 | ... EB14: =IFERROR(IF(LEN(DynamicList!N$7)>0,COLUMN(DynamicList!N$7),""),"")
B15: 9 | C15: =IF(OR(LEN($D15)=0,LEN($E15)=0),"Passive","Active") -> Active | D15: =IFERROR(IF(LEN(INDEX(Database!B$8:B$2007,$B15,1))=0,"",INDEX(Database!B$8:B$2007,$B15,1)),"") -> 268215 | E15: =IFERROR(IF(LEN(INDEX(Database!C$8:C$2007,$B15,1))=0,"",INDEX(Database!C$8:C$2007,$B15,1)),"") -> External Hard Drive | F15: =IFERROR(IF($C15="Passive","",INDEX(Database!D$8:D$2007,$B15,1)),"") -> Computers & Accessories | G15: =IFERROR(IF($C15="Passive","",INDEX(Database!E$8:E$2007,$B15,1)),"") -> United States | H15: =IFERROR(IF($C15="Passive","",INDEX(Database!F$8:F$2007,$B15,1)),"") -> Green | I15: =IFERROR(IF($C15="Passive","",INDEX(Database!G$8:G$2007,$B15,1)),"") -> 255 | J15: =IFERROR(IF($C15="Passive","",INDEX(Database!H$8:H$2007,$B15,1)),"") -> 150 | K15: =IFERROR(IF($C15="Passive","",INDEX(Database!I$8:I$2007,$B15,1)),"") -> Kimberly Simpson | L15: =IFERROR(IF($C15="Passive","",INDEX(Database!J$8:J$2007,$B15,1)),"") -> kimberlysimpson@mail.com | M15: =IFERROR(IF($C15="Passive","",INDEX(Database!K$8:K$2007,$B15,1)),"") -> 0 | ... AI15: =IFERROR(IF($C15="Passive","",INDEX(Database!AG$8:AG$2007,$B15,1)),"") -> 0 | AJ15: =IFERROR(IF(OR(LEN($D15)=0,LEN($E15)=0),"",$D15 & " - " & $E15),"") -> 268215 - External Hard Drive | AK15: =IF(AND($D15="",$E15=""),"",ROW($DP15)-ROW($DK$6)) -> 9 | AM15: =IFERROR(IF(OR(LEN($AP15)=0,$AP15=0),"",$B15),"") -> 9 | AN15: =IFERROR(SMALL($AM$7:$AM$56,ROW($AN15)-ROW($AN$6)),"") | AO15: =IFERROR(INDEX(MainTable,$B15,MATCH($AO$4,DatabaseHeaders,0),1),"") -> Computers & Accessories | AP15: =IFERROR(IF(COUNTIF($AO$7:$AO15,$AO15)>1,"",$AO15),"") -> Computers & Accessories | AQ15: =IF(LEN($AN15)>0,INDEX($AP$7:$AP$56,$AN15),"") | AS15: =IFERROR(IF(OR(LEN($AV15)=0,$AV15=0),"",$B15),"") -> 9 | AT15: =IFERROR(SMALL($AS$7:$AS$56,ROW($AT15)-ROW($AT$6)),"") | AU15: =IFERROR(INDEX(MainTable,$B15,MATCH($AU$4,DatabaseHeaders,0),1),"") -> United States | AV15: =IFERROR(IF(COUNTIF($AU$7:$AU15,$AU15)>1,"",$AU15),"") -> United States | AW15: =IF(LEN($AT15)>0,INDEX($AV$7:$AV$56,$AT15),"") | AY15: =IFERROR(IF(OR(LEN($BB15)=0,$BB15=0),"",$B15),"") -> 9 | AZ15: =IFERROR(SMALL($AY$7:$AY$56,ROW($AZ15)-ROW($AZ$6)),"") -> 9 | BA15: =IFERROR(INDEX(MainTable,$B15,MATCH($BA$4,DatabaseHeaders,0),1),"") -> 255 | BB15: =IFERROR(IF(COUNTIF($BA$7:$BA15,$BA15)>1,"",$BA15),"") -> 255 | BC15: =IF(LEN($AZ15)>0,INDEX($BB$7:$BB$56,$AZ15),"") -> 255 | BE15: =IFERROR(IF(OR(LEN($BH15)=0,$BH15=0),"",$B15),"") -> 9 | BF15: =IFERROR(SMALL($BE$7:$BE$56,ROW($BF15)-ROW($BF$6)),"") -> 9 | BG15: =IFERROR(INDEX(MainTable,$B15,MATCH($BG$4,DatabaseHeaders,0),1),"") -> Kimberly Simpson | BH15: =IFERROR(IF(COUNTIF($BG$7:$BG15,$BG15)>1,"",$BG15),"") -> Kimberly Simpson | BI15: =IF(LEN($BF15)>0,INDEX($BH$7:$BH$56,$BF15),"") -> Kimberly Simpson | BK15: =IFERROR(IF(LEN(BK$6)=0,1,IF(OR(DynamicList!$B$10="",DynamicList!$B$10="All"),1,IF(DynamicList!$B$10=INDEX(MainTable,$B15,MATCH(BK$6,DatabaseHeaders,0)),1,0))),0) -> 1 | BL15: =IFERROR(IF(LEN(BL$6)=0,1,IF(OR(DynamicList!$B$13="",DynamicList!$B$13="All"),1,IF(DynamicList!$B$13=INDEX(MainTable,$B15,MATCH(BL$6,DatabaseHeaders,0)),1,0))),0) -> 1 | BM15: =IFERROR(IF(LEN(BM$6)=0,1,IF(OR(DynamicList!$B$16="",DynamicList!$B$16="All"),1,IF(DynamicList!$B$16=INDEX(MainTable,$B15,MATCH(BM$6,DatabaseHeaders,0)),1,0))),0) -> 1 | BN15: =IFERROR(IF(LEN(BN$6)=0,1,IF(OR(DynamicList!$B$19="",DynamicList!$B$19="All"),1,IF(DynamicList!$B$19=INDEX(MainTable,$B15,MATCH(BN$6,DatabaseHeaders,0)),1,0))),0) -> 1 | BO15: =BK15*BL15*BM15*BN15 -> 1 | BQ15: =IFERROR(IF(OR(LEN($BS15)=0,$BS15=0),"",$B15),"") -> 9 | BR15: =IFERROR(SMALL($BQ$7:$BQ$56,ROW($BR15)-ROW($BR$6)),"") -> 9 | BS15: =IF($BO15=1,$AJ15,"") -> 268215 - External Hard Drive | BT15: =IF(LEN($BU15)>0,BT14+1,"") -> 9 | BU15: =IF(LEN($BR15)>0,INDEX($BS$7:$BS$56,$BR15),"") -> 268215 - External Hard Drive | BW15: =IF($BX15<>"",1,"") -> 1 | BX15: =IFERROR(SMALL($AK$7:$AK$56,ROW(BX15)-ROW($BX$6)),"") -> 9 | BZ15: =IFERROR(IF(OR(LEN($CC15)=0,$CC15=0),"",$B15),"") -> 9 | CA15: =IFERROR(SMALL($BZ$7:$BZ$56,ROW($CA15)-ROW($CA$6)),"") | CB15: =IFERROR(INDEX(MainTable,$BX15,MATCH($CB$6,DatabaseHeaders,0),1),"") -> Computers & Accessories | CC15: =IFERROR(IF(COUNTIF($CB$7:$CB15,$CB15)>1,"",$CB15),"") -> Computers & Accessories | CD15: =IF(LEN($CA15)>0,INDEX($CC$7:$CC$56,$CA15),"") | CE15: =IF(LEN($CD15)>0,1,0) -> 0 | CF15: =IFERROR(IF(LEN($CD15)=0,"",COUNTIF($CB$7:$CB$56,$CD15)),"") | CH15: =IFERROR(IF(OR(LEN($CK15)=0,$CK15=0),"",$B15),"") | CI15: =IFERROR(SMALL($CH$7:$CH$56,ROW($CI15)-ROW($CI$6)),"") | CJ15: =IFERROR(INDEX(MainTable,$BX15,MATCH($CJ$6,DatabaseHeaders,0),1),"") -> Green | CK15: =IFERROR(IF(COUNTIF($CJ$7:$CJ15,$CJ15)>1,"",$CJ15),"") | CL15: =IF(LEN($CI15)>0,INDEX($CK$7:$CK$56,$CI15),"") | CM15: =IF(LEN($CL15)>0,1,0) -> 0 | CN15: =IFERROR(IF(LEN($CL15)=0,"",COUNTIF($CJ$7:$CJ$56,$CL15)),"") | CP15: =IFERROR(IF(OR(LEN($CS15)=0,$CS15=0),"",$B15),"") -> 9 | CQ15: =IFERROR(SMALL($CP$7:$CP$56,ROW($CQ15)-ROW($CQ$6)),"") | CR15: =IFERROR(INDEX(MainTable,$BX15,MATCH($CR$6,DatabaseHeaders,0),1),"") -> United States | CS15: =IFERROR(IF(COUNTIF($CR$7:$CR15,$CR15)>1,"",$CR15),"") -> United States | CT15: =IF(LEN($CQ15)>0,INDEX($CS$7:$CS$56,$CQ15),"") | CU15: =IF(LEN($CT15)>0,1,0) -> 0 | CV15: =IFERROR(IF(LEN($CT15)=0,"",COUNTIF($CR$7:$CR$56,$CT15)),"") | CX15: =IFERROR(IF(OR(LEN($DA15)=0,$DA15=0),"",$B15),"") -> 9 | CY15: =IFERROR(SMALL($CX$7:$CX$56,ROW($CY15)-ROW($CY$6)),"") -> 9 | CZ15: =IFERROR(INDEX(MainTable,$BX15,MATCH($CZ$6,DatabaseHeaders,0),1),"") -> Kimberly Simpson | DA15: =IFERROR(IF(COUNTIF($CZ$7:$CZ15,$CZ15)>1,"",$CZ15),"") -> Kimberly Simpson | DB15: =IF(LEN($CY15)>0,INDEX($DA$7:$DA$56,$CY15),"") -> Kimberly Simpson | DC15: =IF(LEN($DB15)>0,1,0) -> 1 | DD15: =IFERROR(IF(LEN($DB15)=0,"",COUNTIF($CZ$7:$CZ$56,$DB15)),"") -> 1 | DF15: Database Last Column | DG15: =IF(MAX($DR$11:$EW$11)=0,1,MAX($DR$11:$EW$11)) -> 10 | DI15: =IF(LEN(Database!$C16)>0,ROW(Database!$C16),"") -> 16 | DK15: =IF(DynamicList!$D16<>"",ROW(DynamicList!$D16),"") -> 16 | DM15: =IF(LEN(DynamicList!$D16)=0,"",MATCH(DynamicList!$D16,Calc!$AJ$7:$AJ$2006,0)) -> 9 | DO15: =IF(LEN(Form!$C17)>0,ROW(Form!$C17),"") -> 17 | DQ15: DynamicList Column Index | DR15: - | DS15: =IFERROR(MATCH(DynamicList!E$7,DatabaseHeaders,0),"") -> 3 | DT15: =IFERROR(MATCH(DynamicList!F$7,DatabaseHeaders,0),"") -> 4 | DU15: =IFERROR(MATCH(DynamicList!G$7,DatabaseHeaders,0),"") -> 6 | DV15: =IFERROR(MATCH(DynamicList!H$7,DatabaseHeaders,0),"") -> 7 | DW15: =IFERROR(MATCH(DynamicList!I$7,DatabaseHeaders,0),"") -> 5 | DX15: =IFERROR(MATCH(DynamicList!J$7,DatabaseHeaders,0),"") -> 8 | DY15: =IFERROR(MATCH(DynamicList!K$7,DatabaseHeaders,0),"") -> 9 | DZ15: =IFERROR(MATCH(DynamicList!L$7,DatabaseHeaders,0),"") | ... EB15: =IFERROR(MATCH(DynamicList!N$7,DatabaseHeaders,0),"")
B16: 10 | C16: =IF(OR(LEN($D16)=0,LEN($E16)=0),"Passive","Active") -> Active | D16: =IFERROR(IF(LEN(INDEX(Database!B$8:B$2007,$B16,1))=0,"",INDEX(Database!B$8:B$2007,$B16,1)),"") -> 360342 | E16: =IFERROR(IF(LEN(INDEX(Database!C$8:C$2007,$B16,1))=0,"",INDEX(Database!C$8:C$2007,$B16,1)),"") -> Laptop | F16: =IFERROR(IF($C16="Passive","",INDEX(Database!D$8:D$2007,$B16,1)),"") -> Computers & Accessories | G16: =IFERROR(IF($C16="Passive","",INDEX(Database!E$8:E$2007,$B16,1)),"") -> South Korea | H16: =IFERROR(IF($C16="Passive","",INDEX(Database!F$8:F$2007,$B16,1)),"") -> Red | I16: =IFERROR(IF($C16="Passive","",INDEX(Database!G$8:G$2007,$B16,1)),"") -> 1650 | J16: =IFERROR(IF($C16="Passive","",INDEX(Database!H$8:H$2007,$B16,1)),"") -> 1950 | K16: =IFERROR(IF($C16="Passive","",INDEX(Database!I$8:I$2007,$B16,1)),"") -> Karen Sharp | L16: =IFERROR(IF($C16="Passive","",INDEX(Database!J$8:J$2007,$B16,1)),"") -> karensharp@mail.com | M16: =IFERROR(IF($C16="Passive","",INDEX(Database!K$8:K$2007,$B16,1)),"") -> 0 | ... AI16: =IFERROR(IF($C16="Passive","",INDEX(Database!AG$8:AG$2007,$B16,1)),"") -> 0 | AJ16: =IFERROR(IF(OR(LEN($D16)=0,LEN($E16)=0),"",$D16 & " - " & $E16),"") -> 360342 - Laptop | AK16: =IF(AND($D16="",$E16=""),"",ROW($DP16)-ROW($DK$6)) -> 10 | AM16: =IFERROR(IF(OR(LEN($AP16)=0,$AP16=0),"",$B16),"") | AN16: =IFERROR(SMALL($AM$7:$AM$56,ROW($AN16)-ROW($AN$6)),"") | AO16: =IFERROR(INDEX(MainTable,$B16,MATCH($AO$4,DatabaseHeaders,0),1),"") -> Computers & Accessories | AP16: =IFERROR(IF(COUNTIF($AO$7:$AO16,$AO16)>1,"",$AO16),"") | AQ16: =IF(LEN($AN16)>0,INDEX($AP$7:$AP$56,$AN16),"") | AS16: =IFERROR(IF(OR(LEN($AV16)=0,$AV16=0),"",$B16),"") | AT16: =IFERROR(SMALL($AS$7:$AS$56,ROW($AT16)-ROW($AT$6)),"") | AU16: =IFERROR(INDEX(MainTable,$B16,MATCH($AU$4,DatabaseHeaders,0),1),"") -> South Korea | AV16: =IFERROR(IF(COUNTIF($AU$7:$AU16,$AU16)>1,"",$AU16),"") | AW16: =IF(LEN($AT16)>0,INDEX($AV$7:$AV$56,$AT16),"") | AY16: =IFERROR(IF(OR(LEN($BB16)=0,$BB16=0),"",$B16),"") -> 10 | AZ16: =IFERROR(SMALL($AY$7:$AY$56,ROW($AZ16)-ROW($AZ$6)),"") -> 10 | BA16: =IFERROR(INDEX(MainTable,$B16,MATCH($BA$4,DatabaseHeaders,0),1),"") -> 1650 | BB16: =IFERROR(IF(COUNTIF($BA$7:$BA16,$BA16)>1,"",$BA16),"") -> 1650 | BC16: =IF(LEN($AZ16)>0,INDEX($BB$7:$BB$56,$AZ16),"") -> 1650 | BE16: =IFERROR(IF(OR(LEN($BH16)=0,$BH16=0),"",$B16),"") -> 10 | BF16: =IFERROR(SMALL($BE$7:$BE$56,ROW($BF16)-ROW($BF$6)),"") -> 10 | BG16: =IFERROR(INDEX(MainTable,$B16,MATCH($BG$4,DatabaseHeaders,0),1),"") -> Karen Sharp | BH16: =IFERROR(IF(COUNTIF($BG$7:$BG16,$BG16)>1,"",$BG16),"") -> Karen Sharp | BI16: =IF(LEN($BF16)>0,INDEX($BH$7:$BH$56,$BF16),"") -> Karen Sharp | BK16: =IFERROR(IF(LEN(BK$6)=0,1,IF(OR(DynamicList!$B$10="",DynamicList!$B$10="All"),1,IF(DynamicList!$B$10=INDEX(MainTable,$B16,MATCH(BK$6,DatabaseHeaders,0)),1,0))),0) -> 1 | BL16: =IFERROR(IF(LEN(BL$6)=0,1,IF(OR(DynamicList!$B$13="",DynamicList!$B$13="All"),1,IF(DynamicList!$B$13=INDEX(MainTable,$B16,MATCH(BL$6,DatabaseHeaders,0)),1,0))),0) -> 1 | BM16: =IFERROR(IF(LEN(BM$6)=0,1,IF(OR(DynamicList!$B$16="",DynamicList!$B$16="All"),1,IF(DynamicList!$B$16=INDEX(MainTable,$B16,MATCH(BM$6,DatabaseHeaders,0)),1,0))),0) -> 1 | BN16: =IFERROR(IF(LEN(BN$6)=0,1,IF(OR(DynamicList!$B$19="",DynamicList!$B$19="All"),1,IF(DynamicList!$B$19=INDEX(MainTable,$B16,MATCH(BN$6,DatabaseHeaders,0)),1,0))),0) -> 1 | BO16: =BK16*BL16*BM16*BN16 -> 1 | BQ16: =IFERROR(IF(OR(LEN($BS16)=0,$BS16=0),"",$B16),"") -> 10 | BR16: =IFERROR(SMALL($BQ$7:$BQ$56,ROW($BR16)-ROW($BR$6)),"") -> 10 | BS16: =IF($BO16=1,$AJ16,"") -> 360342 - Laptop | BT16: =IF(LEN($BU16)>0,BT15+1,"") -> 10 | BU16: =IF(LEN($BR16)>0,INDEX($BS$7:$BS$56,$BR16),"") -> 360342 - Laptop | BW16: =IF($BX16<>"",1,"") -> 1 | BX16: =IFERROR(SMALL($AK$7:$AK$56,ROW(BX16)-ROW($BX$6)),"") -> 10 | BZ16: =IFERROR(IF(OR(LEN($CC16)=0,$CC16=0),"",$B16),"") | CA16: =IFERROR(SMALL($BZ$7:$BZ$56,ROW($CA16)-ROW($CA$6)),"") | CB16: =IFERROR(INDEX(MainTable,$BX16,MATCH($CB$6,DatabaseHeaders,0),1),"") -> Computers & Accessories | CC16: =IFERROR(IF(COUNTIF($CB$7:$CB16,$CB16)>1,"",$CB16),"") | CD16: =IF(LEN($CA16)>0,INDEX($CC$7:$CC$56,$CA16),"") | CE16: =IF(LEN($CD16)>0,1,0) -> 0 | CF16: =IFERROR(IF(LEN($CD16)=0,"",COUNTIF($CB$7:$CB$56,$CD16)),"") | CH16: =IFERROR(IF(OR(LEN($CK16)=0,$CK16=0),"",$B16),"") -> 10 | CI16: =IFERROR(SMALL($CH$7:$CH$56,ROW($CI16)-ROW($CI$6)),"") | CJ16: =IFERROR(INDEX(MainTable,$BX16,MATCH($CJ$6,DatabaseHeaders,0),1),"") -> Red | CK16: =IFERROR(IF(COUNTIF($CJ$7:$CJ16,$CJ16)>1,"",$CJ16),"") -> Red | CL16: =IF(LEN($CI16)>0,INDEX($CK$7:$CK$56,$CI16),"") | CM16: =IF(LEN($CL16)>0,1,0) -> 0 | CN16: =IFERROR(IF(LEN($CL16)=0,"",COUNTIF($CJ$7:$CJ$56,$CL16)),"") | CP16: =IFERROR(IF(OR(LEN($CS16)=0,$CS16=0),"",$B16),"") | CQ16: =IFERROR(SMALL($CP$7:$CP$56,ROW($CQ16)-ROW($CQ$6)),"") | CR16: =IFERROR(INDEX(MainTable,$BX16,MATCH($CR$6,DatabaseHeaders,0),1),"") -> South Korea | CS16: =IFERROR(IF(COUNTIF($CR$7:$CR16,$CR16)>1,"",$CR16),"") | CT16: =IF(LEN($CQ16)>0,INDEX($CS$7:$CS$56,$CQ16),"") | CU16: =IF(LEN($CT16)>0,1,0) -> 0 | CV16: =IFERROR(IF(LEN($CT16)=0,"",COUNTIF($CR$7:$CR$56,$CT16)),"") | CX16: =IFERROR(IF(OR(LEN($DA16)=0,$DA16=0),"",$B16),"") -> 10 | CY16: =IFERROR(SMALL($CX$7:$CX$56,ROW($CY16)-ROW($CY$6)),"") -> 10 | CZ16: =IFERROR(INDEX(MainTable,$BX16,MATCH($CZ$6,DatabaseHeaders,0),1),"") -> Karen Sharp | DA16: =IFERROR(IF(COUNTIF($CZ$7:$CZ16,$CZ16)>1,"",$CZ16),"") -> Karen Sharp | DB16: =IF(LEN($CY16)>0,INDEX($DA$7:$DA$56,$CY16),"") -> Karen Sharp | DC16: =IF(LEN($DB16)>0,1,0) -> 1 | DD16: =IFERROR(IF(LEN($DB16)=0,"",COUNTIF($CZ$7:$CZ$56,$DB16)),"") -> 1 | DI16: =IF(LEN(Database!$C17)>0,ROW(Database!$C17),"") -> 17 | DK16: =IF(DynamicList!$D17<>"",ROW(DynamicList!$D17),"") -> 17 | DM16: =IF(LEN(DynamicList!$D17)=0,"",MATCH(DynamicList!$D17,Calc!$AJ$7:$AJ$2006,0)) -> 10 | DO16: =IF(LEN(Form!$C18)>0,ROW(Form!$C18),"")
B17: 11 | C17: =IF(OR(LEN($D17)=0,LEN($E17)=0),"Passive","Active") -> Active | D17: =IFERROR(IF(LEN(INDEX(Database!B$8:B$2007,$B17,1))=0,"",INDEX(Database!B$8:B$2007,$B17,1)),"") -> 283505 | E17: =IFERROR(IF(LEN(INDEX(Database!C$8:C$2007,$B17,1))=0,"",INDEX(Database!C$8:C$2007,$B17,1)),"") -> Graphic Card | F17: =IFERROR(IF($C17="Passive","",INDEX(Database!D$8:D$2007,$B17,1)),"") -> Computers & Accessories | G17: =IFERROR(IF($C17="Passive","",INDEX(Database!E$8:E$2007,$B17,1)),"") -> United States | H17: =IFERROR(IF($C17="Passive","",INDEX(Database!F$8:F$2007,$B17,1)),"") -> Yellow | I17: =IFERROR(IF($C17="Passive","",INDEX(Database!G$8:G$2007,$B17,1)),"") -> 850 | J17: =IFERROR(IF($C17="Passive","",INDEX(Database!H$8:H$2007,$B17,1)),"") -> 1250 | K17: =IFERROR(IF($C17="Passive","",INDEX(Database!I$8:I$2007,$B17,1)),"") -> Amelia Morrison | L17: =IFERROR(IF($C17="Passive","",INDEX(Database!J$8:J$2007,$B17,1)),"") -> ameliamorrison@mail.com | M17: =IFERROR(IF($C17="Passive","",INDEX(Database!K$8:K$2007,$B17,1)),"") -> 0 | ... AI17: =IFERROR(IF($C17="Passive","",INDEX(Database!AG$8:AG$2007,$B17,1)),"") -> 0 | AJ17: =IFERROR(IF(OR(LEN($D17)=0,LEN($E17)=0),"",$D17 & " - " & $E17),"") -> 283505 - Graphic Card | AK17: =IF(AND($D17="",$E17=""),"",ROW($DP17)-ROW($DK$6)) -> 11 | AM17: =IFERROR(IF(OR(LEN($AP17)=0,$AP17=0),"",$B17),"") | AN17: =IFERROR(SMALL($AM$7:$AM$56,ROW($AN17)-ROW($AN$6)),"") | AO17: =IFERROR(INDEX(MainTable,$B17,MATCH($AO$4,DatabaseHeaders,0),1),"") -> Computers & Accessories | AP17: =IFERROR(IF(COUNTIF($AO$7:$AO17,$AO17)>1,"",$AO17),"") | AQ17: =IF(LEN($AN17)>0,INDEX($AP$7:$AP$56,$AN17),"") | AS17: =IFERROR(IF(OR(LEN($AV17)=0,$AV17=0),"",$B17),"") | AT17: =IFERROR(SMALL($AS$7:$AS$56,ROW($AT17)-ROW($AT$6)),"") | AU17: =IFERROR(INDEX(MainTable,$B17,MATCH($AU$4,DatabaseHeaders,0),1),"") -> United States | AV17: =IFERROR(IF(COUNTIF($AU$7:$AU17,$AU17)>1,"",$AU17),"") | AW17: =IF(LEN($AT17)>0,INDEX($AV$7:$AV$56,$AT17),"") | AY17: =IFERROR(IF(OR(LEN($BB17)=0,$BB17=0),"",$B17),"") -> 11 | AZ17: =IFERROR(SMALL($AY$7:$AY$56,ROW($AZ17)-ROW($AZ$6)),"") -> 11 | BA17: =IFERROR(INDEX(MainTable,$B17,MATCH($BA$4,DatabaseHeaders,0),1),"") -> 850 | BB17: =IFERROR(IF(COUNTIF($BA$7:$BA17,$BA17)>1,"",$BA17),"") -> 850 | BC17: =IF(LEN($AZ17)>0,INDEX($BB$7:$BB$56,$AZ17),"") -> 850 | BE17: =IFERROR(IF(OR(LEN($BH17)=0,$BH17=0),"",$B17),"") | BF17: =IFERROR(SMALL($BE$7:$BE$56,ROW($BF17)-ROW($BF$6)),"") | BG17: =IFERROR(INDEX(MainTable,$B17,MATCH($BG$4,DatabaseHeaders,0),1),"") -> Amelia Morrison | BH17: =IFERROR(IF(COUNTIF($BG$7:$BG17,$BG17)>1,"",$BG17),"") | BI17: =IF(LEN($BF17)>0,INDEX($BH$7:$BH$56,$BF17),"") | BK17: =IFERROR(IF(LEN(BK$6)=0,1,IF(OR(DynamicList!$B$10="",DynamicList!$B$10="All"),1,IF(DynamicList!$B$10=INDEX(MainTable,$B17,MATCH(BK$6,DatabaseHeaders,0)),1,0))),0) -> 1 | BL17: =IFERROR(IF(LEN(BL$6)=0,1,IF(OR(DynamicList!$B$13="",DynamicList!$B$13="All"),1,IF(DynamicList!$B$13=INDEX(MainTable,$B17,MATCH(BL$6,DatabaseHeaders,0)),1,0))),0) -> 1 | BM17: =IFERROR(IF(LEN(BM$6)=0,1,IF(OR(DynamicList!$B$16="",DynamicList!$B$16="All"),1,IF(DynamicList!$B$16=INDEX(MainTable,$B17,MATCH(BM$6,DatabaseHeaders,0)),1,0))),0) -> 1 | BN17: =IFERROR(IF(LEN(BN$6)=0,1,IF(OR(DynamicList!$B$19="",DynamicList!$B$19="All"),1,IF(DynamicList!$B$19=INDEX(MainTable,$B17,MATCH(BN$6,DatabaseHeaders,0)),1,0))),0) -> 1 | BO17: =BK17*BL17*BM17*BN17 -> 1 | BQ17: =IFERROR(IF(OR(LEN($BS17)=0,$BS17=0),"",$B17),"") -> 11 | BR17: =IFERROR(SMALL($BQ$7:$BQ$56,ROW($BR17)-ROW($BR$6)),"") -> 11 | BS17: =IF($BO17=1,$AJ17,"") -> 283505 - Graphic Card | BT17: =IF(LEN($BU17)>0,BT16+1,"") -> 11 | BU17: =IF(LEN($BR17)>0,INDEX($BS$7:$BS$56,$BR17),"") -> 283505 - Graphic Card | BW17: =IF($BX17<>"",1,"") -> 1 | BX17: =IFERROR(SMALL($AK$7:$AK$56,ROW(BX17)-ROW($BX$6)),"") -> 11 | BZ17: =IFERROR(IF(OR(LEN($CC17)=0,$CC17=0),"",$B17),"") | CA17: =IFERROR(SMALL($BZ$7:$BZ$56,ROW($CA17)-ROW($CA$6)),"") | CB17: =IFERROR(INDEX(MainTable,$BX17,MATCH($CB$6,DatabaseHeaders,0),1),"") -> Computers & Accessories | CC17: =IFERROR(IF(COUNTIF($CB$7:$CB17,$CB17)>1,"",$CB17),"") | CD17: =IF(LEN($CA17)>0,INDEX($CC$7:$CC$56,$CA17),"") | CE17: =IF(LEN($CD17)>0,1,0) -> 0 | CF17: =IFERROR(IF(LEN($CD17)=0,"",COUNTIF($CB$7:$CB$56,$CD17)),"") | CH17: =IFERROR(IF(OR(LEN($CK17)=0,$CK17=0),"",$B17),"") | CI17: =IFERROR(SMALL($CH$7:$CH$56,ROW($CI17)-ROW($CI$6)),"") | CJ17: =IFERROR(INDEX(MainTable,$BX17,MATCH($CJ$6,DatabaseHeaders,0),1),"") -> Yellow | CK17: =IFERROR(IF(COUNTIF($CJ$7:$CJ17,$CJ17)>1,"",$CJ17),"") | CL17: =IF(LEN($CI17)>0,INDEX($CK$7:$CK$56,$CI17),"") | CM17: =IF(LEN($CL17)>0,1,0) -> 0 | CN17: =IFERROR(IF(LEN($CL17)=0,"",COUNTIF($CJ$7:$CJ$56,$CL17)),"") | CP17: =IFERROR(IF(OR(LEN($CS17)=0,$CS17=0),"",$B17),"") | CQ17: =IFERROR(SMALL($CP$7:$CP$56,ROW($CQ17)-ROW($CQ$6)),"") | CR17: =IFERROR(INDEX(MainTable,$BX17,MATCH($CR$6,DatabaseHeaders,0),1),"") -> United States | CS17: =IFERROR(IF(COUNTIF($CR$7:$CR17,$CR17)>1,"",$CR17),"") | CT17: =IF(LEN($CQ17)>0,INDEX($CS$7:$CS$56,$CQ17),"") | CU17: =IF(LEN($CT17)>0,1,0) -> 0 | CV17: =IFERROR(IF(LEN($CT17)=0,"",COUNTIF($CR$7:$CR$56,$CT17)),"") | CX17: =IFERROR(IF(OR(LEN($DA17)=0,$DA17=0),"",$B17),"") | CY17: =IFERROR(SMALL($CX$7:$CX$56,ROW($CY17)-ROW($CY$6)),"") | CZ17: =IFERROR(INDEX(MainTable,$BX17,MATCH($CZ$6,DatabaseHeaders,0),1),"") -> Amelia Morrison | DA17: =IFERROR(IF(COUNTIF($CZ$7:$CZ17,$CZ17)>1,"",$CZ17),"") | DB17: =IF(LEN($CY17)>0,INDEX($DA$7:$DA$56,$CY17),"") | DC17: =IF(LEN($DB17)>0,1,0) -> 0 | DD17: =IFERROR(IF(LEN($DB17)=0,"",COUNTIF($CZ$7:$CZ$56,$DB17)),"") | DF17: DynamicList Last Row | DG17: =IF(MAX($DK$7:$DK$2006)=0,1,MAX($DK$7:$DK$2006)) -> 37 | DI17: =IF(LEN(Database!$C18)>0,ROW(Database!$C18),"") -> 18 | DK17: =IF(DynamicList!$D18<>"",ROW(DynamicList!$D18),"") -> 18 | DM17: =IF(LEN(DynamicList!$D18)=0,"",MATCH(DynamicList!$D18,Calc!$AJ$7:$AJ$2006,0)) -> 11 | DO17: =IF(LEN(Form!$C19)>0,ROW(Form!$C19),"") -> 19
B18: 12 | C18: =IF(OR(LEN($D18)=0,LEN($E18)=0),"Passive","Active") -> Active | D18: =IFERROR(IF(LEN(INDEX(Database!B$8:B$2007,$B18,1))=0,"",INDEX(Database!B$8:B$2007,$B18,1)),"") -> 780807 | E18: =IFERROR(IF(LEN(INDEX(Database!C$8:C$2007,$B18,1))=0,"",INDEX(Database!C$8:C$2007,$B18,1)),"") -> Keyboard | F18: =IFERROR(IF($C18="Passive","",INDEX(Database!D$8:D$2007,$B18,1)),"") -> Computers & Accessories | G18: =IFERROR(IF($C18="Passive","",INDEX(Database!E$8:E$2007,$B18,1)),"") -> China | H18: =IFERROR(IF($C18="Passive","",INDEX(Database!F$8:F$2007,$B18,1)),"") -> 0 | I18: =IFERROR(IF($C18="Passive","",INDEX(Database!G$8:G$2007,$B18,1)),"") -> 290 | J18: =IFERROR(IF($C18="Passive","",INDEX(Database!H$8:H$2007,$B18,1)),"") -> 15 | K18: =IFERROR(IF($C18="Passive","",INDEX(Database!I$8:I$2007,$B18,1)),"") -> Julia Parr | L18: =IFERROR(IF($C18="Passive","",INDEX(Database!J$8:J$2007,$B18,1)),"") -> juliaparr@mail.com | M18: =IFERROR(IF($C18="Passive","",INDEX(Database!K$8:K$2007,$B18,1)),"") -> 0 | ... AI18: =IFERROR(IF($C18="Passive","",INDEX(Database!AG$8:AG$2007,$B18,1)),"") -> 0 | AJ18: =IFERROR(IF(OR(LEN($D18)=0,LEN($E18)=0),"",$D18 & " - " & $E18),"") -> 780807 - Keyboard | AK18: =IF(AND($D18="",$E18=""),"",ROW($DP18)-ROW($DK$6)) -> 12 | AM18: =IFERROR(IF(OR(LEN($AP18)=0,$AP18=0),"",$B18),"") | AN18: =IFERROR(SMALL($AM$7:$AM$56,ROW($AN18)-ROW($AN$6)),"") | AO18: =IFERROR(INDEX(MainTable,$B18,MATCH($AO$4,DatabaseHeaders,0),1),"") -> Computers & Accessories | AP18: =IFERROR(IF(COUNTIF($AO$7:$AO18,$AO18)>1,"",$AO18),"") | AQ18: =IF(LEN($AN18)>0,INDEX($AP$7:$AP$56,$AN18),"") | AS18: =IFERROR(IF(OR(LEN($AV18)=0,$AV18=0),"",$B18),"") | AT18: =IFERROR(SMALL($AS$7:$AS$56,ROW($AT18)-ROW($AT$6)),"") | AU18: =IFERROR(INDEX(MainTable,$B18,MATCH($AU$4,DatabaseHeaders,0),1),"") -> China | AV18: =IFERROR(IF(COUNTIF($AU$7:$AU18,$AU18)>1,"",$AU18),"") | AW18: =IF(LEN($AT18)>0,INDEX($AV$7:$AV$56,$AT18),"") | AY18: =IFERROR(IF(OR(LEN($BB18)=0,$BB18=0),"",$B18),"") -> 12 | AZ18: =IFERROR(SMALL($AY$7:$AY$56,ROW($AZ18)-ROW($AZ$6)),"") -> 12 | BA18: =IFERROR(INDEX(MainTable,$B18,MATCH($BA$4,DatabaseHeaders,0),1),"") -> 290 | BB18: =IFERROR(IF(COUNTIF($BA$7:$BA18,$BA18)>1,"",$BA18),"") -> 290 | BC18: =IF(LEN($AZ18)>0,INDEX($BB$7:$BB$56,$AZ18),"") -> 290 | BE18: =IFERROR(IF(OR(LEN($BH18)=0,$BH18=0),"",$B18),"") | BF18: =IFERROR(SMALL($BE$7:$BE$56,ROW($BF18)-ROW($BF$6)),"") | BG18: =IFERROR(INDEX(MainTable,$B18,MATCH($BG$4,DatabaseHeaders,0),1),"") -> Julia Parr | BH18: =IFERROR(IF(COUNTIF($BG$7:$BG18,$BG18)>1,"",$BG18),"") | BI18: =IF(LEN($BF18)>0,INDEX($BH$7:$BH$56,$BF18),"") | BK18: =IFERROR(IF(LEN(BK$6)=0,1,IF(OR(DynamicList!$B$10="",DynamicList!$B$10="All"),1,IF(DynamicList!$B$10=INDEX(MainTable,$B18,MATCH(BK$6,DatabaseHeaders,0)),1,0))),0) -> 1 | BL18: =IFERROR(IF(LEN(BL$6)=0,1,IF(OR(DynamicList!$B$13="",DynamicList!$B$13="All"),1,IF(DynamicList!$B$13=INDEX(MainTable,$B18,MATCH(BL$6,DatabaseHeaders,0)),1,0))),0) -> 1 | BM18: =IFERROR(IF(LEN(BM$6)=0,1,IF(OR(DynamicList!$B$16="",DynamicList!$B$16="All"),1,IF(DynamicList!$B$16=INDEX(MainTable,$B18,MATCH(BM$6,DatabaseHeaders,0)),1,0))),0) -> 1 | BN18: =IFERROR(IF(LEN(BN$6)=0,1,IF(OR(DynamicList!$B$19="",DynamicList!$B$19="All"),1,IF(DynamicList!$B$19=INDEX(MainTable,$B18,MATCH(BN$6,DatabaseHeaders,0)),1,0))),0) -> 1 | BO18: =BK18*BL18*BM18*BN18 -> 1 | BQ18: =IFERROR(IF(OR(LEN($BS18)=0,$BS18=0),"",$B18),"") -> 12 | BR18: =IFERROR(SMALL($BQ$7:$BQ$56,ROW($BR18)-ROW($BR$6)),"") -> 12 | BS18: =IF($BO18=1,$AJ18,"") -> 780807 - Keyboard | BT18: =IF(LEN($BU18)>0,BT17+1,"") -> 12 | BU18: =IF(LEN($BR18)>0,INDEX($BS$7:$BS$56,$BR18),"") -> 780807 - Keyboard | BW18: =IF($BX18<>"",1,"") -> 1 | BX18: =IFERROR(SMALL($AK$7:$AK$56,ROW(BX18)-ROW($BX$6)),"") -> 12 | BZ18: =IFERROR(IF(OR(LEN($CC18)=0,$CC18=0),"",$B18),"") | CA18: =IFERROR(SMALL($BZ$7:$BZ$56,ROW($CA18)-ROW($CA$6)),"") | CB18: =IFERROR(INDEX(MainTable,$BX18,MATCH($CB$6,DatabaseHeaders,0),1),"") -> Computers & Accessories | CC18: =IFERROR(IF(COUNTIF($CB$7:$CB18,$CB18)>1,"",$CB18),"") | CD18: =IF(LEN($CA18)>0,INDEX($CC$7:$CC$56,$CA18),"") | CE18: =IF(LEN($CD18)>0,1,0) -> 0 | CF18: =IFERROR(IF(LEN($CD18)=0,"",COUNTIF($CB$7:$CB$56,$CD18)),"") | CH18: =IFERROR(IF(OR(LEN($CK18)=0,$CK18=0),"",$B18),"") | CI18: =IFERROR(SMALL($CH$7:$CH$56,ROW($CI18)-ROW($CI$6)),"") | CJ18: =IFERROR(INDEX(MainTable,$BX18,MATCH($CJ$6,DatabaseHeaders,0),1),"") -> 0 | CK18: =IFERROR(IF(COUNTIF($CJ$7:$CJ18,$CJ18)>1,"",$CJ18),"") -> 0 | CL18: =IF(LEN($CI18)>0,INDEX($CK$7:$CK$56,$CI18),"") | CM18: =IF(LEN($CL18)>0,1,0) -> 0 | CN18: =IFERROR(IF(LEN($CL18)=0,"",COUNTIF($CJ$7:$CJ$56,$CL18)),"") | CP18: =IFERROR(IF(OR(LEN($CS18)=0,$CS18=0),"",$B18),"") | CQ18: =IFERROR(SMALL($CP$7:$CP$56,ROW($CQ18)-ROW($CQ$6)),"") | CR18: =IFERROR(INDEX(MainTable,$BX18,MATCH($CR$6,DatabaseHeaders,0),1),"") -> China | CS18: =IFERROR(IF(COUNTIF($CR$7:$CR18,$CR18)>1,"",$CR18),"") | CT18: =IF(LEN($CQ18)>0,INDEX($CS$7:$CS$56,$CQ18),"") | CU18: =IF(LEN($CT18)>0,1,0) -> 0 | CV18: =IFERROR(IF(LEN($CT18)=0,"",COUNTIF($CR$7:$CR$56,$CT18)),"") | CX18: =IFERROR(IF(OR(LEN($DA18)=0,$DA18=0),"",$B18),"") | CY18: =IFERROR(SMALL($CX$7:$CX$56,ROW($CY18)-ROW($CY$6)),"") | CZ18: =IFERROR(INDEX(MainTable,$BX18,MATCH($CZ$6,DatabaseHeaders,0),1),"") -> Julia Parr | DA18: =IFERROR(IF(COUNTIF($CZ$7:$CZ18,$CZ18)>1,"",$CZ18),"") | DB18: =IF(LEN($CY18)>0,INDEX($DA$7:$DA$56,$CY18),"") | DC18: =IF(LEN($DB18)>0,1,0) -> 0 | DD18: =IFERROR(IF(LEN($DB18)=0,"",COUNTIF($CZ$7:$CZ$56,$DB18)),"") | DF18: DynamicList Last Column | DG18: =IF(MAX($DR$14:$EB$14)=0,1,MAX($DR$14:$EB$14)) -> 11 | DI18: =IF(LEN(Database!$C19)>0,ROW(Database!$C19),"") -> 19 | DK18: =IF(DynamicList!$D19<>"",ROW(DynamicList!$D19),"") -> 19 | DM18: =IF(LEN(DynamicList!$D19)=0,"",MATCH(DynamicList!$D19,Calc!$AJ$7:$AJ$2006,0)) -> 12 | DO18: =IF(LEN(Form!$C20)>0,ROW(Form!$C20),"")
B19: 13 | C19: =IF(OR(LEN($D19)=0,LEN($E19)=0),"Passive","Active") -> Active | D19: =IFERROR(IF(LEN(INDEX(Database!B$8:B$2007,$B19,1))=0,"",INDEX(Database!B$8:B$2007,$B19,1)),"") -> 156558 | E19: =IFERROR(IF(LEN(INDEX(Database!C$8:C$2007,$B19,1))=0,"",INDEX(Database!C$8:C$2007,$B19,1)),"") -> Mouse | F19: =IFERROR(IF($C19="Passive","",INDEX(Database!D$8:D$2007,$B19,1)),"") -> Computers & Accessories | G19: =IFERROR(IF($C19="Passive","",INDEX(Database!E$8:E$2007,$B19,1)),"") -> China | H19: =IFERROR(IF($C19="Passive","",INDEX(Database!F$8:F$2007,$B19,1)),"") -> 0 | I19: =IFERROR(IF($C19="Passive","",INDEX(Database!G$8:G$2007,$B19,1)),"") -> 120 | J19: =IFERROR(IF($C19="Passive","",INDEX(Database!H$8:H$2007,$B19,1)),"") -> 25 | K19: =IFERROR(IF($C19="Passive","",INDEX(Database!I$8:I$2007,$B19,1)),"") -> Amy Murray | L19: =IFERROR(IF($C19="Passive","",INDEX(Database!J$8:J$2007,$B19,1)),"") -> amymurray@mail.com | M19: =IFERROR(IF($C19="Passive","",INDEX(Database!K$8:K$2007,$B19,1)),"") -> 0 | ... AI19: =IFERROR(IF($C19="Passive","",INDEX(Database!AG$8:AG$2007,$B19,1)),"") -> 0 | AJ19: =IFERROR(IF(OR(LEN($D19)=0,LEN($E19)=0),"",$D19 & " - " & $E19),"") -> 156558 - Mouse | AK19: =IF(AND($D19="",$E19=""),"",ROW($DP19)-ROW($DK$6)) -> 13 | AM19: =IFERROR(IF(OR(LEN($AP19)=0,$AP19=0),"",$B19),"") | AN19: =IFERROR(SMALL($AM$7:$AM$56,ROW($AN19)-ROW($AN$6)),"") | AO19: =IFERROR(INDEX(MainTable,$B19,MATCH($AO$4,DatabaseHeaders,0),1),"") -> Computers & Accessories | AP19: =IFERROR(IF(COUNTIF($AO$7:$AO19,$AO19)>1,"",$AO19),"") | AQ19: =IF(LEN($AN19)>0,INDEX($AP$7:$AP$56,$AN19),"") | AS19: =IFERROR(IF(OR(LEN($AV19)=0,$AV19=0),"",$B19),"") | AT19: =IFERROR(SMALL($AS$7:$AS$56,ROW($AT19)-ROW($AT$6)),"") | AU19: =IFERROR(INDEX(MainTable,$B19,MATCH($AU$4,DatabaseHeaders,0),1),"") -> China | AV19: =IFERROR(IF(COUNTIF($AU$7:$AU19,$AU19)>1,"",$AU19),"") | AW19: =IF(LEN($AT19)>0,INDEX($AV$7:$AV$56,$AT19),"") | AY19: =IFERROR(IF(OR(LEN($BB19)=0,$BB19=0),"",$B19),"") -> 13 | AZ19: =IFERROR(SMALL($AY$7:$AY$56,ROW($AZ19)-ROW($AZ$6)),"") -> 13 | BA19: =IFERROR(INDEX(MainTable,$B19,MATCH($BA$4,DatabaseHeaders,0),1),"") -> 120 | BB19: =IFERROR(IF(COUNTIF($BA$7:$BA19,$BA19)>1,"",$BA19),"") -> 120 | BC19: =IF(LEN($AZ19)>0,INDEX($BB$7:$BB$56,$AZ19),"") -> 120 | BE19: =IFERROR(IF(OR(LEN($BH19)=0,$BH19=0),"",$B19),"") | BF19: =IFERROR(SMALL($BE$7:$BE$56,ROW($BF19)-ROW($BF$6)),"") | BG19: =IFERROR(INDEX(MainTable,$B19,MATCH($BG$4,DatabaseHeaders,0),1),"") -> Amy Murray | BH19: =IFERROR(IF(COUNTIF($BG$7:$BG19,$BG19)>1,"",$BG19),"") | BI19: =IF(LEN($BF19)>0,INDEX($BH$7:$BH$56,$BF19),"") | BK19: =IFERROR(IF(LEN(BK$6)=0,1,IF(OR(DynamicList!$B$10="",DynamicList!$B$10="All"),1,IF(DynamicList!$B$10=INDEX(MainTable,$B19,MATCH(BK$6,DatabaseHeaders,0)),1,0))),0) -> 1 | BL19: =IFERROR(IF(LEN(BL$6)=0,1,IF(OR(DynamicList!$B$13="",DynamicList!$B$13="All"),1,IF(DynamicList!$B$13=INDEX(MainTable,$B19,MATCH(BL$6,DatabaseHeaders,0)),1,0))),0) -> 1 | BM19: =IFERROR(IF(LEN(BM$6)=0,1,IF(OR(DynamicList!$B$16="",DynamicList!$B$16="All"),1,IF(DynamicList!$B$16=INDEX(MainTable,$B19,MATCH(BM$6,DatabaseHeaders,0)),1,0))),0) -> 1 | BN19: =IFERROR(IF(LEN(BN$6)=0,1,IF(OR(DynamicList!$B$19="",DynamicList!$B$19="All"),1,IF(DynamicList!$B$19=INDEX(MainTable,$B19,MATCH(BN$6,DatabaseHeaders,0)),1,0))),0) -> 1 | BO19: =BK19*BL19*BM19*BN19 -> 1 | BQ19: =IFERROR(IF(OR(LEN($BS19)=0,$BS19=0),"",$B19),"") -> 13 | BR19: =IFERROR(SMALL($BQ$7:$BQ$56,ROW($BR19)-ROW($BR$6)),"") -> 13 | BS19: =IF($BO19=1,$AJ19,"") -> 156558 - Mouse | BT19: =IF(LEN($BU19)>0,BT18+1,"") -> 13 | BU19: =IF(LEN($BR19)>0,INDEX($BS$7:$BS$56,$BR19),"") -> 156558 - Mouse | BW19: =IF($BX19<>"",1,"") -> 1 | BX19: =IFERROR(SMALL($AK$7:$AK$56,ROW(BX19)-ROW($BX$6)),"") -> 13 | BZ19: =IFERROR(IF(OR(LEN($CC19)=0,$CC19=0),"",$B19),"") | CA19: =IFERROR(SMALL($BZ$7:$BZ$56,ROW($CA19)-ROW($CA$6)),"") | CB19: =IFERROR(INDEX(MainTable,$BX19,MATCH($CB$6,DatabaseHeaders,0),1),"") -> Computers & Accessories | CC19: =IFERROR(IF(COUNTIF($CB$7:$CB19,$CB19)>1,"",$CB19),"") | CD19: =IF(LEN($CA19)>0,INDEX($CC$7:$CC$56,$CA19),"") | CE19: =IF(LEN($CD19)>0,1,0) -> 0 | CF19: =IFERROR(IF(LEN($CD19)=0,"",COUNTIF($CB$7:$CB$56,$CD19)),"") | CH19: =IFERROR(IF(OR(LEN($CK19)=0,$CK19=0),"",$B19),"") | CI19: =IFERROR(SMALL($CH$7:$CH$56,ROW($CI19)-ROW($CI$6)),"") | CJ19: =IFERROR(INDEX(MainTable,$BX19,MATCH($CJ$6,DatabaseHeaders,0),1),"") -> 0 | CK19: =IFERROR(IF(COUNTIF($CJ$7:$CJ19,$CJ19)>1,"",$CJ19),"") | CL19: =IF(LEN($CI19)>0,INDEX($CK$7:$CK$56,$CI19),"") | CM19: =IF(LEN($CL19)>0,1,0) -> 0 | CN19: =IFERROR(IF(LEN($CL19)=0,"",COUNTIF($CJ$7:$CJ$56,$CL19)),"") | CP19: =IFERROR(IF(OR(LEN($CS19)=0,$CS19=0),"",$B19),"") | CQ19: =IFERROR(SMALL($CP$7:$CP$56,ROW($CQ19)-ROW($CQ$6)),"") | CR19: =IFERROR(INDEX(MainTable,$BX19,MATCH($CR$6,DatabaseHeaders,0),1),"") -> China | CS19: =IFERROR(IF(COUNTIF($CR$7:$CR19,$CR19)>1,"",$CR19),"") | CT19: =IF(LEN($CQ19)>0,INDEX($CS$7:$CS$56,$CQ19),"") | CU19: =IF(LEN($CT19)>0,1,0) -> 0 | CV19: =IFERROR(IF(LEN($CT19)=0,"",COUNTIF($CR$7:$CR$56,$CT19)),"") | CX19: =IFERROR(IF(OR(LEN($DA19)=0,$DA19=0),"",$B19),"") | CY19: =IFERROR(SMALL($CX$7:$CX$56,ROW($CY19)-ROW($CY$6)),"") | CZ19: =IFERROR(INDEX(MainTable,$BX19,MATCH($CZ$6,DatabaseHeaders,0),1),"") -> Amy Murray | DA19: =IFERROR(IF(COUNTIF($CZ$7:$CZ19,$CZ19)>1,"",$CZ19),"") | DB19: =IF(LEN($CY19)>0,INDEX($DA$7:$DA$56,$CY19),"") | DC19: =IF(LEN($DB19)>0,1,0) -> 0 | DD19: =IFERROR(IF(LEN($DB19)=0,"",COUNTIF($CZ$7:$CZ$56,$DB19)),"") | DI19: =IF(LEN(Database!$C20)>0,ROW(Database!$C20),"") -> 20 | DK19: =IF(DynamicList!$D20<>"",ROW(DynamicList!$D20),"") -> 20 | DM19: =IF(LEN(DynamicList!$D20)=0,"",MATCH(DynamicList!$D20,Calc!$AJ$7:$AJ$2006,0)) -> 13 | DO19: =IF(LEN(Form!$C21)>0,ROW(Form!$C21),"")
B20: 14 | C20: =IF(OR(LEN($D20)=0,LEN($E20)=0),"Passive","Active") -> Active | D20: =IFERROR(IF(LEN(INDEX(Database!B$8:B$2007,$B20,1))=0,"",INDEX(Database!B$8:B$2007,$B20,1)),"") -> 270729 | E20: =IFERROR(IF(LEN(INDEX(Database!C$8:C$2007,$B20,1))=0,"",INDEX(Database!C$8:C$2007,$B20,1)),"") -> Webcam | F20: =IFERROR(IF($C20="Passive","",INDEX(Database!D$8:D$2007,$B20,1)),"") -> Computers & Accessories | G20: =IFERROR(IF($C20="Passive","",INDEX(Database!E$8:E$2007,$B20,1)),"") -> United States | H20: =IFERROR(IF($C20="Passive","",INDEX(Database!F$8:F$2007,$B20,1)),"") -> 0 | I20: =IFERROR(IF($C20="Passive","",INDEX(Database!G$8:G$2007,$B20,1)),"") -> 135 | J20: =IFERROR(IF($C20="Passive","",INDEX(Database!H$8:H$2007,$B20,1)),"") -> 30 | K20: =IFERROR(IF($C20="Passive","",INDEX(Database!I$8:I$2007,$B20,1)),"") -> Joanne Paige | L20: =IFERROR(IF($C20="Passive","",INDEX(Database!J$8:J$2007,$B20,1)),"") -> joannepaige@mail.com | M20: =IFERROR(IF($C20="Passive","",INDEX(Database!K$8:K$2007,$B20,1)),"") -> 0 | ... AI20: =IFERROR(IF($C20="Passive","",INDEX(Database!AG$8:AG$2007,$B20,1)),"") -> 0 | AJ20: =IFERROR(IF(OR(LEN($D20)=0,LEN($E20)=0),"",$D20 & " - " & $E20),"") -> 270729 - Webcam | AK20: =IF(AND($D20="",$E20=""),"",ROW($DP20)-ROW($DK$6)) -> 14 | AM20: =IFERROR(IF(OR(LEN($AP20)=0,$AP20=0),"",$B20),"") | AN20: =IFERROR(SMALL($AM$7:$AM$56,ROW($AN20)-ROW($AN$6)),"") | AO20: =IFERROR(INDEX(MainTable,$B20,MATCH($AO$4,DatabaseHeaders,0),1),"") -> Computers & Accessories | AP20: =IFERROR(IF(COUNTIF($AO$7:$AO20,$AO20)>1,"",$AO20),"") | AQ20: =IF(LEN($AN20)>0,INDEX($AP$7:$AP$56,$AN20),"") | AS20: =IFERROR(IF(OR(LEN($AV20)=0,$AV20=0),"",$B20),"") | AT20: =IFERROR(SMALL($AS$7:$AS$56,ROW($AT20)-ROW($AT$6)),"") | AU20: =IFERROR(INDEX(MainTable,$B20,MATCH($AU$4,DatabaseHeaders,0),1),"") -> United States | AV20: =IFERROR(IF(COUNTIF($AU$7:$AU20,$AU20)>1,"",$AU20),"") | AW20: =IF(LEN($AT20)>0,INDEX($AV$7:$AV$56,$AT20),"") | AY20: =IFERROR(IF(OR(LEN($BB20)=0,$BB20=0),"",$B20),"") -> 14 | AZ20: =IFERROR(SMALL($AY$7:$AY$56,ROW($AZ20)-ROW($AZ$6)),"") -> 14 | BA20: =IFERROR(INDEX(MainTable,$B20,MATCH($BA$4,DatabaseHeaders,0),1),"") -> 135 | BB20: =IFERROR(IF(COUNTIF($BA$7:$BA20,$BA20)>1,"",$BA20),"") -> 135 | BC20: =IF(LEN($AZ20)>0,INDEX($BB$7:$BB$56,$AZ20),"") -> 135 | BE20: =IFERROR(IF(OR(LEN($BH20)=0,$BH20=0),"",$B20),"") | BF20: =IFERROR(SMALL($BE$7:$BE$56,ROW($BF20)-ROW($BF$6)),"") | BG20: =IFERROR(INDEX(MainTable,$B20,MATCH($BG$4,DatabaseHeaders,0),1),"") -> Joanne Paige | BH20: =IFERROR(IF(COUNTIF($BG$7:$BG20,$BG20)>1,"",$BG20),"") | BI20: =IF(LEN($BF20)>0,INDEX($BH$7:$BH$56,$BF20),"") | BK20: =IFERROR(IF(LEN(BK$6)=0,1,IF(OR(DynamicList!$B$10="",DynamicList!$B$10="All"),1,IF(DynamicList!$B$10=INDEX(MainTable,$B20,MATCH(BK$6,DatabaseHeaders,0)),1,0))),0) -> 1 | BL20: =IFERROR(IF(LEN(BL$6)=0,1,IF(OR(DynamicList!$B$13="",DynamicList!$B$13="All"),1,IF(DynamicList!$B$13=INDEX(MainTable,$B20,MATCH(BL$6,DatabaseHeaders,0)),1,0))),0) -> 1 | BM20: =IFERROR(IF(LEN(BM$6)=0,1,IF(OR(DynamicList!$B$16="",DynamicList!$B$16="All"),1,IF(DynamicList!$B$16=INDEX(MainTable,$B20,MATCH(BM$6,DatabaseHeaders,0)),1,0))),0) -> 1 | BN20: =IFERROR(IF(LEN(BN$6)=0,1,IF(OR(DynamicList!$B$19="",DynamicList!$B$19="All"),1,IF(DynamicList!$B$19=INDEX(MainTable,$B20,MATCH(BN$6,DatabaseHeaders,0)),1,0))),0) -> 1 | BO20: =BK20*BL20*BM20*BN20 -> 1 | BQ20: =IFERROR(IF(OR(LEN($BS20)=0,$BS20=0),"",$B20),"") -> 14 | BR20: =IFERROR(SMALL($BQ$7:$BQ$56,ROW($BR20)-ROW($BR$6)),"") -> 14 | BS20: =IF($BO20=1,$AJ20,"") -> 270729 - Webcam | BT20: =IF(LEN($BU20)>0,BT19+1,"") -> 14 | BU20: =IF(LEN($BR20)>0,INDEX($BS$7:$BS$56,$BR20),"") -> 270729 - Webcam | BW20: =IF($BX20<>"",1,"") -> 1 | BX20: =IFERROR(SMALL($AK$7:$AK$56,ROW(BX20)-ROW($BX$6)),"") -> 14 | BZ20: =IFERROR(IF(OR(LEN($CC20)=0,$CC20=0),"",$B20),"") | CA20: =IFERROR(SMALL($BZ$7:$BZ$56,ROW($CA20)-ROW($CA$6)),"") | CB20: =IFERROR(INDEX(MainTable,$BX20,MATCH($CB$6,DatabaseHeaders,0),1),"") -> Computers & Accessories | CC20: =IFERROR(IF(COUNTIF($CB$7:$CB20,$CB20)>1,"",$CB20),"") | CD20: =IF(LEN($CA20)>0,INDEX($CC$7:$CC$56,$CA20),"") | CE20: =IF(LEN($CD20)>0,1,0) -> 0 | CF20: =IFERROR(IF(LEN($CD20)=0,"",COUNTIF($CB$7:$CB$56,$CD20)),"") | CH20: =IFERROR(IF(OR(LEN($CK20)=0,$CK20=0),"",$B20),"") | CI20: =IFERROR(SMALL($CH$7:$CH$56,ROW($CI20)-ROW($CI$6)),"") | CJ20: =IFERROR(INDEX(MainTable,$BX20,MATCH($CJ$6,DatabaseHeaders,0),1),"") -> 0 | CK20: =IFERROR(IF(COUNTIF($CJ$7:$CJ20,$CJ20)>1,"",$CJ20),"") | CL20: =IF(LEN($CI20)>0,INDEX($CK$7:$CK$56,$CI20),"") | CM20: =IF(LEN($CL20)>0,1,0) -> 0 | CN20: =IFERROR(IF(LEN($CL20)=0,"",COUNTIF($CJ$7:$CJ$56,$CL20)),"") | CP20: =IFERROR(IF(OR(LEN($CS20)=0,$CS20=0),"",$B20),"") | CQ20: =IFERROR(SMALL($CP$7:$CP$56,ROW($CQ20)-ROW($CQ$6)),"") | CR20: =IFERROR(INDEX(MainTable,$BX20,MATCH($CR$6,DatabaseHeaders,0),1),"") -> United States | CS20: =IFERROR(IF(COUNTIF($CR$7:$CR20,$CR20)>1,"",$CR20),"") | CT20: =IF(LEN($CQ20)>0,INDEX($CS$7:$CS$56,$CQ20),"") | CU20: =IF(LEN($CT20)>0,1,0) -> 0 | CV20: =IFERROR(IF(LEN($CT20)=0,"",COUNTIF($CR$7:$CR$56,$CT20)),"") | CX20: =IFERROR(IF(OR(LEN($DA20)=0,$DA20=0),"",$B20),"") | CY20: =IFERROR(SMALL($CX$7:$CX$56,ROW($CY20)-ROW($CY$6)),"") | CZ20: =IFERROR(INDEX(MainTable,$BX20,MATCH($CZ$6,DatabaseHeaders,0),1),"") -> Joanne Paige | DA20: =IFERROR(IF(COUNTIF($CZ$7:$CZ20,$CZ20)>1,"",$CZ20),"") | DB20: =IF(LEN($CY20)>0,INDEX($DA$7:$DA$56,$CY20),"") | DC20: =IF(LEN($DB20)>0,1,0) -> 0 | DD20: =IFERROR(IF(LEN($DB20)=0,"",COUNTIF($CZ$7:$CZ$56,$DB20)),"") | DF20: Form Last Row | DG20: =IF(MAX($DO$7:$DO$36)=0,1,MAX($DO$7:$DO$36)) -> 19 | DI20: =IF(LEN(Database!$C21)>0,ROW(Database!$C21),"") -> 21 | DK20: =IF(DynamicList!$D21<>"",ROW(DynamicList!$D21),"") -> 21 | DM20: =IF(LEN(DynamicList!$D21)=0,"",MATCH(DynamicList!$D21,Calc!$AJ$7:$AJ$2006,0)) -> 14 | DO20: =IF(LEN(Form!$C22)>0,ROW(Form!$C22),"")
B21: 15 | C21: =IF(OR(LEN($D21)=0,LEN($E21)=0),"Passive","Active") -> Active | D21: =IFERROR(IF(LEN(INDEX(Database!B$8:B$2007,$B21,1))=0,"",INDEX(Database!B$8:B$2007,$B21,1)),"") -> 156553 | E21: =IFERROR(IF(LEN(INDEX(Database!C$8:C$2007,$B21,1))=0,"",INDEX(Database!C$8:C$2007,$B21,1)),"") -> 16 GB Ram | F21: =IFERROR(IF($C21="Passive","",INDEX(Database!D$8:D$2007,$B21,1)),"") -> Computers & Accessories | G21: =IFERROR(IF($C21="Passive","",INDEX(Database!E$8:E$2007,$B21,1)),"") -> South Korea | H21: =IFERROR(IF($C21="Passive","",INDEX(Database!F$8:F$2007,$B21,1)),"") -> 0 | I21: =IFERROR(IF($C21="Passive","",INDEX(Database!G$8:G$2007,$B21,1)),"") -> 85 | J21: =IFERROR(IF($C21="Passive","",INDEX(Database!H$8:H$2007,$B21,1)),"") -> 50 | K21: =IFERROR(IF($C21="Passive","",INDEX(Database!I$8:I$2007,$B21,1)),"") -> Anne North | L21: =IFERROR(IF($C21="Passive","",INDEX(Database!J$8:J$2007,$B21,1)),"") -> annenorth@mail.com | M21: =IFERROR(IF($C21="Passive","",INDEX(Database!K$8:K$2007,$B21,1)),"") -> 0 | ... AI21: =IFERROR(IF($C21="Passive","",INDEX(Database!AG$8:AG$2007,$B21,1)),"") -> 0 | AJ21: =IFERROR(IF(OR(LEN($D21)=0,LEN($E21)=0),"",$D21 & " - " & $E21),"") -> 156553 - 16 GB Ram | AK21: =IF(AND($D21="",$E21=""),"",ROW($DP21)-ROW($DK$6)) -> 15 | AM21: =IFERROR(IF(OR(LEN($AP21)=0,$AP21=0),"",$B21),"") | AN21: =IFERROR(SMALL($AM$7:$AM$56,ROW($AN21)-ROW($AN$6)),"") | AO21: =IFERROR(INDEX(MainTable,$B21,MATCH($AO$4,DatabaseHeaders,0),1),"") -> Computers & Accessories | AP21: =IFERROR(IF(COUNTIF($AO$7:$AO21,$AO21)>1,"",$AO21),"") | AQ21: =IF(LEN($AN21)>0,INDEX($AP$7:$AP$56,$AN21),"") | AS21: =IFERROR(IF(OR(LEN($AV21)=0,$AV21=0),"",$B21),"") | AT21: =IFERROR(SMALL($AS$7:$AS$56,ROW($AT21)-ROW($AT$6)),"") | AU21: =IFERROR(INDEX(MainTable,$B21,MATCH($AU$4,DatabaseHeaders,0),1),"") -> South Korea | AV21: =IFERROR(IF(COUNTIF($AU$7:$AU21,$AU21)>1,"",$AU21),"") | AW21: =IF(LEN($AT21)>0,INDEX($AV$7:$AV$56,$AT21),"") | AY21: =IFERROR(IF(OR(LEN($BB21)=0,$BB21=0),"",$B21),"") -> 15 | AZ21: =IFERROR(SMALL($AY$7:$AY$56,ROW($AZ21)-ROW($AZ$6)),"") -> 15 | BA21: =IFERROR(INDEX(MainTable,$B21,MATCH($BA$4,DatabaseHeaders,0),1),"") -> 85 | BB21: =IFERROR(IF(COUNTIF($BA$7:$BA21,$BA21)>1,"",$BA21),"") -> 85 | BC21: =IF(LEN($AZ21)>0,INDEX($BB$7:$BB$56,$AZ21),"") -> 85 | BE21: =IFERROR(IF(OR(LEN($BH21)=0,$BH21=0),"",$B21),"") | BF21: =IFERROR(SMALL($BE$7:$BE$56,ROW($BF21)-ROW($BF$6)),"") | BG21: =IFERROR(INDEX(MainTable,$B21,MATCH($BG$4,DatabaseHeaders,0),1),"") -> Anne North | BH21: =IFERROR(IF(COUNTIF($BG$7:$BG21,$BG21)>1,"",$BG21),"") | BI21: =IF(LEN($BF21)>0,INDEX($BH$7:$BH$56,$BF21),"") | BK21: =IFERROR(IF(LEN(BK$6)=0,1,IF(OR(DynamicList!$B$10="",DynamicList!$B$10="All"),1,IF(DynamicList!$B$10=INDEX(MainTable,$B21,MATCH(BK$6,DatabaseHeaders,0)),1,0))),0) -> 1 | BL21: =IFERROR(IF(LEN(BL$6)=0,1,IF(OR(DynamicList!$B$13="",DynamicList!$B$13="All"),1,IF(DynamicList!$B$13=INDEX(MainTable,$B21,MATCH(BL$6,DatabaseHeaders,0)),1,0))),0) -> 1 | BM21: =IFERROR(IF(LEN(BM$6)=0,1,IF(OR(DynamicList!$B$16="",DynamicList!$B$16="All"),1,IF(DynamicList!$B$16=INDEX(MainTable,$B21,MATCH(BM$6,DatabaseHeaders,0)),1,0))),0) -> 1 | BN21: =IFERROR(IF(LEN(BN$6)=0,1,IF(OR(DynamicList!$B$19="",DynamicList!$B$19="All"),1,IF(DynamicList!$B$19=INDEX(MainTable,$B21,MATCH(BN$6,DatabaseHeaders,0)),1,0))),0) -> 1 | BO21: =BK21*BL21*BM21*BN21 -> 1 | BQ21: =IFERROR(IF(OR(LEN($BS21)=0,$BS21=0),"",$B21),"") -> 15 | BR21: =IFERROR(SMALL($BQ$7:$BQ$56,ROW($BR21)-ROW($BR$6)),"") -> 15 | BS21: =IF($BO21=1,$AJ21,"") -> 156553 - 16 GB Ram | BT21: =IF(LEN($BU21)>0,BT20+1,"") -> 15 | BU21: =IF(LEN($BR21)>0,INDEX($BS$7:$BS$56,$BR21),"") -> 156553 - 16 GB Ram | BW21: =IF($BX21<>"",1,"") -> 1 | BX21: =IFERROR(SMALL($AK$7:$AK$56,ROW(BX21)-ROW($BX$6)),"") -> 15 | BZ21: =IFERROR(IF(OR(LEN($CC21)=0,$CC21=0),"",$B21),"") | CA21: =IFERROR(SMALL($BZ$7:$BZ$56,ROW($CA21)-ROW($CA$6)),"") | CB21: =IFERROR(INDEX(MainTable,$BX21,MATCH($CB$6,DatabaseHeaders,0),1),"") -> Computers & Accessories | CC21: =IFERROR(IF(COUNTIF($CB$7:$CB21,$CB21)>1,"",$CB21),"") | CD21: =IF(LEN($CA21)>0,INDEX($CC$7:$CC$56,$CA21),"") | CE21: =IF(LEN($CD21)>0,1,0) -> 0 | CF21: =IFERROR(IF(LEN($CD21)=0,"",COUNTIF($CB$7:$CB$56,$CD21)),"") | CH21: =IFERROR(IF(OR(LEN($CK21)=0,$CK21=0),"",$B21),"") | CI21: =IFERROR(SMALL($CH$7:$CH$56,ROW($CI21)-ROW($CI$6)),"") | CJ21: =IFERROR(INDEX(MainTable,$BX21,MATCH($CJ$6,DatabaseHeaders,0),1),"") -> 0 | CK21: =IFERROR(IF(COUNTIF($CJ$7:$CJ21,$CJ21)>1,"",$CJ21),"") | CL21: =IF(LEN($CI21)>0,INDEX($CK$7:$CK$56,$CI21),"") | CM21: =IF(LEN($CL21)>0,1,0) -> 0 | CN21: =IFERROR(IF(LEN($CL21)=0,"",COUNTIF($CJ$7:$CJ$56,$CL21)),"") | CP21: =IFERROR(IF(OR(LEN($CS21)=0,$CS21=0),"",$B21),"") | CQ21: =IFERROR(SMALL($CP$7:$CP$56,ROW($CQ21)-ROW($CQ$6)),"") | CR21: =IFERROR(INDEX(MainTable,$BX21,MATCH($CR$6,DatabaseHeaders,0),1),"") -> South Korea | CS21: =IFERROR(IF(COUNTIF($CR$7:$CR21,$CR21)>1,"",$CR21),"") | CT21: =IF(LEN($CQ21)>0,INDEX($CS$7:$CS$56,$CQ21),"") | CU21: =IF(LEN($CT21)>0,1,0) -> 0 | CV21: =IFERROR(IF(LEN($CT21)=0,"",COUNTIF($CR$7:$CR$56,$CT21)),"") | CX21: =IFERROR(IF(OR(LEN($DA21)=0,$DA21=0),"",$B21),"") | CY21: =IFERROR(SMALL($CX$7:$CX$56,ROW($CY21)-ROW($CY$6)),"") | CZ21: =IFERROR(INDEX(MainTable,$BX21,MATCH($CZ$6,DatabaseHeaders,0),1),"") -> Anne North | DA21: =IFERROR(IF(COUNTIF($CZ$7:$CZ21,$CZ21)>1,"",$CZ21),"") | DB21: =IF(LEN($CY21)>0,INDEX($DA$7:$DA$56,$CY21),"") | DC21: =IF(LEN($DB21)>0,1,0) -> 0 | DD21: =IFERROR(IF(LEN($DB21)=0,"",COUNTIF($CZ$7:$CZ$56,$DB21)),"") | DI21: =IF(LEN(Database!$C22)>0,ROW(Database!$C22),"") -> 22 | DK21: =IF(DynamicList!$D22<>"",ROW(DynamicList!$D22),"") -> 22 | DM21: =IF(LEN(DynamicList!$D22)=0,"",MATCH(DynamicList!$D22,Calc!$AJ$7:$AJ$2006,0)) -> 15 | DO21: =IF(LEN(Form!$C23)>0,ROW(Form!$C23),"")
B22: 16 | C22: =IF(OR(LEN($D22)=0,LEN($E22)=0),"Passive","Active") -> Active | D22: =IFERROR(IF(LEN(INDEX(Database!B$8:B$2007,$B22,1))=0,"",INDEX(Database!B$8:B$2007,$B22,1)),"") -> 355243 | E22: =IFERROR(IF(LEN(INDEX(Database!C$8:C$2007,$B22,1))=0,"",INDEX(Database!C$8:C$2007,$B22,1)),"") -> 256 GB SSD | F22: =IFERROR(IF($C22="Passive","",INDEX(Database!D$8:D$2007,$B22,1)),"") -> Computers & Accessories | G22: =IFERROR(IF($C22="Passive","",INDEX(Database!E$8:E$2007,$B22,1)),"") -> South Korea | H22: =IFERROR(IF($C22="Passive","",INDEX(Database!F$8:F$2007,$B22,1)),"") -> 0 | I22: =IFERROR(IF($C22="Passive","",INDEX(Database!G$8:G$2007,$B22,1)),"") -> 360 | J22: =IFERROR(IF($C22="Passive","",INDEX(Database!H$8:H$2007,$B22,1)),"") -> 85 | K22: =IFERROR(IF($C22="Passive","",INDEX(Database!I$8:I$2007,$B22,1)),"") -> Joan Oliver | L22: =IFERROR(IF($C22="Passive","",INDEX(Database!J$8:J$2007,$B22,1)),"") -> joanoliver@mail.com | M22: =IFERROR(IF($C22="Passive","",INDEX(Database!K$8:K$2007,$B22,1)),"") -> 0 | ... AI22: =IFERROR(IF($C22="Passive","",INDEX(Database!AG$8:AG$2007,$B22,1)),"") -> 0 | AJ22: =IFERROR(IF(OR(LEN($D22)=0,LEN($E22)=0),"",$D22 & " - " & $E22),"") -> 355243 - 256 GB SSD | AK22: =IF(AND($D22="",$E22=""),"",ROW($DP22)-ROW($DK$6)) -> 16 | AM22: =IFERROR(IF(OR(LEN($AP22)=0,$AP22=0),"",$B22),"") | AN22: =IFERROR(SMALL($AM$7:$AM$56,ROW($AN22)-ROW($AN$6)),"") | AO22: =IFERROR(INDEX(MainTable,$B22,MATCH($AO$4,DatabaseHeaders,0),1),"") -> Computers & Accessories | AP22: =IFERROR(IF(COUNTIF($AO$7:$AO22,$AO22)>1,"",$AO22),"") | AQ22: =IF(LEN($AN22)>0,INDEX($AP$7:$AP$56,$AN22),"") | AS22: =IFERROR(IF(OR(LEN($AV22)=0,$AV22=0),"",$B22),"") | AT22: =IFERROR(SMALL($AS$7:$AS$56,ROW($AT22)-ROW($AT$6)),"") | AU22: =IFERROR(INDEX(MainTable,$B22,MATCH($AU$4,DatabaseHeaders,0),1),"") -> South Korea | AV22: =IFERROR(IF(COUNTIF($AU$7:$AU22,$AU22)>1,"",$AU22),"") | AW22: =IF(LEN($AT22)>0,INDEX($AV$7:$AV$56,$AT22),"") | AY22: =IFERROR(IF(OR(LEN($BB22)=0,$BB22=0),"",$B22),"") -> 16 | AZ22: =IFERROR(SMALL($AY$7:$AY$56,ROW($AZ22)-ROW($AZ$6)),"") -> 16 | BA22: =IFERROR(INDEX(MainTable,$B22,MATCH($BA$4,DatabaseHeaders,0),1),"") -> 360 | BB22: =IFERROR(IF(COUNTIF($BA$7:$BA22,$BA22)>1,"",$BA22),"") -> 360 | BC22: =IF(LEN($AZ22)>0,INDEX($BB$7:$BB$56,$AZ22),"") -> 360 | BE22: =IFERROR(IF(OR(LEN($BH22)=0,$BH22=0),"",$B22),"") | BF22: =IFERROR(SMALL($BE$7:$BE$56,ROW($BF22)-ROW($BF$6)),"") | BG22: =IFERROR(INDEX(MainTable,$B22,MATCH($BG$4,DatabaseHeaders,0),1),"") -> Joan Oliver | BH22: =IFERROR(IF(COUNTIF($BG$7:$BG22,$BG22)>1,"",$BG22),"") | BI22: =IF(LEN($BF22)>0,INDEX($BH$7:$BH$56,$BF22),"") | BK22: =IFERROR(IF(LEN(BK$6)=0,1,IF(OR(DynamicList!$B$10="",DynamicList!$B$10="All"),1,IF(DynamicList!$B$10=INDEX(MainTable,$B22,MATCH(BK$6,DatabaseHeaders,0)),1,0))),0) -> 1 | BL22: =IFERROR(IF(LEN(BL$6)=0,1,IF(OR(DynamicList!$B$13="",DynamicList!$B$13="All"),1,IF(DynamicList!$B$13=INDEX(MainTable,$B22,MATCH(BL$6,DatabaseHeaders,0)),1,0))),0) -> 1 | BM22: =IFERROR(IF(LEN(BM$6)=0,1,IF(OR(DynamicList!$B$16="",DynamicList!$B$16="All"),1,IF(DynamicList!$B$16=INDEX(MainTable,$B22,MATCH(BM$6,DatabaseHeaders,0)),1,0))),0) -> 1 | BN22: =IFERROR(IF(LEN(BN$6)=0,1,IF(OR(DynamicList!$B$19="",DynamicList!$B$19="All"),1,IF(DynamicList!$B$19=INDEX(MainTable,$B22,MATCH(BN$6,DatabaseHeaders,0)),1,0))),0) -> 1 | BO22: =BK22*BL22*BM22*BN22 -> 1 | BQ22: =IFERROR(IF(OR(LEN($BS22)=0,$BS22=0),"",$B22),"") -> 16 | BR22: =IFERROR(SMALL($BQ$7:$BQ$56,ROW($BR22)-ROW($BR$6)),"") -> 16 | BS22: =IF($BO22=1,$AJ22,"") -> 355243 - 256 GB SSD | BT22: =IF(LEN($BU22)>0,BT21+1,"") -> 16 | BU22: =IF(LEN($BR22)>0,INDEX($BS$7:$BS$56,$BR22),"") -> 355243 - 256 GB SSD | BW22: =IF($BX22<>"",1,"") -> 1 | BX22: =IFERROR(SMALL($AK$7:$AK$56,ROW(BX22)-ROW($BX$6)),"") -> 16 | BZ22: =IFERROR(IF(OR(LEN($CC22)=0,$CC22=0),"",$B22),"") | CA22: =IFERROR(SMALL($BZ$7:$BZ$56,ROW($CA22)-ROW($CA$6)),"") | CB22: =IFERROR(INDEX(MainTable,$BX22,MATCH($CB$6,DatabaseHeaders,0),1),"") -> Computers & Accessories | CC22: =IFERROR(IF(COUNTIF($CB$7:$CB22,$CB22)>1,"",$CB22),"") | CD22: =IF(LEN($CA22)>0,INDEX($CC$7:$CC$56,$CA22),"") | CE22: =IF(LEN($CD22)>0,1,0) -> 0 | CF22: =IFERROR(IF(LEN($CD22)=0,"",COUNTIF($CB$7:$CB$56,$CD22)),"") | CH22: =IFERROR(IF(OR(LEN($CK22)=0,$CK22=0),"",$B22),"") | CI22: =IFERROR(SMALL($CH$7:$CH$56,ROW($CI22)-ROW($CI$6)),"") | CJ22: =IFERROR(INDEX(MainTable,$BX22,MATCH($CJ$6,DatabaseHeaders,0),1),"") -> 0 | CK22: =IFERROR(IF(COUNTIF($CJ$7:$CJ22,$CJ22)>1,"",$CJ22),"") | CL22: =IF(LEN($CI22)>0,INDEX($CK$7:$CK$56,$CI22),"") | CM22: =IF(LEN($CL22)>0,1,0) -> 0 | CN22: =IFERROR(IF(LEN($CL22)=0,"",COUNTIF($CJ$7:$CJ$56,$CL22)),"") | CP22: =IFERROR(IF(OR(LEN($CS22)=0,$CS22=0),"",$B22),"") | CQ22: =IFERROR(SMALL($CP$7:$CP$56,ROW($CQ22)-ROW($CQ$6)),"") | CR22: =IFERROR(INDEX(MainTable,$BX22,MATCH($CR$6,DatabaseHeaders,0),1),"") -> South Korea | CS22: =IFERROR(IF(COUNTIF($CR$7:$CR22,$CR22)>1,"",$CR22),"") | CT22: =IF(LEN($CQ22)>0,INDEX($CS$7:$CS$56,$CQ22),"") | CU22: =IF(LEN($CT22)>0,1,0) -> 0 | CV22: =IFERROR(IF(LEN($CT22)=0,"",COUNTIF($CR$7:$CR$56,$CT22)),"") | CX22: =IFERROR(IF(OR(LEN($DA22)=0,$DA22=0),"",$B22),"") | CY22: =IFERROR(SMALL($CX$7:$CX$56,ROW($CY22)-ROW($CY$6)),"") | CZ22: =IFERROR(INDEX(MainTable,$BX22,MATCH($CZ$6,DatabaseHeaders,0),1),"") -> Joan Oliver | DA22: =IFERROR(IF(COUNTIF($CZ$7:$CZ22,$CZ22)>1,"",$CZ22),"") | DB22: =IF(LEN($CY22)>0,INDEX($DA$7:$DA$56,$CY22),"") | DC22: =IF(LEN($DB22)>0,1,0) -> 0 | DD22: =IFERROR(IF(LEN($DB22)=0,"",COUNTIF($CZ$7:$CZ$56,$DB22)),"") | DI22: =IF(LEN(Database!$C23)>0,ROW(Database!$C23),"") -> 23 | DK22: =IF(DynamicList!$D23<>"",ROW(DynamicList!$D23),"") -> 23 | DM22: =IF(LEN(DynamicList!$D23)=0,"",MATCH(DynamicList!$D23,Calc!$AJ$7:$AJ$2006,0)) -> 16 | DO22: =IF(LEN(Form!$C24)>0,ROW(Form!$C24),"")
B23: 17 | C23: =IF(OR(LEN($D23)=0,LEN($E23)=0),"Passive","Active") -> Active | D23: =IFERROR(IF(LEN(INDEX(Database!B$8:B$2007,$B23,1))=0,"",INDEX(Database!B$8:B$2007,$B23,1)),"") -> 366906 | E23: =IFERROR(IF(LEN(INDEX(Database!C$8:C$2007,$B23,1))=0,"",INDEX(Database!C$8:C$2007,$B23,1)),"") -> Monitor | F23: =IFERROR(IF($C23="Passive","",INDEX(Database!D$8:D$2007,$B23,1)),"") -> Computers & Accessories | G23: =IFERROR(IF($C23="Passive","",INDEX(Database!E$8:E$2007,$B23,1)),"") -> China | H23: =IFERROR(IF($C23="Passive","",INDEX(Database!F$8:F$2007,$B23,1)),"") -> 0 | I23: =IFERROR(IF($C23="Passive","",INDEX(Database!G$8:G$2007,$B23,1)),"") -> 1950 | J23: =IFERROR(IF($C23="Passive","",INDEX(Database!H$8:H$2007,$B23,1)),"") -> 450 | K23: =IFERROR(IF($C23="Passive","",INDEX(Database!I$8:I$2007,$B23,1)),"") -> Katherine Short | L23: =IFERROR(IF($C23="Passive","",INDEX(Database!J$8:J$2007,$B23,1)),"") -> katherineshort@mail.com | M23: =IFERROR(IF($C23="Passive","",INDEX(Database!K$8:K$2007,$B23,1)),"") -> 0 | ... AI23: =IFERROR(IF($C23="Passive","",INDEX(Database!AG$8:AG$2007,$B23,1)),"") -> 0 | AJ23: =IFERROR(IF(OR(LEN($D23)=0,LEN($E23)=0),"",$D23 & " - " & $E23),"") -> 366906 - Monitor | AK23: =IF(AND($D23="",$E23=""),"",ROW($DP23)-ROW($DK$6)) -> 17 | AM23: =IFERROR(IF(OR(LEN($AP23)=0,$AP23=0),"",$B23),"") | AN23: =IFERROR(SMALL($AM$7:$AM$56,ROW($AN23)-ROW($AN$6)),"") | AO23: =IFERROR(INDEX(MainTable,$B23,MATCH($AO$4,DatabaseHeaders,0),1),"") -> Computers & Accessories | AP23: =IFERROR(IF(COUNTIF($AO$7:$AO23,$AO23)>1,"",$AO23),"") | AQ23: =IF(LEN($AN23)>0,INDEX($AP$7:$AP$56,$AN23),"") | AS23: =IFERROR(IF(OR(LEN($AV23)=0,$AV23=0),"",$B23),"") | AT23: =IFERROR(SMALL($AS$7:$AS$56,ROW($AT23)-ROW($AT$6)),"") | AU23: =IFERROR(INDEX(MainTable,$B23,MATCH($AU$4,DatabaseHeaders,0),1),"") -> China | AV23: =IFERROR(IF(COUNTIF($AU$7:$AU23,$AU23)>1,"",$AU23),"") | AW23: =IF(LEN($AT23)>0,INDEX($AV$7:$AV$56,$AT23),"") | AY23: =IFERROR(IF(OR(LEN($BB23)=0,$BB23=0),"",$B23),"") -> 17 | AZ23: =IFERROR(SMALL($AY$7:$AY$56,ROW($AZ23)-ROW($AZ$6)),"") -> 17 | BA23: =IFERROR(INDEX(MainTable,$B23,MATCH($BA$4,DatabaseHeaders,0),1),"") -> 1950 | BB23: =IFERROR(IF(COUNTIF($BA$7:$BA23,$BA23)>1,"",$BA23),"") -> 1950 | BC23: =IF(LEN($AZ23)>0,INDEX($BB$7:$BB$56,$AZ23),"") -> 1950 | BE23: =IFERROR(IF(OR(LEN($BH23)=0,$BH23=0),"",$B23),"") | BF23: =IFERROR(SMALL($BE$7:$BE$56,ROW($BF23)-ROW($BF$6)),"") | BG23: =IFERROR(INDEX(MainTable,$B23,MATCH($BG$4,DatabaseHeaders,0),1),"") -> Katherine Short | BH23: =IFERROR(IF(COUNTIF($BG$7:$BG23,$BG23)>1,"",$BG23),"") | BI23: =IF(LEN($BF23)>0,INDEX($BH$7:$BH$56,$BF23),"") | BK23: =IFERROR(IF(LEN(BK$6)=0,1,IF(OR(DynamicList!$B$10="",DynamicList!$B$10="All"),1,IF(DynamicList!$B$10=INDEX(MainTable,$B23,MATCH(BK$6,DatabaseHeaders,0)),1,0))),0) -> 1 | BL23: =IFERROR(IF(LEN(BL$6)=0,1,IF(OR(DynamicList!$B$13="",DynamicList!$B$13="All"),1,IF(DynamicList!$B$13=INDEX(MainTable,$B23,MATCH(BL$6,DatabaseHeaders,0)),1,0))),0) -> 1 | BM23: =IFERROR(IF(LEN(BM$6)=0,1,IF(OR(DynamicList!$B$16="",DynamicList!$B$16="All"),1,IF(DynamicList!$B$16=INDEX(MainTable,$B23,MATCH(BM$6,DatabaseHeaders,0)),1,0))),0) -> 1 | BN23: =IFERROR(IF(LEN(BN$6)=0,1,IF(OR(DynamicList!$B$19="",DynamicList!$B$19="All"),1,IF(DynamicList!$B$19=INDEX(MainTable,$B23,MATCH(BN$6,DatabaseHeaders,0)),1,0))),0) -> 1 | BO23: =BK23*BL23*BM23*BN23 -> 1 | BQ23: =IFERROR(IF(OR(LEN($BS23)=0,$BS23=0),"",$B23),"") -> 17 | BR23: =IFERROR(SMALL($BQ$7:$BQ$56,ROW($BR23)-ROW($BR$6)),"") -> 17 | BS23: =IF($BO23=1,$AJ23,"") -> 366906 - Monitor | BT23: =IF(LEN($BU23)>0,BT22+1,"") -> 17 | BU23: =IF(LEN($BR23)>0,INDEX($BS$7:$BS$56,$BR23),"") -> 366906 - Monitor | BW23: =IF($BX23<>"",1,"") -> 1 | BX23: =IFERROR(SMALL($AK$7:$AK$56,ROW(BX23)-ROW($BX$6)),"") -> 17 | BZ23: =IFERROR(IF(OR(LEN($CC23)=0,$CC23=0),"",$B23),"") | CA23: =IFERROR(SMALL($BZ$7:$BZ$56,ROW($CA23)-ROW($CA$6)),"") | CB23: =IFERROR(INDEX(MainTable,$BX23,MATCH($CB$6,DatabaseHeaders,0),1),"") -> Computers & Accessories | CC23: =IFERROR(IF(COUNTIF($CB$7:$CB23,$CB23)>1,"",$CB23),"") | CD23: =IF(LEN($CA23)>0,INDEX($CC$7:$CC$56,$CA23),"") | CE23: =IF(LEN($CD23)>0,1,0) -> 0 | CF23: =IFERROR(IF(LEN($CD23)=0,"",COUNTIF($CB$7:$CB$56,$CD23)),"") | CH23: =IFERROR(IF(OR(LEN($CK23)=0,$CK23=0),"",$B23),"") | CI23: =IFERROR(SMALL($CH$7:$CH$56,ROW($CI23)-ROW($CI$6)),"") | CJ23: =IFERROR(INDEX(MainTable,$BX23,MATCH($CJ$6,DatabaseHeaders,0),1),"") -> 0 | CK23: =IFERROR(IF(COUNTIF($CJ$7:$CJ23,$CJ23)>1,"",$CJ23),"") | CL23: =IF(LEN($CI23)>0,INDEX($CK$7:$CK$56,$CI23),"") | CM23: =IF(LEN($CL23)>0,1,0) -> 0 | CN23: =IFERROR(IF(LEN($CL23)=0,"",COUNTIF($CJ$7:$CJ$56,$CL23)),"") | CP23: =IFERROR(IF(OR(LEN($CS23)=0,$CS23=0),"",$B23),"") | CQ23: =IFERROR(SMALL($CP$7:$CP$56,ROW($CQ23)-ROW($CQ$6)),"") | CR23: =IFERROR(INDEX(MainTable,$BX23,MATCH($CR$6,DatabaseHeaders,0),1),"") -> China | CS23: =IFERROR(IF(COUNTIF($CR$7:$CR23,$CR23)>1,"",$CR23),"") | CT23: =IF(LEN($CQ23)>0,INDEX($CS$7:$CS$56,$CQ23),"") | CU23: =IF(LEN($CT23)>0,1,0) -> 0 | CV23: =IFERROR(IF(LEN($CT23)=0,"",COUNTIF($CR$7:$CR$56,$CT23)),"") | CX23: =IFERROR(IF(OR(LEN($DA23)=0,$DA23=0),"",$B23),"") | CY23: =IFERROR(SMALL($CX$7:$CX$56,ROW($CY23)-ROW($CY$6)),"") | CZ23: =IFERROR(INDEX(MainTable,$BX23,MATCH($CZ$6,DatabaseHeaders,0),1),"") -> Katherine Short | DA23: =IFERROR(IF(COUNTIF($CZ$7:$CZ23,$CZ23)>1,"",$CZ23),"") | DB23: =IF(LEN($CY23)>0,INDEX($DA$7:$DA$56,$CY23),"") | DC23: =IF(LEN($DB23)>0,1,0) -> 0 | DD23: =IFERROR(IF(LEN($DB23)=0,"",COUNTIF($CZ$7:$CZ$56,$DB23)),"") | DI23: =IF(LEN(Database!$C24)>0,ROW(Database!$C24),"") -> 24 | DK23: =IF(DynamicList!$D24<>"",ROW(DynamicList!$D24),"") -> 24 | DM23: =IF(LEN(DynamicList!$D24)=0,"",MATCH(DynamicList!$D24,Calc!$AJ$7:$AJ$2006,0)) -> 17 | DO23: =IF(LEN(Form!$C25)>0,ROW(Form!$C25),"")
B24: 18 | C24: =IF(OR(LEN($D24)=0,LEN($E24)=0),"Passive","Active") -> Active | D24: =IFERROR(IF(LEN(INDEX(Database!B$8:B$2007,$B24,1))=0,"",INDEX(Database!B$8:B$2007,$B24,1)),"") -> 758183 | E24: =IFERROR(IF(LEN(INDEX(Database!C$8:C$2007,$B24,1))=0,"",INDEX(Database!C$8:C$2007,$B24,1)),"") -> Laptop Stand | F24: =IFERROR(IF($C24="Passive","",INDEX(Database!D$8:D$2007,$B24,1)),"") -> Computers & Accessories | G24: =IFERROR(IF($C24="Passive","",INDEX(Database!E$8:E$2007,$B24,1)),"") -> China | H24: =IFERROR(IF($C24="Passive","",INDEX(Database!F$8:F$2007,$B24,1)),"") -> 0 | I24: =IFERROR(IF($C24="Passive","",INDEX(Database!G$8:G$2007,$B24,1)),"") -> 265 | J24: =IFERROR(IF($C24="Passive","",INDEX(Database!H$8:H$2007,$B24,1)),"") -> 35 | K24: =IFERROR(IF($C24="Passive","",INDEX(Database!I$8:I$2007,$B24,1)),"") -> Jessica Ogden | L24: =IFERROR(IF($C24="Passive","",INDEX(Database!J$8:J$2007,$B24,1)),"") -> jessicaogden@mail.com | M24: =IFERROR(IF($C24="Passive","",INDEX(Database!K$8:K$2007,$B24,1)),"") -> 0 | ... AI24: =IFERROR(IF($C24="Passive","",INDEX(Database!AG$8:AG$2007,$B24,1)),"") -> 0 | AJ24: =IFERROR(IF(OR(LEN($D24)=0,LEN($E24)=0),"",$D24 & " - " & $E24),"") -> 758183 - Laptop Stand | AK24: =IF(AND($D24="",$E24=""),"",ROW($DP24)-ROW($DK$6)) -> 18 | AM24: =IFERROR(IF(OR(LEN($AP24)=0,$AP24=0),"",$B24),"") | AN24: =IFERROR(SMALL($AM$7:$AM$56,ROW($AN24)-ROW($AN$6)),"") | AO24: =IFERROR(INDEX(MainTable,$B24,MATCH($AO$4,DatabaseHeaders,0),1),"") -> Computers & Accessories | AP24: =IFERROR(IF(COUNTIF($AO$7:$AO24,$AO24)>1,"",$AO24),"") | AQ24: =IF(LEN($AN24)>0,INDEX($AP$7:$AP$56,$AN24),"") | AS24: =IFERROR(IF(OR(LEN($AV24)=0,$AV24=0),"",$B24),"") | AT24: =IFERROR(SMALL($AS$7:$AS$56,ROW($AT24)-ROW($AT$6)),"") | AU24: =IFERROR(INDEX(MainTable,$B24,MATCH($AU$4,DatabaseHeaders,0),1),"") -> China | AV24: =IFERROR(IF(COUNTIF($AU$7:$AU24,$AU24)>1,"",$AU24),"") | AW24: =IF(LEN($AT24)>0,INDEX($AV$7:$AV$56,$AT24),"") | AY24: =IFERROR(IF(OR(LEN($BB24)=0,$BB24=0),"",$B24),"") -> 18 | AZ24: =IFERROR(SMALL($AY$7:$AY$56,ROW($AZ24)-ROW($AZ$6)),"") -> 18 | BA24: =IFERROR(INDEX(MainTable,$B24,MATCH($BA$4,DatabaseHeaders,0),1),"") -> 265 | BB24: =IFERROR(IF(COUNTIF($BA$7:$BA24,$BA24)>1,"",$BA24),"") -> 265 | BC24: =IF(LEN($AZ24)>0,INDEX($BB$7:$BB$56,$AZ24),"") -> 265 | BE24: =IFERROR(IF(OR(LEN($BH24)=0,$BH24=0),"",$B24),"") | BF24: =IFERROR(SMALL($BE$7:$BE$56,ROW($BF24)-ROW($BF$6)),"") | BG24: =IFERROR(INDEX(MainTable,$B24,MATCH($BG$4,DatabaseHeaders,0),1),"") -> Jessica Ogden | BH24: =IFERROR(IF(COUNTIF($BG$7:$BG24,$BG24)>1,"",$BG24),"") | BI24: =IF(LEN($BF24)>0,INDEX($BH$7:$BH$56,$BF24),"") | BK24: =IFERROR(IF(LEN(BK$6)=0,1,IF(OR(DynamicList!$B$10="",DynamicList!$B$10="All"),1,IF(DynamicList!$B$10=INDEX(MainTable,$B24,MATCH(BK$6,DatabaseHeaders,0)),1,0))),0) -> 1 | BL24: =IFERROR(IF(LEN(BL$6)=0,1,IF(OR(DynamicList!$B$13="",DynamicList!$B$13="All"),1,IF(DynamicList!$B$13=INDEX(MainTable,$B24,MATCH(BL$6,DatabaseHeaders,0)),1,0))),0) -> 1 | BM24: =IFERROR(IF(LEN(BM$6)=0,1,IF(OR(DynamicList!$B$16="",DynamicList!$B$16="All"),1,IF(DynamicList!$B$16=INDEX(MainTable,$B24,MATCH(BM$6,DatabaseHeaders,0)),1,0))),0) -> 1 | BN24: =IFERROR(IF(LEN(BN$6)=0,1,IF(OR(DynamicList!$B$19="",DynamicList!$B$19="All"),1,IF(DynamicList!$B$19=INDEX(MainTable,$B24,MATCH(BN$6,DatabaseHeaders,0)),1,0))),0) -> 1 | BO24: =BK24*BL24*BM24*BN24 -> 1 | BQ24: =IFERROR(IF(OR(LEN($BS24)=0,$BS24=0),"",$B24),"") -> 18 | BR24: =IFERROR(SMALL($BQ$7:$BQ$56,ROW($BR24)-ROW($BR$6)),"") -> 18 | BS24: =IF($BO24=1,$AJ24,"") -> 758183 - Laptop Stand | BT24: =IF(LEN($BU24)>0,BT23+1,"") -> 18 | BU24: =IF(LEN($BR24)>0,INDEX($BS$7:$BS$56,$BR24),"") -> 758183 - Laptop Stand | BW24: =IF($BX24<>"",1,"") -> 1 | BX24: =IFERROR(SMALL($AK$7:$AK$56,ROW(BX24)-ROW($BX$6)),"") -> 18 | BZ24: =IFERROR(IF(OR(LEN($CC24)=0,$CC24=0),"",$B24),"") | CA24: =IFERROR(SMALL($BZ$7:$BZ$56,ROW($CA24)-ROW($CA$6)),"") | CB24: =IFERROR(INDEX(MainTable,$BX24,MATCH($CB$6,DatabaseHeaders,0),1),"") -> Computers & Accessories | CC24: =IFERROR(IF(COUNTIF($CB$7:$CB24,$CB24)>1,"",$CB24),"") | CD24: =IF(LEN($CA24)>0,INDEX($CC$7:$CC$56,$CA24),"") | CE24: =IF(LEN($CD24)>0,1,0) -> 0 | CF24: =IFERROR(IF(LEN($CD24)=0,"",COUNTIF($CB$7:$CB$56,$CD24)),"") | CH24: =IFERROR(IF(OR(LEN($CK24)=0,$CK24=0),"",$B24),"") | CI24: =IFERROR(SMALL($CH$7:$CH$56,ROW($CI24)-ROW($CI$6)),"") | CJ24: =IFERROR(INDEX(MainTable,$BX24,MATCH($CJ$6,DatabaseHeaders,0),1),"") -> 0 | CK24: =IFERROR(IF(COUNTIF($CJ$7:$CJ24,$CJ24)>1,"",$CJ24),"") | CL24: =IF(LEN($CI24)>0,INDEX($CK$7:$CK$56,$CI24),"") | CM24: =IF(LEN($CL24)>0,1,0) -> 0 | CN24: =IFERROR(IF(LEN($CL24)=0,"",COUNTIF($CJ$7:$CJ$56,$CL24)),"") | CP24: =IFERROR(IF(OR(LEN($CS24)=0,$CS24=0),"",$B24),"") | CQ24: =IFERROR(SMALL($CP$7:$CP$56,ROW($CQ24)-ROW($CQ$6)),"") | CR24: =IFERROR(INDEX(MainTable,$BX24,MATCH($CR$6,DatabaseHeaders,0),1),"") -> China | CS24: =IFERROR(IF(COUNTIF($CR$7:$CR24,$CR24)>1,"",$CR24),"") | CT24: =IF(LEN($CQ24)>0,INDEX($CS$7:$CS$56,$CQ24),"") | CU24: =IF(LEN($CT24)>0,1,0) -> 0 | CV24: =IFERROR(IF(LEN($CT24)=0,"",COUNTIF($CR$7:$CR$56,$CT24)),"") | CX24: =IFERROR(IF(OR(LEN($DA24)=0,$DA24=0),"",$B24),"") | CY24: =IFERROR(SMALL($CX$7:$CX$56,ROW($CY24)-ROW($CY$6)),"") | CZ24: =IFERROR(INDEX(MainTable,$BX24,MATCH($CZ$6,DatabaseHeaders,0),1),"") -> Jessica Ogden | DA24: =IFERROR(IF(COUNTIF($CZ$7:$CZ24,$CZ24)>1,"",$CZ24),"") | DB24: =IF(LEN($CY24)>0,INDEX($DA$7:$DA$56,$CY24),"") | DC24: =IF(LEN($DB24)>0,1,0) -> 0 | DD24: =IFERROR(IF(LEN($DB24)=0,"",COUNTIF($CZ$7:$CZ$56,$DB24)),"") | DI24: =IF(LEN(Database!$C25)>0,ROW(Database!$C25),"") -> 25 | DK24: =IF(DynamicList!$D25<>"",ROW(DynamicList!$D25),"") -> 25 | DM24: =IF(LEN(DynamicList!$D25)=0,"",MATCH(DynamicList!$D25,Calc!$AJ$7:$AJ$2006,0)) -> 18 | DO24: =IF(LEN(Form!$C26)>0,ROW(Form!$C26),"")
B25: 19 | C25: =IF(OR(LEN($D25)=0,LEN($E25)=0),"Passive","Active") -> Active | D25: =IFERROR(IF(LEN(INDEX(Database!B$8:B$2007,$B25,1))=0,"",INDEX(Database!B$8:B$2007,$B25,1)),"") -> 453919 | E25: =IFERROR(IF(LEN(INDEX(Database!C$8:C$2007,$B25,1))=0,"",INDEX(Database!C$8:C$2007,$B25,1)),"") -> Smartwatch | F25: =IFERROR(IF($C25="Passive","",INDEX(Database!D$8:D$2007,$B25,1)),"") -> Wearable Technology | G25: =IFERROR(IF($C25="Passive","",INDEX(Database!E$8:E$2007,$B25,1)),"") -> United States | H25: =IFERROR(IF($C25="Passive","",INDEX(Database!F$8:F$2007,$B25,1)),"") -> 0 | I25: =IFERROR(IF($C25="Passive","",INDEX(Database!G$8:G$2007,$B25,1)),"") -> 125 | J25: =IFERROR(IF($C25="Passive","",INDEX(Database!H$8:H$2007,$B25,1)),"") -> 195 | K25: =IFERROR(IF($C25="Passive","",INDEX(Database!I$8:I$2007,$B25,1)),"") -> Julia Parr | L25: =IFERROR(IF($C25="Passive","",INDEX(Database!J$8:J$2007,$B25,1)),"") -> juliaparr@mail.com | M25: =IFERROR(IF($C25="Passive","",INDEX(Database!K$8:K$2007,$B25,1)),"") -> 0 | ... AI25: =IFERROR(IF($C25="Passive","",INDEX(Database!AG$8:AG$2007,$B25,1)),"") -> 0 | AJ25: =IFERROR(IF(OR(LEN($D25)=0,LEN($E25)=0),"",$D25 & " - " & $E25),"") -> 453919 - Smartwatch | AK25: =IF(AND($D25="",$E25=""),"",ROW($DP25)-ROW($DK$6)) -> 19 | AM25: =IFERROR(IF(OR(LEN($AP25)=0,$AP25=0),"",$B25),"") -> 19 | AN25: =IFERROR(SMALL($AM$7:$AM$56,ROW($AN25)-ROW($AN$6)),"") | AO25: =IFERROR(INDEX(MainTable,$B25,MATCH($AO$4,DatabaseHeaders,0),1),"") -> Wearable Technology | AP25: =IFERROR(IF(COUNTIF($AO$7:$AO25,$AO25)>1,"",$AO25),"") -> Wearable Technology | AQ25: =IF(LEN($AN25)>0,INDEX($AP$7:$AP$56,$AN25),"") | AS25: =IFERROR(IF(OR(LEN($AV25)=0,$AV25=0),"",$B25),"") | AT25: =IFERROR(SMALL($AS$7:$AS$56,ROW($AT25)-ROW($AT$6)),"") | AU25: =IFERROR(INDEX(MainTable,$B25,MATCH($AU$4,DatabaseHeaders,0),1),"") -> United States | AV25: =IFERROR(IF(COUNTIF($AU$7:$AU25,$AU25)>1,"",$AU25),"") | AW25: =IF(LEN($AT25)>0,INDEX($AV$7:$AV$56,$AT25),"") | AY25: =IFERROR(IF(OR(LEN($BB25)=0,$BB25=0),"",$B25),"") | AZ25: =IFERROR(SMALL($AY$7:$AY$56,ROW($AZ25)-ROW($AZ$6)),"") -> 21 | BA25: =IFERROR(INDEX(MainTable,$B25,MATCH($BA$4,DatabaseHeaders,0),1),"") -> 125 | BB25: =IFERROR(IF(COUNTIF($BA$7:$BA25,$BA25)>1,"",$BA25),"") | BC25: =IF(LEN($AZ25)>0,INDEX($BB$7:$BB$56,$AZ25),"") -> 250 | BE25: =IFERROR(IF(OR(LEN($BH25)=0,$BH25=0),"",$B25),"") | BF25: =IFERROR(SMALL($BE$7:$BE$56,ROW($BF25)-ROW($BF$6)),"") | BG25: =IFERROR(INDEX(MainTable,$B25,MATCH($BG$4,DatabaseHeaders,0),1),"") -> Julia Parr | BH25: =IFERROR(IF(COUNTIF($BG$7:$BG25,$BG25)>1,"",$BG25),"") | BI25: =IF(LEN($BF25)>0,INDEX($BH$7:$BH$56,$BF25),"") | BK25: =IFERROR(IF(LEN(BK$6)=0,1,IF(OR(DynamicList!$B$10="",DynamicList!$B$10="All"),1,IF(DynamicList!$B$10=INDEX(MainTable,$B25,MATCH(BK$6,DatabaseHeaders,0)),1,0))),0) -> 1 | BL25: =IFERROR(IF(LEN(BL$6)=0,1,IF(OR(DynamicList!$B$13="",DynamicList!$B$13="All"),1,IF(DynamicList!$B$13=INDEX(MainTable,$B25,MATCH(BL$6,DatabaseHeaders,0)),1,0))),0) -> 1 | BM25: =IFERROR(IF(LEN(BM$6)=0,1,IF(OR(DynamicList!$B$16="",DynamicList!$B$16="All"),1,IF(DynamicList!$B$16=INDEX(MainTable,$B25,MATCH(BM$6,DatabaseHeaders,0)),1,0))),0) -> 1 | BN25: =IFERROR(IF(LEN(BN$6)=0,1,IF(OR(DynamicList!$B$19="",DynamicList!$B$19="All"),1,IF(DynamicList!$B$19=INDEX(MainTable,$B25,MATCH(BN$6,DatabaseHeaders,0)),1,0))),0) -> 1 | BO25: =BK25*BL25*BM25*BN25 -> 1 | BQ25: =IFERROR(IF(OR(LEN($BS25)=0,$BS25=0),"",$B25),"") -> 19 | BR25: =IFERROR(SMALL($BQ$7:$BQ$56,ROW($BR25)-ROW($BR$6)),"") -> 19 | BS25: =IF($BO25=1,$AJ25,"") -> 453919 - Smartwatch | BT25: =IF(LEN($BU25)>0,BT24+1,"") -> 19 | BU25: =IF(LEN($BR25)>0,INDEX($BS$7:$BS$56,$BR25),"") -> 453919 - Smartwatch | BW25: =IF($BX25<>"",1,"") -> 1 | BX25: =IFERROR(SMALL($AK$7:$AK$56,ROW(BX25)-ROW($BX$6)),"") -> 19 | BZ25: =IFERROR(IF(OR(LEN($CC25)=0,$CC25=0),"",$B25),"") -> 19 | CA25: =IFERROR(SMALL($BZ$7:$BZ$56,ROW($CA25)-ROW($CA$6)),"") | CB25: =IFERROR(INDEX(MainTable,$BX25,MATCH($CB$6,DatabaseHeaders,0),1),"") -> Wearable Technology | CC25: =IFERROR(IF(COUNTIF($CB$7:$CB25,$CB25)>1,"",$CB25),"") -> Wearable Technology | CD25: =IF(LEN($CA25)>0,INDEX($CC$7:$CC$56,$CA25),"") | CE25: =IF(LEN($CD25)>0,1,0) -> 0 | CF25: =IFERROR(IF(LEN($CD25)=0,"",COUNTIF($CB$7:$CB$56,$CD25)),"") | CH25: =IFERROR(IF(OR(LEN($CK25)=0,$CK25=0),"",$B25),"") | CI25: =IFERROR(SMALL($CH$7:$CH$56,ROW($CI25)-ROW($CI$6)),"") | CJ25: =IFERROR(INDEX(MainTable,$BX25,MATCH($CJ$6,DatabaseHeaders,0),1),"") -> 0 | CK25: =IFERROR(IF(COUNTIF($CJ$7:$CJ25,$CJ25)>1,"",$CJ25),"") | CL25: =IF(LEN($CI25)>0,INDEX($CK$7:$CK$56,$CI25),"") | CM25: =IF(LEN($CL25)>0,1,0) -> 0 | CN25: =IFERROR(IF(LEN($CL25)=0,"",COUNTIF($CJ$7:$CJ$56,$CL25)),"") | CP25: =IFERROR(IF(OR(LEN($CS25)=0,$CS25=0),"",$B25),"") | CQ25: =IFERROR(SMALL($CP$7:$CP$56,ROW($CQ25)-ROW($CQ$6)),"") | CR25: =IFERROR(INDEX(MainTable,$BX25,MATCH($CR$6,DatabaseHeaders,0),1),"") -> United States | CS25: =IFERROR(IF(COUNTIF($CR$7:$CR25,$CR25)>1,"",$CR25),"") | CT25: =IF(LEN($CQ25)>0,INDEX($CS$7:$CS$56,$CQ25),"") | CU25: =IF(LEN($CT25)>0,1,0) -> 0 | CV25: =IFERROR(IF(LEN($CT25)=0,"",COUNTIF($CR$7:$CR$56,$CT25)),"") | CX25: =IFERROR(IF(OR(LEN($DA25)=0,$DA25=0),"",$B25),"") | CY25: =IFERROR(SMALL($CX$7:$CX$56,ROW($CY25)-ROW($CY$6)),"") | CZ25: =IFERROR(INDEX(MainTable,$BX25,MATCH($CZ$6,DatabaseHeaders,0),1),"") -> Julia Parr | DA25: =IFERROR(IF(COUNTIF($CZ$7:$CZ25,$CZ25)>1,"",$CZ25),"") | DB25: =IF(LEN($CY25)>0,INDEX($DA$7:$DA$56,$CY25),"") | DC25: =IF(LEN($DB25)>0,1,0) -> 0 | DD25: =IFERROR(IF(LEN($DB25)=0,"",COUNTIF($CZ$7:$CZ$56,$DB25)),"") | DI25: =IF(LEN(Database!$C26)>0,ROW(Database!$C26),"") -> 26 | DK25: =IF(DynamicList!$D26<>"",ROW(DynamicList!$D26),"") -> 26 | DM25: =IF(LEN(DynamicList!$D26)=0,"",MATCH(DynamicList!$D26,Calc!$AJ$7:$AJ$2006,0)) -> 19 | DO25: =IF(LEN(Form!$C27)>0,ROW(Form!$C27),"")
B26: 20 | C26: =IF(OR(LEN($D26)=0,LEN($E26)=0),"Passive","Active") -> Active | D26: =IFERROR(IF(LEN(INDEX(Database!B$8:B$2007,$B26,1))=0,"",INDEX(Database!B$8:B$2007,$B26,1)),"") -> 209243 | E26: =IFERROR(IF(LEN(INDEX(Database!C$8:C$2007,$B26,1))=0,"",INDEX(Database!C$8:C$2007,$B26,1)),"") -> Bluetooth Earphones | F26: =IFERROR(IF($C26="Passive","",INDEX(Database!D$8:D$2007,$B26,1)),"") -> Wearable Technology | G26: =IFERROR(IF($C26="Passive","",INDEX(Database!E$8:E$2007,$B26,1)),"") -> United States | H26: =IFERROR(IF($C26="Passive","",INDEX(Database!F$8:F$2007,$B26,1)),"") -> 0 | I26: =IFERROR(IF($C26="Passive","",INDEX(Database!G$8:G$2007,$B26,1)),"") -> 100 | J26: =IFERROR(IF($C26="Passive","",INDEX(Database!H$8:H$2007,$B26,1)),"") -> 190 | K26: =IFERROR(IF($C26="Passive","",INDEX(Database!I$8:I$2007,$B26,1)),"") -> Amy Murray | L26: =IFERROR(IF($C26="Passive","",INDEX(Database!J$8:J$2007,$B26,1)),"") -> amymurray@mail.com | M26: =IFERROR(IF($C26="Passive","",INDEX(Database!K$8:K$2007,$B26,1)),"") -> 0 | ... AI26: =IFERROR(IF($C26="Passive","",INDEX(Database!AG$8:AG$2007,$B26,1)),"") -> 0 | AJ26: =IFERROR(IF(OR(LEN($D26)=0,LEN($E26)=0),"",$D26 & " - " & $E26),"") -> 209243 - Bluetooth Earphones | AK26: =IF(AND($D26="",$E26=""),"",ROW($DP26)-ROW($DK$6)) -> 20 | AM26: =IFERROR(IF(OR(LEN($AP26)=0,$AP26=0),"",$B26),"") | AN26: =IFERROR(SMALL($AM$7:$AM$56,ROW($AN26)-ROW($AN$6)),"") | AO26: =IFERROR(INDEX(MainTable,$B26,MATCH($AO$4,DatabaseHeaders,0),1),"") -> Wearable Technology | AP26: =IFERROR(IF(COUNTIF($AO$7:$AO26,$AO26)>1,"",$AO26),"") | AQ26: =IF(LEN($AN26)>0,INDEX($AP$7:$AP$56,$AN26),"") | AS26: =IFERROR(IF(OR(LEN($AV26)=0,$AV26=0),"",$B26),"") | AT26: =IFERROR(SMALL($AS$7:$AS$56,ROW($AT26)-ROW($AT$6)),"") | AU26: =IFERROR(INDEX(MainTable,$B26,MATCH($AU$4,DatabaseHeaders,0),1),"") -> United States | AV26: =IFERROR(IF(COUNTIF($AU$7:$AU26,$AU26)>1,"",$AU26),"") | AW26: =IF(LEN($AT26)>0,INDEX($AV$7:$AV$56,$AT26),"") | AY26: =IFERROR(IF(OR(LEN($BB26)=0,$BB26=0),"",$B26),"") | AZ26: =IFERROR(SMALL($AY$7:$AY$56,ROW($AZ26)-ROW($AZ$6)),"") -> 22 | BA26: =IFERROR(INDEX(MainTable,$B26,MATCH($BA$4,DatabaseHeaders,0),1),"") -> 100 | BB26: =IFERROR(IF(COUNTIF($BA$7:$BA26,$BA26)>1,"",$BA26),"") | BC26: =IF(LEN($AZ26)>0,INDEX($BB$7:$BB$56,$AZ26),"") -> 200 | BE26: =IFERROR(IF(OR(LEN($BH26)=0,$BH26=0),"",$B26),"") | BF26: =IFERROR(SMALL($BE$7:$BE$56,ROW($BF26)-ROW($BF$6)),"") | BG26: =IFERROR(INDEX(MainTable,$B26,MATCH($BG$4,DatabaseHeaders,0),1),"") -> Amy Murray | BH26: =IFERROR(IF(COUNTIF($BG$7:$BG26,$BG26)>1,"",$BG26),"") | BI26: =IF(LEN($BF26)>0,INDEX($BH$7:$BH$56,$BF26),"") | BK26: =IFERROR(IF(LEN(BK$6)=0,1,IF(OR(DynamicList!$B$10="",DynamicList!$B$10="All"),1,IF(DynamicList!$B$10=INDEX(MainTable,$B26,MATCH(BK$6,DatabaseHeaders,0)),1,0))),0) -> 1 | BL26: =IFERROR(IF(LEN(BL$6)=0,1,IF(OR(DynamicList!$B$13="",DynamicList!$B$13="All"),1,IF(DynamicList!$B$13=INDEX(MainTable,$B26,MATCH(BL$6,DatabaseHeaders,0)),1,0))),0) -> 1 | BM26: =IFERROR(IF(LEN(BM$6)=0,1,IF(OR(DynamicList!$B$16="",DynamicList!$B$16="All"),1,IF(DynamicList!$B$16=INDEX(MainTable,$B26,MATCH(BM$6,DatabaseHeaders,0)),1,0))),0) -> 1 | BN26: =IFERROR(IF(LEN(BN$6)=0,1,IF(OR(DynamicList!$B$19="",DynamicList!$B$19="All"),1,IF(DynamicList!$B$19=INDEX(MainTable,$B26,MATCH(BN$6,DatabaseHeaders,0)),1,0))),0) -> 1 | BO26: =BK26*BL26*BM26*BN26 -> 1 | BQ26: =IFERROR(IF(OR(LEN($BS26)=0,$BS26=0),"",$B26),"") -> 20 | BR26: =IFERROR(SMALL($BQ$7:$BQ$56,ROW($BR26)-ROW($BR$6)),"") -> 20 | BS26: =IF($BO26=1,$AJ26,"") -> 209243 - Bluetooth Earphones | BT26: =IF(LEN($BU26)>0,BT25+1,"") -> 20 | BU26: =IF(LEN($BR26)>0,INDEX($BS$7:$BS$56,$BR26),"") -> 209243 - Bluetooth Earphones | BW26: =IF($BX26<>"",1,"") -> 1 | BX26: =IFERROR(SMALL($AK$7:$AK$56,ROW(BX26)-ROW($BX$6)),"") -> 20 | BZ26: =IFERROR(IF(OR(LEN($CC26)=0,$CC26=0),"",$B26),"") | CA26: =IFERROR(SMALL($BZ$7:$BZ$56,ROW($CA26)-ROW($CA$6)),"") | CB26: =IFERROR(INDEX(MainTable,$BX26,MATCH($CB$6,DatabaseHeaders,0),1),"") -> Wearable Technology | CC26: =IFERROR(IF(COUNTIF($CB$7:$CB26,$CB26)>1,"",$CB26),"") | CD26: =IF(LEN($CA26)>0,INDEX($CC$7:$CC$56,$CA26),"") | CE26: =IF(LEN($CD26)>0,1,0) -> 0 | CF26: =IFERROR(IF(LEN($CD26)=0,"",COUNTIF($CB$7:$CB$56,$CD26)),"") | CH26: =IFERROR(IF(OR(LEN($CK26)=0,$CK26=0),"",$B26),"") | CI26: =IFERROR(SMALL($CH$7:$CH$56,ROW($CI26)-ROW($CI$6)),"") | CJ26: =IFERROR(INDEX(MainTable,$BX26,MATCH($CJ$6,DatabaseHeaders,0),1),"") -> 0 | CK26: =IFERROR(IF(COUNTIF($CJ$7:$CJ26,$CJ26)>1,"",$CJ26),"") | CL26: =IF(LEN($CI26)>0,INDEX($CK$7:$CK$56,$CI26),"") | CM26: =IF(LEN($CL26)>0,1,0) -> 0 | CN26: =IFERROR(IF(LEN($CL26)=0,"",COUNTIF($CJ$7:$CJ$56,$CL26)),"") | CP26: =IFERROR(IF(OR(LEN($CS26)=0,$CS26=0),"",$B26),"") | CQ26: =IFERROR(SMALL($CP$7:$CP$56,ROW($CQ26)-ROW($CQ$6)),"") | CR26: =IFERROR(INDEX(MainTable,$BX26,MATCH($CR$6,DatabaseHeaders,0),1),"") -> United States | CS26: =IFERROR(IF(COUNTIF($CR$7:$CR26,$CR26)>1,"",$CR26),"") | CT26: =IF(LEN($CQ26)>0,INDEX($CS$7:$CS$56,$CQ26),"") | CU26: =IF(LEN($CT26)>0,1,0) -> 0 | CV26: =IFERROR(IF(LEN($CT26)=0,"",COUNTIF($CR$7:$CR$56,$CT26)),"") | CX26: =IFERROR(IF(OR(LEN($DA26)=0,$DA26=0),"",$B26),"") | CY26: =IFERROR(SMALL($CX$7:$CX$56,ROW($CY26)-ROW($CY$6)),"") | CZ26: =IFERROR(INDEX(MainTable,$BX26,MATCH($CZ$6,DatabaseHeaders,0),1),"") -> Amy Murray | DA26: =IFERROR(IF(COUNTIF($CZ$7:$CZ26,$CZ26)>1,"",$CZ26),"") | DB26: =IF(LEN($CY26)>0,INDEX($DA$7:$DA$56,$CY26),"") | DC26: =IF(LEN($DB26)>0,1,0) -> 0 | DD26: =IFERROR(IF(LEN($DB26)=0,"",COUNTIF($CZ$7:$CZ$56,$DB26)),"") | DI26: =IF(LEN(Database!$C27)>0,ROW(Database!$C27),"") -> 27 | DK26: =IF(DynamicList!$D27<>"",ROW(DynamicList!$D27),"") -> 27 | DM26: =IF(LEN(DynamicList!$D27)=0,"",MATCH(DynamicList!$D27,Calc!$AJ$7:$AJ$2006,0)) -> 20 | DO26: =IF(LEN(Form!$C28)>0,ROW(Form!$C28),"")
B27: 21 | C27: =IF(OR(LEN($D27)=0,LEN($E27)=0),"Passive","Active") -> Active | D27: =IFERROR(IF(LEN(INDEX(Database!B$8:B$2007,$B27,1))=0,"",INDEX(Database!B$8:B$2007,$B27,1)),"") -> 119933 | E27: =IFERROR(IF(LEN(INDEX(Database!C$8:C$2007,$B27,1))=0,"",INDEX(Database!C$8:C$2007,$B27,1)),"") -> Overhead Headphones | F27: =IFERROR(IF($C27="Passive","",INDEX(Database!D$8:D$2007,$B27,1)),"") -> Wearable Technology | G27: =IFERROR(IF($C27="Passive","",INDEX(Database!E$8:E$2007,$B27,1)),"") -> South Korea | H27: =IFERROR(IF($C27="Passive","",INDEX(Database!F$8:F$2007,$B27,1)),"") -> 0 | I27: =IFERROR(IF($C27="Passive","",INDEX(Database!G$8:G$2007,$B27,1)),"") -> 250 | J27: =IFERROR(IF($C27="Passive","",INDEX(Database!H$8:H$2007,$B27,1)),"") -> 320 | K27: =IFERROR(IF($C27="Passive","",INDEX(Database!I$8:I$2007,$B27,1)),"") -> Joanne Paige | L27: =IFERROR(IF($C27="Passive","",INDEX(Database!J$8:J$2007,$B27,1)),"") -> joannepaige@mail.com | M27: =IFERROR(IF($C27="Passive","",INDEX(Database!K$8:K$2007,$B27,1)),"") -> 0 | ... AI27: =IFERROR(IF($C27="Passive","",INDEX(Database!AG$8:AG$2007,$B27,1)),"") -> 0 | AJ27: =IFERROR(IF(OR(LEN($D27)=0,LEN($E27)=0),"",$D27 & " - " & $E27),"") -> 119933 - Overhead Headphones | AK27: =IF(AND($D27="",$E27=""),"",ROW($DP27)-ROW($DK$6)) -> 21 | AM27: =IFERROR(IF(OR(LEN($AP27)=0,$AP27=0),"",$B27),"") | AN27: =IFERROR(SMALL($AM$7:$AM$56,ROW($AN27)-ROW($AN$6)),"") | AO27: =IFERROR(INDEX(MainTable,$B27,MATCH($AO$4,DatabaseHeaders,0),1),"") -> Wearable Technology | AP27: =IFERROR(IF(COUNTIF($AO$7:$AO27,$AO27)>1,"",$AO27),"") | AQ27: =IF(LEN($AN27)>0,INDEX($AP$7:$AP$56,$AN27),"") | AS27: =IFERROR(IF(OR(LEN($AV27)=0,$AV27=0),"",$B27),"") | AT27: =IFERROR(SMALL($AS$7:$AS$56,ROW($AT27)-ROW($AT$6)),"") | AU27: =IFERROR(INDEX(MainTable,$B27,MATCH($AU$4,DatabaseHeaders,0),1),"") -> South Korea | AV27: =IFERROR(IF(COUNTIF($AU$7:$AU27,$AU27)>1,"",$AU27),"") | AW27: =IF(LEN($AT27)>0,INDEX($AV$7:$AV$56,$AT27),"") | AY27: =IFERROR(IF(OR(LEN($BB27)=0,$BB27=0),"",$B27),"") -> 21 | AZ27: =IFERROR(SMALL($AY$7:$AY$56,ROW($AZ27)-ROW($AZ$6)),"") -> 23 | BA27: =IFERROR(INDEX(MainTable,$B27,MATCH($BA$4,DatabaseHeaders,0),1),"") -> 250 | BB27: =IFERROR(IF(COUNTIF($BA$7:$BA27,$BA27)>1,"",$BA27),"") -> 250 | BC27: =IF(LEN($AZ27)>0,INDEX($BB$7:$BB$56,$AZ27),"") -> 75 | BE27: =IFERROR(IF(OR(LEN($BH27)=0,$BH27=0),"",$B27),"") | BF27: =IFERROR(SMALL($BE$7:$BE$56,ROW($BF27)-ROW($BF$6)),"") | BG27: =IFERROR(INDEX(MainTable,$B27,MATCH($BG$4,DatabaseHeaders,0),1),"") -> Joanne Paige | BH27: =IFERROR(IF(COUNTIF($BG$7:$BG27,$BG27)>1,"",$BG27),"") | BI27: =IF(LEN($BF27)>0,INDEX($BH$7:$BH$56,$BF27),"") | BK27: =IFERROR(IF(LEN(BK$6)=0,1,IF(OR(DynamicList!$B$10="",DynamicList!$B$10="All"),1,IF(DynamicList!$B$10=INDEX(MainTable,$B27,MATCH(BK$6,DatabaseHeaders,0)),1,0))),0) -> 1 | BL27: =IFERROR(IF(LEN(BL$6)=0,1,IF(OR(DynamicList!$B$13="",DynamicList!$B$13="All"),1,IF(DynamicList!$B$13=INDEX(MainTable,$B27,MATCH(BL$6,DatabaseHeaders,0)),1,0))),0) -> 1 | BM27: =IFERROR(IF(LEN(BM$6)=0,1,IF(OR(DynamicList!$B$16="",DynamicList!$B$16="All"),1,IF(DynamicList!$B$16=INDEX(MainTable,$B27,MATCH(BM$6,DatabaseHeaders,0)),1,0))),0) -> 1 | BN27: =IFERROR(IF(LEN(BN$6)=0,1,IF(OR(DynamicList!$B$19="",DynamicList!$B$19="All"),1,IF(DynamicList!$B$19=INDEX(MainTable,$B27,MATCH(BN$6,DatabaseHeaders,0)),1,0))),0) -> 1 | BO27: =BK27*BL27*BM27*BN27 -> 1 | BQ27: =IFERROR(IF(OR(LEN($BS27)=0,$BS27=0),"",$B27),"") -> 21 | BR27: =IFERROR(SMALL($BQ$7:$BQ$56,ROW($BR27)-ROW($BR$6)),"") -> 21 | BS27: =IF($BO27=1,$AJ27,"") -> 119933 - Overhead Headphones | BT27: =IF(LEN($BU27)>0,BT26+1,"") -> 21 | BU27: =IF(LEN($BR27)>0,INDEX($BS$7:$BS$56,$BR27),"") -> 119933 - Overhead Headphones | BW27: =IF($BX27<>"",1,"") -> 1 | BX27: =IFERROR(SMALL($AK$7:$AK$56,ROW(BX27)-ROW($BX$6)),"") -> 21 | BZ27: =IFERROR(IF(OR(LEN($CC27)=0,$CC27=0),"",$B27),"") | CA27: =IFERROR(SMALL($BZ$7:$BZ$56,ROW($CA27)-ROW($CA$6)),"") | CB27: =IFERROR(INDEX(MainTable,$BX27,MATCH($CB$6,DatabaseHeaders,0),1),"") -> Wearable Technology | CC27: =IFERROR(IF(COUNTIF($CB$7:$CB27,$CB27)>1,"",$CB27),"") | CD27: =IF(LEN($CA27)>0,INDEX($CC$7:$CC$56,$CA27),"") | CE27: =IF(LEN($CD27)>0,1,0) -> 0 | CF27: =IFERROR(IF(LEN($CD27)=0,"",COUNTIF($CB$7:$CB$56,$CD27)),"") | CH27: =IFERROR(IF(OR(LEN($CK27)=0,$CK27=0),"",$B27),"") | CI27: =IFERROR(SMALL($CH$7:$CH$56,ROW($CI27)-ROW($CI$6)),"") | CJ27: =IFERROR(INDEX(MainTable,$BX27,MATCH($CJ$6,DatabaseHeaders,0),1),"") -> 0 | CK27: =IFERROR(IF(COUNTIF($CJ$7:$CJ27,$CJ27)>1,"",$CJ27),"") | CL27: =IF(LEN($CI27)>0,INDEX($CK$7:$CK$56,$CI27),"") | CM27: =IF(LEN($CL27)>0,1,0) -> 0 | CN27: =IFERROR(IF(LEN($CL27)=0,"",COUNTIF($CJ$7:$CJ$56,$CL27)),"") | CP27: =IFERROR(IF(OR(LEN($CS27)=0,$CS27=0),"",$B27),"") | CQ27: =IFERROR(SMALL($CP$7:$CP$56,ROW($CQ27)-ROW($CQ$6)),"") | CR27: =IFERROR(INDEX(MainTable,$BX27,MATCH($CR$6,DatabaseHeaders,0),1),"") -> South Korea | CS27: =IFERROR(IF(COUNTIF($CR$7:$CR27,$CR27)>1,"",$CR27),"") | CT27: =IF(LEN($CQ27)>0,INDEX($CS$7:$CS$56,$CQ27),"") | CU27: =IF(LEN($CT27)>0,1,0) -> 0 | CV27: =IFERROR(IF(LEN($CT27)=0,"",COUNTIF($CR$7:$CR$56,$CT27)),"") | CX27: =IFERROR(IF(OR(LEN($DA27)=0,$DA27=0),"",$B27),"") | CY27: =IFERROR(SMALL($CX$7:$CX$56,ROW($CY27)-ROW($CY$6)),"") | CZ27: =IFERROR(INDEX(MainTable,$BX27,MATCH($CZ$6,DatabaseHeaders,0),1),"") -> Joanne Paige | DA27: =IFERROR(IF(COUNTIF($CZ$7:$CZ27,$CZ27)>1,"",$CZ27),"") | DB27: =IF(LEN($CY27)>0,INDEX($DA$7:$DA$56,$CY27),"") | DC27: =IF(LEN($DB27)>0,1,0) -> 0 | DD27: =IFERROR(IF(LEN($DB27)=0,"",COUNTIF($CZ$7:$CZ$56,$DB27)),"") | DI27: =IF(LEN(Database!$C28)>0,ROW(Database!$C28),"") -> 28 | DK27: =IF(DynamicList!$D28<>"",ROW(DynamicList!$D28),"") -> 28 | DM27: =IF(LEN(DynamicList!$D28)=0,"",MATCH(DynamicList!$D28,Calc!$AJ$7:$AJ$2006,0)) -> 21 | DO27: =IF(LEN(Form!$C29)>0,ROW(Form!$C29),"")
B28: 22 | C28: =IF(OR(LEN($D28)=0,LEN($E28)=0),"Passive","Active") -> Active | D28: =IFERROR(IF(LEN(INDEX(Database!B$8:B$2007,$B28,1))=0,"",INDEX(Database!B$8:B$2007,$B28,1)),"") -> 414081 | E28: =IFERROR(IF(LEN(INDEX(Database!C$8:C$2007,$B28,1))=0,"",INDEX(Database!C$8:C$2007,$B28,1)),"") -> Smart Glass | F28: =IFERROR(IF($C28="Passive","",INDEX(Database!D$8:D$2007,$B28,1)),"") -> Wearable Technology | G28: =IFERROR(IF($C28="Passive","",INDEX(Database!E$8:E$2007,$B28,1)),"") -> Japan | H28: =IFERROR(IF($C28="Passive","",INDEX(Database!F$8:F$2007,$B28,1)),"") -> White | I28: =IFERROR(IF($C28="Passive","",INDEX(Database!G$8:G$2007,$B28,1)),"") -> 200 | J28: =IFERROR(IF($C28="Passive","",INDEX(Database!H$8:H$2007,$B28,1)),"") -> 120 | K28: =IFERROR(IF($C28="Passive","",INDEX(Database!I$8:I$2007,$B28,1)),"") -> Anne North | L28: =IFERROR(IF($C28="Passive","",INDEX(Database!J$8:J$2007,$B28,1)),"") -> annenorth@mail.com | M28: =IFERROR(IF($C28="Passive","",INDEX(Database!K$8:K$2007,$B28,1)),"") -> 0 | ... AI28: =IFERROR(IF($C28="Passive","",INDEX(Database!AG$8:AG$2007,$B28,1)),"") -> 0 | AJ28: =IFERROR(IF(OR(LEN($D28)=0,LEN($E28)=0),"",$D28 & " - " & $E28),"") -> 414081 - Smart Glass | AK28: =IF(AND($D28="",$E28=""),"",ROW($DP28)-ROW($DK$6)) -> 22 | AM28: =IFERROR(IF(OR(LEN($AP28)=0,$AP28=0),"",$B28),"") | AN28: =IFERROR(SMALL($AM$7:$AM$56,ROW($AN28)-ROW($AN$6)),"") | AO28: =IFERROR(INDEX(MainTable,$B28,MATCH($AO$4,DatabaseHeaders,0),1),"") -> Wearable Technology | AP28: =IFERROR(IF(COUNTIF($AO$7:$AO28,$AO28)>1,"",$AO28),"") | AQ28: =IF(LEN($AN28)>0,INDEX($AP$7:$AP$56,$AN28),"") | AS28: =IFERROR(IF(OR(LEN($AV28)=0,$AV28=0),"",$B28),"") -> 22 | AT28: =IFERROR(SMALL($AS$7:$AS$56,ROW($AT28)-ROW($AT$6)),"") | AU28: =IFERROR(INDEX(MainTable,$B28,MATCH($AU$4,DatabaseHeaders,0),1),"") -> Japan | AV28: =IFERROR(IF(COUNTIF($AU$7:$AU28,$AU28)>1,"",$AU28),"") -> Japan | AW28: =IF(LEN($AT28)>0,INDEX($AV$7:$AV$56,$AT28),"") | AY28: =IFERROR(IF(OR(LEN($BB28)=0,$BB28=0),"",$B28),"") -> 22 | AZ28: =IFERROR(SMALL($AY$7:$AY$56,ROW($AZ28)-ROW($AZ$6)),"") -> 28 | BA28: =IFERROR(INDEX(MainTable,$B28,MATCH($BA$4,DatabaseHeaders,0),1),"") -> 200 | BB28: =IFERROR(IF(COUNTIF($BA$7:$BA28,$BA28)>1,"",$BA28),"") -> 200 | BC28: =IF(LEN($AZ28)>0,INDEX($BB$7:$BB$56,$AZ28),"") -> 50 | BE28: =IFERROR(IF(OR(LEN($BH28)=0,$BH28=0),"",$B28),"") | BF28: =IFERROR(SMALL($BE$7:$BE$56,ROW($BF28)-ROW($BF$6)),"") | BG28: =IFERROR(INDEX(MainTable,$B28,MATCH($BG$4,DatabaseHeaders,0),1),"") -> Anne North | BH28: =IFERROR(IF(COUNTIF($BG$7:$BG28,$BG28)>1,"",$BG28),"") | BI28: =IF(LEN($BF28)>0,INDEX($BH$7:$BH$56,$BF28),"") | BK28: =IFERROR(IF(LEN(BK$6)=0,1,IF(OR(DynamicList!$B$10="",DynamicList!$B$10="All"),1,IF(DynamicList!$B$10=INDEX(MainTable,$B28,MATCH(BK$6,DatabaseHeaders,0)),1,0))),0) -> 1 | BL28: =IFERROR(IF(LEN(BL$6)=0,1,IF(OR(DynamicList!$B$13="",DynamicList!$B$13="All"),1,IF(DynamicList!$B$13=INDEX(MainTable,$B28,MATCH(BL$6,DatabaseHeaders,0)),1,0))),0) -> 1 | BM28: =IFERROR(IF(LEN(BM$6)=0,1,IF(OR(DynamicList!$B$16="",DynamicList!$B$16="All"),1,IF(DynamicList!$B$16=INDEX(MainTable,$B28,MATCH(BM$6,DatabaseHeaders,0)),1,0))),0) -> 1 | BN28: =IFERROR(IF(LEN(BN$6)=0,1,IF(OR(DynamicList!$B$19="",DynamicList!$B$19="All"),1,IF(DynamicList!$B$19=INDEX(MainTable,$B28,MATCH(BN$6,DatabaseHeaders,0)),1,0))),0) -> 1 | BO28: =BK28*BL28*BM28*BN28 -> 1 | BQ28: =IFERROR(IF(OR(LEN($BS28)=0,$BS28=0),"",$B28),"") -> 22 | BR28: =IFERROR(SMALL($BQ$7:$BQ$56,ROW($BR28)-ROW($BR$6)),"") -> 22 | BS28: =IF($BO28=1,$AJ28,"") -> 414081 - Smart Glass | BT28: =IF(LEN($BU28)>0,BT27+1,"") -> 22 | BU28: =IF(LEN($BR28)>0,INDEX($BS$7:$BS$56,$BR28),"") -> 414081 - Smart Glass | BW28: =IF($BX28<>"",1,"") -> 1 | BX28: =IFERROR(SMALL($AK$7:$AK$56,ROW(BX28)-ROW($BX$6)),"") -> 22 | BZ28: =IFERROR(IF(OR(LEN($CC28)=0,$CC28=0),"",$B28),"") | CA28: =IFERROR(SMALL($BZ$7:$BZ$56,ROW($CA28)-ROW($CA$6)),"") | CB28: =IFERROR(INDEX(MainTable,$BX28,MATCH($CB$6,DatabaseHeaders,0),1),"") -> Wearable Technology | CC28: =IFERROR(IF(COUNTIF($CB$7:$CB28,$CB28)>1,"",$CB28),"") | CD28: =IF(LEN($CA28)>0,INDEX($CC$7:$CC$56,$CA28),"") | CE28: =IF(LEN($CD28)>0,1,0) -> 0 | CF28: =IFERROR(IF(LEN($CD28)=0,"",COUNTIF($CB$7:$CB$56,$CD28)),"") | CH28: =IFERROR(IF(OR(LEN($CK28)=0,$CK28=0),"",$B28),"") | CI28: =IFERROR(SMALL($CH$7:$CH$56,ROW($CI28)-ROW($CI$6)),"") | CJ28: =IFERROR(INDEX(MainTable,$BX28,MATCH($CJ$6,DatabaseHeaders,0),1),"") -> White | CK28: =IFERROR(IF(COUNTIF($CJ$7:$CJ28,$CJ28)>1,"",$CJ28),"") | CL28: =IF(LEN($CI28)>0,INDEX($CK$7:$CK$56,$CI28),"") | CM28: =IF(LEN($CL28)>0,1,0) -> 0 | CN28: =IFERROR(IF(LEN($CL28)=0,"",COUNTIF($CJ$7:$CJ$56,$CL28)),"") | CP28: =IFERROR(IF(OR(LEN($CS28)=0,$CS28=0),"",$B28),"") -> 22 | CQ28: =IFERROR(SMALL($CP$7:$CP$56,ROW($CQ28)-ROW($CQ$6)),"") | CR28: =IFERROR(INDEX(MainTable,$BX28,MATCH($CR$6,DatabaseHeaders,0),1),"") -> Japan | CS28: =IFERROR(IF(COUNTIF($CR$7:$CR28,$CR28)>1,"",$CR28),"") -> Japan | CT28: =IF(LEN($CQ28)>0,INDEX($CS$7:$CS$56,$CQ28),"") | CU28: =IF(LEN($CT28)>0,1,0) -> 0 | CV28: =IFERROR(IF(LEN($CT28)=0,"",COUNTIF($CR$7:$CR$56,$CT28)),"") | CX28: =IFERROR(IF(OR(LEN($DA28)=0,$DA28=0),"",$B28),"") | CY28: =IFERROR(SMALL($CX$7:$CX$56,ROW($CY28)-ROW($CY$6)),"") | CZ28: =IFERROR(INDEX(MainTable,$BX28,MATCH($CZ$6,DatabaseHeaders,0),1),"") -> Anne North | DA28: =IFERROR(IF(COUNTIF($CZ$7:$CZ28,$CZ28)>1,"",$CZ28),"") | DB28: =IF(LEN($CY28)>0,INDEX($DA$7:$DA$56,$CY28),"") | DC28: =IF(LEN($DB28)>0,1,0) -> 0 | DD28: =IFERROR(IF(LEN($DB28)=0,"",COUNTIF($CZ$7:$CZ$56,$DB28)),"") | DI28: =IF(LEN(Database!$C29)>0,ROW(Database!$C29),"") -> 29 | DK28: =IF(DynamicList!$D29<>"",ROW(DynamicList!$D29),"") -> 29 | DM28: =IF(LEN(DynamicList!$D29)=0,"",MATCH(DynamicList!$D29,Calc!$AJ$7:$AJ$2006,0)) -> 22 | DO28: =IF(LEN(Form!$C30)>0,ROW(Form!$C30),"")
B29: 23 | C29: =IF(OR(LEN($D29)=0,LEN($E29)=0),"Passive","Active") -> Active | D29: =IFERROR(IF(LEN(INDEX(Database!B$8:B$2007,$B29,1))=0,"",INDEX(Database!B$8:B$2007,$B29,1)),"") -> 598674 | E29: =IFERROR(IF(LEN(INDEX(Database!C$8:C$2007,$B29,1))=0,"",INDEX(Database!C$8:C$2007,$B29,1)),"") -> Remote Controller | F29: =IFERROR(IF($C29="Passive","",INDEX(Database!D$8:D$2007,$B29,1)),"") -> Video Game Consoles | G29: =IFERROR(IF($C29="Passive","",INDEX(Database!E$8:E$2007,$B29,1)),"") -> Japan | H29: =IFERROR(IF($C29="Passive","",INDEX(Database!F$8:F$2007,$B29,1)),"") -> Orange | I29: =IFERROR(IF($C29="Passive","",INDEX(Database!G$8:G$2007,$B29,1)),"") -> 75 | J29: =IFERROR(IF($C29="Passive","",INDEX(Database!H$8:H$2007,$B29,1)),"") -> 25 | K29: =IFERROR(IF($C29="Passive","",INDEX(Database!I$8:I$2007,$B29,1)),"") -> Joan Oliver | L29: =IFERROR(IF($C29="Passive","",INDEX(Database!J$8:J$2007,$B29,1)),"") -> joanoliver@mail.com | M29: =IFERROR(IF($C29="Passive","",INDEX(Database!K$8:K$2007,$B29,1)),"") -> 0 | ... AI29: =IFERROR(IF($C29="Passive","",INDEX(Database!AG$8:AG$2007,$B29,1)),"") -> 0 | AJ29: =IFERROR(IF(OR(LEN($D29)=0,LEN($E29)=0),"",$D29 & " - " & $E29),"") -> 598674 - Remote Controller | AK29: =IF(AND($D29="",$E29=""),"",ROW($DP29)-ROW($DK$6)) -> 23 | AM29: =IFERROR(IF(OR(LEN($AP29)=0,$AP29=0),"",$B29),"") -> 23 | AN29: =IFERROR(SMALL($AM$7:$AM$56,ROW($AN29)-ROW($AN$6)),"") | AO29: =IFERROR(INDEX(MainTable,$B29,MATCH($AO$4,DatabaseHeaders,0),1),"") -> Video Game Consoles | AP29: =IFERROR(IF(COUNTIF($AO$7:$AO29,$AO29)>1,"",$AO29),"") -> Video Game Consoles | AQ29: =IF(LEN($AN29)>0,INDEX($AP$7:$AP$56,$AN29),"") | AS29: =IFERROR(IF(OR(LEN($AV29)=0,$AV29=0),"",$B29),"") | AT29: =IFERROR(SMALL($AS$7:$AS$56,ROW($AT29)-ROW($AT$6)),"") | AU29: =IFERROR(INDEX(MainTable,$B29,MATCH($AU$4,DatabaseHeaders,0),1),"") -> Japan | AV29: =IFERROR(IF(COUNTIF($AU$7:$AU29,$AU29)>1,"",$AU29),"") | AW29: =IF(LEN($AT29)>0,INDEX($AV$7:$AV$56,$AT29),"") | AY29: =IFERROR(IF(OR(LEN($BB29)=0,$BB29=0),"",$B29),"") -> 23 | AZ29: =IFERROR(SMALL($AY$7:$AY$56,ROW($AZ29)-ROW($AZ$6)),"") -> 29 | BA29: =IFERROR(INDEX(MainTable,$B29,MATCH($BA$4,DatabaseHeaders,0),1),"") -> 75 | BB29: =IFERROR(IF(COUNTIF($BA$7:$BA29,$BA29)>1,"",$BA29),"") -> 75 | BC29: =IF(LEN($AZ29)>0,INDEX($BB$7:$BB$56,$AZ29),"") -> 6580 | BE29: =IFERROR(IF(OR(LEN($BH29)=0,$BH29=0),"",$B29),"") | BF29: =IFERROR(SMALL($BE$7:$BE$56,ROW($BF29)-ROW($BF$6)),"") | BG29: =IFERROR(INDEX(MainTable,$B29,MATCH($BG$4,DatabaseHeaders,0),1),"") -> Joan Oliver | BH29: =IFERROR(IF(COUNTIF($BG$7:$BG29,$BG29)>1,"",$BG29),"") | BI29: =IF(LEN($BF29)>0,INDEX($BH$7:$BH$56,$BF29),"") | BK29: =IFERROR(IF(LEN(BK$6)=0,1,IF(OR(DynamicList!$B$10="",DynamicList!$B$10="All"),1,IF(DynamicList!$B$10=INDEX(MainTable,$B29,MATCH(BK$6,DatabaseHeaders,0)),1,0))),0) -> 1 | BL29: =IFERROR(IF(LEN(BL$6)=0,1,IF(OR(DynamicList!$B$13="",DynamicList!$B$13="All"),1,IF(DynamicList!$B$13=INDEX(MainTable,$B29,MATCH(BL$6,DatabaseHeaders,0)),1,0))),0) -> 1 | BM29: =IFERROR(IF(LEN(BM$6)=0,1,IF(OR(DynamicList!$B$16="",DynamicList!$B$16="All"),1,IF(DynamicList!$B$16=INDEX(MainTable,$B29,MATCH(BM$6,DatabaseHeaders,0)),1,0))),0) -> 1 | BN29: =IFERROR(IF(LEN(BN$6)=0,1,IF(OR(DynamicList!$B$19="",DynamicList!$B$19="All"),1,IF(DynamicList!$B$19=INDEX(MainTable,$B29,MATCH(BN$6,DatabaseHeaders,0)),1,0))),0) -> 1 | BO29: =BK29*BL29*BM29*BN29 -> 1 | BQ29: =IFERROR(IF(OR(LEN($BS29)=0,$BS29=0),"",$B29),"") -> 23 | BR29: =IFERROR(SMALL($BQ$7:$BQ$56,ROW($BR29)-ROW($BR$6)),"") -> 23 | BS29: =IF($BO29=1,$AJ29,"") -> 598674 - Remote Controller | BT29: =IF(LEN($BU29)>0,BT28+1,"") -> 23 | BU29: =IF(LEN($BR29)>0,INDEX($BS$7:$BS$56,$BR29),"") -> 598674 - Remote Controller | BW29: =IF($BX29<>"",1,"") -> 1 | BX29: =IFERROR(SMALL($AK$7:$AK$56,ROW(BX29)-ROW($BX$6)),"") -> 23 | BZ29: =IFERROR(IF(OR(LEN($CC29)=0,$CC29=0),"",$B29),"") -> 23 | CA29: =IFERROR(SMALL($BZ$7:$BZ$56,ROW($CA29)-ROW($CA$6)),"") | CB29: =IFERROR(INDEX(MainTable,$BX29,MATCH($CB$6,DatabaseHeaders,0),1),"") -> Video Game Consoles | CC29: =IFERROR(IF(COUNTIF($CB$7:$CB29,$CB29)>1,"",$CB29),"") -> Video Game Consoles | CD29: =IF(LEN($CA29)>0,INDEX($CC$7:$CC$56,$CA29),"") | CE29: =IF(LEN($CD29)>0,1,0) -> 0 | CF29: =IFERROR(IF(LEN($CD29)=0,"",COUNTIF($CB$7:$CB$56,$CD29)),"") | CH29: =IFERROR(IF(OR(LEN($CK29)=0,$CK29=0),"",$B29),"") -> 23 | CI29: =IFERROR(SMALL($CH$7:$CH$56,ROW($CI29)-ROW($CI$6)),"") | CJ29: =IFERROR(INDEX(MainTable,$BX29,MATCH($CJ$6,DatabaseHeaders,0),1),"") -> Orange | CK29: =IFERROR(IF(COUNTIF($CJ$7:$CJ29,$CJ29)>1,"",$CJ29),"") -> Orange | CL29: =IF(LEN($CI29)>0,INDEX($CK$7:$CK$56,$CI29),"") | CM29: =IF(LEN($CL29)>0,1,0) -> 0 | CN29: =IFERROR(IF(LEN($CL29)=0,"",COUNTIF($CJ$7:$CJ$56,$CL29)),"") | CP29: =IFERROR(IF(OR(LEN($CS29)=0,$CS29=0),"",$B29),"") | CQ29: =IFERROR(SMALL($CP$7:$CP$56,ROW($CQ29)-ROW($CQ$6)),"") | CR29: =IFERROR(INDEX(MainTable,$BX29,MATCH($CR$6,DatabaseHeaders,0),1),"") -> Japan | CS29: =IFERROR(IF(COUNTIF($CR$7:$CR29,$CR29)>1,"",$CR29),"") | CT29: =IF(LEN($CQ29)>0,INDEX($CS$7:$CS$56,$CQ29),"") | CU29: =IF(LEN($CT29)>0,1,0) -> 0 | CV29: =IFERROR(IF(LEN($CT29)=0,"",COUNTIF($CR$7:$CR$56,$CT29)),"") | CX29: =IFERROR(IF(OR(LEN($DA29)=0,$DA29=0),"",$B29),"") | CY29: =IFERROR(SMALL($CX$7:$CX$56,ROW($CY29)-ROW($CY$6)),"") | CZ29: =IFERROR(INDEX(MainTable,$BX29,MATCH($CZ$6,DatabaseHeaders,0),1),"") -> Joan Oliver | DA29: =IFERROR(IF(COUNTIF($CZ$7:$CZ29,$CZ29)>1,"",$CZ29),"") | DB29: =IF(LEN($CY29)>0,INDEX($DA$7:$DA$56,$CY29),"") | DC29: =IF(LEN($DB29)>0,1,0) -> 0 | DD29: =IFERROR(IF(LEN($DB29)=0,"",COUNTIF($CZ$7:$CZ$56,$DB29)),"") | DI29: =IF(LEN(Database!$C30)>0,ROW(Database!$C30),"") -> 30 | DK29: =IF(DynamicList!$D30<>"",ROW(DynamicList!$D30),"") -> 30 | DM29: =IF(LEN(DynamicList!$D30)=0,"",MATCH(DynamicList!$D30,Calc!$AJ$7:$AJ$2006,0)) -> 23 | DO29: =IF(LEN(Form!$C31)>0,ROW(Form!$C31),"")
B30: 24 | C30: =IF(OR(LEN($D30)=0,LEN($E30)=0),"Passive","Active") -> Active | D30: =IFERROR(IF(LEN(INDEX(Database!B$8:B$2007,$B30,1))=0,"",INDEX(Database!B$8:B$2007,$B30,1)),"") -> 327866 | E30: =IFERROR(IF(LEN(INDEX(Database!C$8:C$2007,$B30,1))=0,"",INDEX(Database!C$8:C$2007,$B30,1)),"") -> Game Console | F30: =IFERROR(IF($C30="Passive","",INDEX(Database!D$8:D$2007,$B30,1)),"") -> Video Game Consoles | G30: =IFERROR(IF($C30="Passive","",INDEX(Database!E$8:E$2007,$B30,1)),"") -> United States | H30: =IFERROR(IF($C30="Passive","",INDEX(Database!F$8:F$2007,$B30,1)),"") -> White | I30: =IFERROR(IF($C30="Passive","",INDEX(Database!G$8:G$2007,$B30,1)),"") -> 125 | J30: =IFERROR(IF($C30="Passive","",INDEX(Database!H$8:H$2007,$B30,1)),"") -> 650 | K30: =IFERROR(IF($C30="Passive","",INDEX(Database!I$8:I$2007,$B30,1)),"") -> Katherine Short | L30: =IFERROR(IF($C30="Passive","",INDEX(Database!J$8:J$2007,$B30,1)),"") -> katherineshort@mail.com | M30: =IFERROR(IF($C30="Passive","",INDEX(Database!K$8:K$2007,$B30,1)),"") -> 0 | ... AI30: =IFERROR(IF($C30="Passive","",INDEX(Database!AG$8:AG$2007,$B30,1)),"") -> 0 | AJ30: =IFERROR(IF(OR(LEN($D30)=0,LEN($E30)=0),"",$D30 & " - " & $E30),"") -> 327866 - Game Console | AK30: =IF(AND($D30="",$E30=""),"",ROW($DP30)-ROW($DK$6)) -> 24 | AM30: =IFERROR(IF(OR(LEN($AP30)=0,$AP30=0),"",$B30),"") | AN30: =IFERROR(SMALL($AM$7:$AM$56,ROW($AN30)-ROW($AN$6)),"") | AO30: =IFERROR(INDEX(MainTable,$B30,MATCH($AO$4,DatabaseHeaders,0),1),"") -> Video Game Consoles | AP30: =IFERROR(IF(COUNTIF($AO$7:$AO30,$AO30)>1,"",$AO30),"") | AQ30: =IF(LEN($AN30)>0,INDEX($AP$7:$AP$56,$AN30),"") | AS30: =IFERROR(IF(OR(LEN($AV30)=0,$AV30=0),"",$B30),"") | AT30: =IFERROR(SMALL($AS$7:$AS$56,ROW($AT30)-ROW($AT$6)),"") | AU30: =IFERROR(INDEX(MainTable,$B30,MATCH($AU$4,DatabaseHeaders,0),1),"") -> United States | AV30: =IFERROR(IF(COUNTIF($AU$7:$AU30,$AU30)>1,"",$AU30),"") | AW30: =IF(LEN($AT30)>0,INDEX($AV$7:$AV$56,$AT30),"") | AY30: =IFERROR(IF(OR(LEN($BB30)=0,$BB30=0),"",$B30),"") | AZ30: =IFERROR(SMALL($AY$7:$AY$56,ROW($AZ30)-ROW($AZ$6)),"") | BA30: =IFERROR(INDEX(MainTable,$B30,MATCH($BA$4,DatabaseHeaders,0),1),"") -> 125 | BB30: =IFERROR(IF(COUNTIF($BA$7:$BA30,$BA30)>1,"",$BA30),"") | BC30: =IF(LEN($AZ30)>0,INDEX($BB$7:$BB$56,$AZ30),"") | BE30: =IFERROR(IF(OR(LEN($BH30)=0,$BH30=0),"",$B30),"") | BF30: =IFERROR(SMALL($BE$7:$BE$56,ROW($BF30)-ROW($BF$6)),"") | BG30: =IFERROR(INDEX(MainTable,$B30,MATCH($BG$4,DatabaseHeaders,0),1),"") -> Katherine Short | BH30: =IFERROR(IF(COUNTIF($BG$7:$BG30,$BG30)>1,"",$BG30),"") | BI30: =IF(LEN($BF30)>0,INDEX($BH$7:$BH$56,$BF30),"") | BK30: =IFERROR(IF(LEN(BK$6)=0,1,IF(OR(DynamicList!$B$10="",DynamicList!$B$10="All"),1,IF(DynamicList!$B$10=INDEX(MainTable,$B30,MATCH(BK$6,DatabaseHeaders,0)),1,0))),0) -> 1 | BL30: =IFERROR(IF(LEN(BL$6)=0,1,IF(OR(DynamicList!$B$13="",DynamicList!$B$13="All"),1,IF(DynamicList!$B$13=INDEX(MainTable,$B30,MATCH(BL$6,DatabaseHeaders,0)),1,0))),0) -> 1 | BM30: =IFERROR(IF(LEN(BM$6)=0,1,IF(OR(DynamicList!$B$16="",DynamicList!$B$16="All"),1,IF(DynamicList!$B$16=INDEX(MainTable,$B30,MATCH(BM$6,DatabaseHeaders,0)),1,0))),0) -> 1 | BN30: =IFERROR(IF(LEN(BN$6)=0,1,IF(OR(DynamicList!$B$19="",DynamicList!$B$19="All"),1,IF(DynamicList!$B$19=INDEX(MainTable,$B30,MATCH(BN$6,DatabaseHeaders,0)),1,0))),0) -> 1 | BO30: =BK30*BL30*BM30*BN30 -> 1 | BQ30: =IFERROR(IF(OR(LEN($BS30)=0,$BS30=0),"",$B30),"") -> 24 | BR30: =IFERROR(SMALL($BQ$7:$BQ$56,ROW($BR30)-ROW($BR$6)),"") -> 24 | BS30: =IF($BO30=1,$AJ30,"") -> 327866 - Game Console | BT30: =IF(LEN($BU30)>0,BT29+1,"") -> 24 | BU30: =IF(LEN($BR30)>0,INDEX($BS$7:$BS$56,$BR30),"") -> 327866 - Game Console | BW30: =IF($BX30<>"",1,"") -> 1 | BX30: =IFERROR(SMALL($AK$7:$AK$56,ROW(BX30)-ROW($BX$6)),"") -> 24 | BZ30: =IFERROR(IF(OR(LEN($CC30)=0,$CC30=0),"",$B30),"") | CA30: =IFERROR(SMALL($BZ$7:$BZ$56,ROW($CA30)-ROW($CA$6)),"") | CB30: =IFERROR(INDEX(MainTable,$BX30,MATCH($CB$6,DatabaseHeaders,0),1),"") -> Video Game Consoles | CC30: =IFERROR(IF(COUNTIF($CB$7:$CB30,$CB30)>1,"",$CB30),"") | CD30: =IF(LEN($CA30)>0,INDEX($CC$7:$CC$56,$CA30),"") | CE30: =IF(LEN($CD30)>0,1,0) -> 0 | CF30: =IFERROR(IF(LEN($CD30)=0,"",COUNTIF($CB$7:$CB$56,$CD30)),"") | CH30: =IFERROR(IF(OR(LEN($CK30)=0,$CK30=0),"",$B30),"") | CI30: =IFERROR(SMALL($CH$7:$CH$56,ROW($CI30)-ROW($CI$6)),"") | CJ30: =IFERROR(INDEX(MainTable,$BX30,MATCH($CJ$6,DatabaseHeaders,0),1),"") -> White | CK30: =IFERROR(IF(COUNTIF($CJ$7:$CJ30,$CJ30)>1,"",$CJ30),"") | CL30: =IF(LEN($CI30)>0,INDEX($CK$7:$CK$56,$CI30),"") | CM30: =IF(LEN($CL30)>0,1,0) -> 0 | CN30: =IFERROR(IF(LEN($CL30)=0,"",COUNTIF($CJ$7:$CJ$56,$CL30)),"") | CP30: =IFERROR(IF(OR(LEN($CS30)=0,$CS30=0),"",$B30),"") | CQ30: =IFERROR(SMALL($CP$7:$CP$56,ROW($CQ30)-ROW($CQ$6)),"") | CR30: =IFERROR(INDEX(MainTable,$BX30,MATCH($CR$6,DatabaseHeaders,0),1),"") -> United States | CS30: =IFERROR(IF(COUNTIF($CR$7:$CR30,$CR30)>1,"",$CR30),"") | CT30: =IF(LEN($CQ30)>0,INDEX($CS$7:$CS$56,$CQ30),"") | CU30: =IF(LEN($CT30)>0,1,0) -> 0 | CV30: =IFERROR(IF(LEN($CT30)=0,"",COUNTIF($CR$7:$CR$56,$CT30)),"") | CX30: =IFERROR(IF(OR(LEN($DA30)=0,$DA30=0),"",$B30),"") | CY30: =IFERROR(SMALL($CX$7:$CX$56,ROW($CY30)-ROW($CY$6)),"") | CZ30: =IFERROR(INDEX(MainTable,$BX30,MATCH($CZ$6,DatabaseHeaders,0),1),"") -> Katherine Short | DA30: =IFERROR(IF(COUNTIF($CZ$7:$CZ30,$CZ30)>1,"",$CZ30),"") | DB30: =IF(LEN($CY30)>0,INDEX($DA$7:$DA$56,$CY30),"") | DC30: =IF(LEN($DB30)>0,1,0) -> 0 | DD30: =IFERROR(IF(LEN($DB30)=0,"",COUNTIF($CZ$7:$CZ$56,$DB30)),"") | DI30: =IF(LEN(Database!$C31)>0,ROW(Database!$C31),"") -> 31 | DK30: =IF(DynamicList!$D31<>"",ROW(DynamicList!$D31),"") -> 31 | DM30: =IF(LEN(DynamicList!$D31)=0,"",MATCH(DynamicList!$D31,Calc!$AJ$7:$AJ$2006,0)) -> 24 | DO30: =IF(LEN(Form!$C32)>0,ROW(Form!$C32),"")
B31: 25 | C31: =IF(OR(LEN($D31)=0,LEN($E31)=0),"Passive","Active") -> Active | D31: =IFERROR(IF(LEN(INDEX(Database!B$8:B$2007,$B31,1))=0,"",INDEX(Database!B$8:B$2007,$B31,1)),"") -> 484480 | E31: =IFERROR(IF(LEN(INDEX(Database!C$8:C$2007,$B31,1))=0,"",INDEX(Database!C$8:C$2007,$B31,1)),"") -> eBook Reader | F31: =IFERROR(IF($C31="Passive","",INDEX(Database!D$8:D$2007,$B31,1)),"") -> eBook Readers | G31: =IFERROR(IF($C31="Passive","",INDEX(Database!E$8:E$2007,$B31,1)),"") -> Germany | H31: =IFERROR(IF($C31="Passive","",INDEX(Database!F$8:F$2007,$B31,1)),"") -> Green | I31: =IFERROR(IF($C31="Passive","",INDEX(Database!G$8:G$2007,$B31,1)),"") -> 350 | J31: =IFERROR(IF($C31="Passive","",INDEX(Database!H$8:H$2007,$B31,1)),"") -> 200 | K31: =IFERROR(IF($C31="Passive","",INDEX(Database!I$8:I$2007,$B31,1)),"") -> Jessica Ogden | L31: =IFERROR(IF($C31="Passive","",INDEX(Database!J$8:J$2007,$B31,1)),"") -> jessicaogden@mail.com | M31: =IFERROR(IF($C31="Passive","",INDEX(Database!K$8:K$2007,$B31,1)),"") -> 0 | ... AI31: =IFERROR(IF($C31="Passive","",INDEX(Database!AG$8:AG$2007,$B31,1)),"") -> 0 | AJ31: =IFERROR(IF(OR(LEN($D31)=0,LEN($E31)=0),"",$D31 & " - " & $E31),"") -> 484480 - eBook Reader | AK31: =IF(AND($D31="",$E31=""),"",ROW($DP31)-ROW($DK$6)) -> 25 | AM31: =IFERROR(IF(OR(LEN($AP31)=0,$AP31=0),"",$B31),"") -> 25 | AN31: =IFERROR(SMALL($AM$7:$AM$56,ROW($AN31)-ROW($AN$6)),"") | AO31: =IFERROR(INDEX(MainTable,$B31,MATCH($AO$4,DatabaseHeaders,0),1),"") -> eBook Readers | AP31: =IFERROR(IF(COUNTIF($AO$7:$AO31,$AO31)>1,"",$AO31),"") -> eBook Readers | AQ31: =IF(LEN($AN31)>0,INDEX($AP$7:$AP$56,$AN31),"") | AS31: =IFERROR(IF(OR(LEN($AV31)=0,$AV31=0),"",$B31),"") | AT31: =IFERROR(SMALL($AS$7:$AS$56,ROW($AT31)-ROW($AT$6)),"") | AU31: =IFERROR(INDEX(MainTable,$B31,MATCH($AU$4,DatabaseHeaders,0),1),"") -> Germany | AV31: =IFERROR(IF(COUNTIF($AU$7:$AU31,$AU31)>1,"",$AU31),"") | AW31: =IF(LEN($AT31)>0,INDEX($AV$7:$AV$56,$AT31),"") | AY31: =IFERROR(IF(OR(LEN($BB31)=0,$BB31=0),"",$B31),"") | AZ31: =IFERROR(SMALL($AY$7:$AY$56,ROW($AZ31)-ROW($AZ$6)),"") | BA31: =IFERROR(INDEX(MainTable,$B31,MATCH($BA$4,DatabaseHeaders,0),1),"") -> 350 | BB31: =IFERROR(IF(COUNTIF($BA$7:$BA31,$BA31)>1,"",$BA31),"") | BC31: =IF(LEN($AZ31)>0,INDEX($BB$7:$BB$56,$AZ31),"") | BE31: =IFERROR(IF(OR(LEN($BH31)=0,$BH31=0),"",$B31),"") | BF31: =IFERROR(SMALL($BE$7:$BE$56,ROW($BF31)-ROW($BF$6)),"") | BG31: =IFERROR(INDEX(MainTable,$B31,MATCH($BG$4,DatabaseHeaders,0),1),"") -> Jessica Ogden | BH31: =IFERROR(IF(COUNTIF($BG$7:$BG31,$BG31)>1,"",$BG31),"") | BI31: =IF(LEN($BF31)>0,INDEX($BH$7:$BH$56,$BF31),"") | BK31: =IFERROR(IF(LEN(BK$6)=0,1,IF(OR(DynamicList!$B$10="",DynamicList!$B$10="All"),1,IF(DynamicList!$B$10=INDEX(MainTable,$B31,MATCH(BK$6,DatabaseHeaders,0)),1,0))),0) -> 1 | BL31: =IFERROR(IF(LEN(BL$6)=0,1,IF(OR(DynamicList!$B$13="",DynamicList!$B$13="All"),1,IF(DynamicList!$B$13=INDEX(MainTable,$B31,MATCH(BL$6,DatabaseHeaders,0)),1,0))),0) -> 1 | BM31: =IFERROR(IF(LEN(BM$6)=0,1,IF(OR(DynamicList!$B$16="",DynamicList!$B$16="All"),1,IF(DynamicList!$B$16=INDEX(MainTable,$B31,MATCH(BM$6,DatabaseHeaders,0)),1,0))),0) -> 1 | BN31: =IFERROR(IF(LEN(BN$6)=0,1,IF(OR(DynamicList!$B$19="",DynamicList!$B$19="All"),1,IF(DynamicList!$B$19=INDEX(MainTable,$B31,MATCH(BN$6,DatabaseHeaders,0)),1,0))),0) -> 1 | BO31: =BK31*BL31*BM31*BN31 -> 1 | BQ31: =IFERROR(IF(OR(LEN($BS31)=0,$BS31=0),"",$B31),"") -> 25 | BR31: =IFERROR(SMALL($BQ$7:$BQ$56,ROW($BR31)-ROW($BR$6)),"") -> 25 | BS31: =IF($BO31=1,$AJ31,"") -> 484480 - eBook Reader | BT31: =IF(LEN($BU31)>0,BT30+1,"") -> 25 | BU31: =IF(LEN($BR31)>0,INDEX($BS$7:$BS$56,$BR31),"") -> 484480 - eBook Reader | BW31: =IF($BX31<>"",1,"") -> 1 | BX31: =IFERROR(SMALL($AK$7:$AK$56,ROW(BX31)-ROW($BX$6)),"") -> 25 | BZ31: =IFERROR(IF(OR(LEN($CC31)=0,$CC31=0),"",$B31),"") -> 25 | CA31: =IFERROR(SMALL($BZ$7:$BZ$56,ROW($CA31)-ROW($CA$6)),"") | CB31: =IFERROR(INDEX(MainTable,$BX31,MATCH($CB$6,DatabaseHeaders,0),1),"") -> eBook Readers | CC31: =IFERROR(IF(COUNTIF($CB$7:$CB31,$CB31)>1,"",$CB31),"") -> eBook Readers | CD31: =IF(LEN($CA31)>0,INDEX($CC$7:$CC$56,$CA31),"") | CE31: =IF(LEN($CD31)>0,1,0) -> 0 | CF31: =IFERROR(IF(LEN($CD31)=0,"",COUNTIF($CB$7:$CB$56,$CD31)),"") | CH31: =IFERROR(IF(OR(LEN($CK31)=0,$CK31=0),"",$B31),"") | CI31: =IFERROR(SMALL($CH$7:$CH$56,ROW($CI31)-ROW($CI$6)),"") | CJ31: =IFERROR(INDEX(MainTable,$BX31,MATCH($CJ$6,DatabaseHeaders,0),1),"") -> Green | CK31: =IFERROR(IF(COUNTIF($CJ$7:$CJ31,$CJ31)>1,"",$CJ31),"") | CL31: =IF(LEN($CI31)>0,INDEX($CK$7:$CK$56,$CI31),"") | CM31: =IF(LEN($CL31)>0,1,0) -> 0 | CN31: =IFERROR(IF(LEN($CL31)=0,"",COUNTIF($CJ$7:$CJ$56,$CL31)),"") | CP31: =IFERROR(IF(OR(LEN($CS31)=0,$CS31=0),"",$B31),"") | CQ31: =IFERROR(SMALL($CP$7:$CP$56,ROW($CQ31)-ROW($CQ$6)),"") | CR31: =IFERROR(INDEX(MainTable,$BX31,MATCH($CR$6,DatabaseHeaders,0),1),"") -> Germany | CS31: =IFERROR(IF(COUNTIF($CR$7:$CR31,$CR31)>1,"",$CR31),"") | CT31: =IF(LEN($CQ31)>0,INDEX($CS$7:$CS$56,$CQ31),"") | CU31: =IF(LEN($CT31)>0,1,0) -> 0 | CV31: =IFERROR(IF(LEN($CT31)=0,"",COUNTIF($CR$7:$CR$56,$CT31)),"") | CX31: =IFERROR(IF(OR(LEN($DA31)=0,$DA31=0),"",$B31),"") | CY31: =IFERROR(SMALL($CX$7:$CX$56,ROW($CY31)-ROW($CY$6)),"") | CZ31: =IFERROR(INDEX(MainTable,$BX31,MATCH($CZ$6,DatabaseHeaders,0),1),"") -> Jessica Ogden | DA31: =IFERROR(IF(COUNTIF($CZ$7:$CZ31,$CZ31)>1,"",$CZ31),"") | DB31: =IF(LEN($CY31)>0,INDEX($DA$7:$DA$56,$CY31),"") | DC31: =IF(LEN($DB31)>0,1,0) -> 0 | DD31: =IFERROR(IF(LEN($DB31)=0,"",COUNTIF($CZ$7:$CZ$56,$DB31)),"") | DI31: =IF(LEN(Database!$C32)>0,ROW(Database!$C32),"") -> 32 | DK31: =IF(DynamicList!$D32<>"",ROW(DynamicList!$D32),"") -> 32 | DM31: =IF(LEN(DynamicList!$D32)=0,"",MATCH(DynamicList!$D32,Calc!$AJ$7:$AJ$2006,0)) -> 25 | DO31: =IF(LEN(Form!$C33)>0,ROW(Form!$C33),"")
B32: 26 | C32: =IF(OR(LEN($D32)=0,LEN($E32)=0),"Passive","Active") -> Active | D32: =IFERROR(IF(LEN(INDEX(Database!B$8:B$2007,$B32,1))=0,"",INDEX(Database!B$8:B$2007,$B32,1)),"") -> 508927 | E32: =IFERROR(IF(LEN(INDEX(Database!C$8:C$2007,$B32,1))=0,"",INDEX(Database!C$8:C$2007,$B32,1)),"") -> Reader Case | F32: =IFERROR(IF($C32="Passive","",INDEX(Database!D$8:D$2007,$B32,1)),"") -> eBook Readers | G32: =IFERROR(IF($C32="Passive","",INDEX(Database!E$8:E$2007,$B32,1)),"") -> China | H32: =IFERROR(IF($C32="Passive","",INDEX(Database!F$8:F$2007,$B32,1)),"") -> Yellow | I32: =IFERROR(IF($C32="Passive","",INDEX(Database!G$8:G$2007,$B32,1)),"") -> 125 | J32: =IFERROR(IF($C32="Passive","",INDEX(Database!H$8:H$2007,$B32,1)),"") -> 25 | K32: =IFERROR(IF($C32="Passive","",INDEX(Database!I$8:I$2007,$B32,1)),"") -> Julia Parr | L32: =IFERROR(IF($C32="Passive","",INDEX(Database!J$8:J$2007,$B32,1)),"") -> juliaparr@mail.com | M32: =IFERROR(IF($C32="Passive","",INDEX(Database!K$8:K$2007,$B32,1)),"") -> 0 | ... AI32: =IFERROR(IF($C32="Passive","",INDEX(Database!AG$8:AG$2007,$B32,1)),"") -> 0 | AJ32: =IFERROR(IF(OR(LEN($D32)=0,LEN($E32)=0),"",$D32 & " - " & $E32),"") -> 508927 - Reader Case | AK32: =IF(AND($D32="",$E32=""),"",ROW($DP32)-ROW($DK$6)) -> 26 | AM32: =IFERROR(IF(OR(LEN($AP32)=0,$AP32=0),"",$B32),"") | AN32: =IFERROR(SMALL($AM$7:$AM$56,ROW($AN32)-ROW($AN$6)),"") | AO32: =IFERROR(INDEX(MainTable,$B32,MATCH($AO$4,DatabaseHeaders,0),1),"") -> eBook Readers | AP32: =IFERROR(IF(COUNTIF($AO$7:$AO32,$AO32)>1,"",$AO32),"") | AQ32: =IF(LEN($AN32)>0,INDEX($AP$7:$AP$56,$AN32),"") | AS32: =IFERROR(IF(OR(LEN($AV32)=0,$AV32=0),"",$B32),"") | AT32: =IFERROR(SMALL($AS$7:$AS$56,ROW($AT32)-ROW($AT$6)),"") | AU32: =IFERROR(INDEX(MainTable,$B32,MATCH($AU$4,DatabaseHeaders,0),1),"") -> China | AV32: =IFERROR(IF(COUNTIF($AU$7:$AU32,$AU32)>1,"",$AU32),"") | AW32: =IF(LEN($AT32)>0,INDEX($AV$7:$AV$56,$AT32),"") | AY32: =IFERROR(IF(OR(LEN($BB32)=0,$BB32=0),"",$B32),"") | AZ32: =IFERROR(SMALL($AY$7:$AY$56,ROW($AZ32)-ROW($AZ$6)),"") | BA32: =IFERROR(INDEX(MainTable,$B32,MATCH($BA$4,DatabaseHeaders,0),1),"") -> 125 | BB32: =IFERROR(IF(COUNTIF($BA$7:$BA32,$BA32)>1,"",$BA32),"") | BC32: =IF(LEN($AZ32)>0,INDEX($BB$7:$BB$56,$AZ32),"") | BE32: =IFERROR(IF(OR(LEN($BH32)=0,$BH32=0),"",$B32),"") | BF32: =IFERROR(SMALL($BE$7:$BE$56,ROW($BF32)-ROW($BF$6)),"") | BG32: =IFERROR(INDEX(MainTable,$B32,MATCH($BG$4,DatabaseHeaders,0),1),"") -> Julia Parr | BH32: =IFERROR(IF(COUNTIF($BG$7:$BG32,$BG32)>1,"",$BG32),"") | BI32: =IF(LEN($BF32)>0,INDEX($BH$7:$BH$56,$BF32),"") | BK32: =IFERROR(IF(LEN(BK$6)=0,1,IF(OR(DynamicList!$B$10="",DynamicList!$B$10="All"),1,IF(DynamicList!$B$10=INDEX(MainTable,$B32,MATCH(BK$6,DatabaseHeaders,0)),1,0))),0) -> 1 | BL32: =IFERROR(IF(LEN(BL$6)=0,1,IF(OR(DynamicList!$B$13="",DynamicList!$B$13="All"),1,IF(DynamicList!$B$13=INDEX(MainTable,$B32,MATCH(BL$6,DatabaseHeaders,0)),1,0))),0) -> 1 | BM32: =IFERROR(IF(LEN(BM$6)=0,1,IF(OR(DynamicList!$B$16="",DynamicList!$B$16="All"),1,IF(DynamicList!$B$16=INDEX(MainTable,$B32,MATCH(BM$6,DatabaseHeaders,0)),1,0))),0) -> 1 | BN32: =IFERROR(IF(LEN(BN$6)=0,1,IF(OR(DynamicList!$B$19="",DynamicList!$B$19="All"),1,IF(DynamicList!$B$19=INDEX(MainTable,$B32,MATCH(BN$6,DatabaseHeaders,0)),1,0))),0) -> 1 | BO32: =BK32*BL32*BM32*BN32 -> 1 | BQ32: =IFERROR(IF(OR(LEN($BS32)=0,$BS32=0),"",$B32),"") -> 26 | BR32: =IFERROR(SMALL($BQ$7:$BQ$56,ROW($BR32)-ROW($BR$6)),"") -> 26 | BS32: =IF($BO32=1,$AJ32,"") -> 508927 - Reader Case | BT32: =IF(LEN($BU32)>0,BT31+1,"") -> 26 | BU32: =IF(LEN($BR32)>0,INDEX($BS$7:$BS$56,$BR32),"") -> 508927 - Reader Case | BW32: =IF($BX32<>"",1,"") -> 1 | BX32: =IFERROR(SMALL($AK$7:$AK$56,ROW(BX32)-ROW($BX$6)),"") -> 26 | BZ32: =IFERROR(IF(OR(LEN($CC32)=0,$CC32=0),"",$B32),"") | CA32: =IFERROR(SMALL($BZ$7:$BZ$56,ROW($CA32)-ROW($CA$6)),"") | CB32: =IFERROR(INDEX(MainTable,$BX32,MATCH($CB$6,DatabaseHeaders,0),1),"") -> eBook Readers | CC32: =IFERROR(IF(COUNTIF($CB$7:$CB32,$CB32)>1,"",$CB32),"") | CD32: =IF(LEN($CA32)>0,INDEX($CC$7:$CC$56,$CA32),"") | CE32: =IF(LEN($CD32)>0,1,0) -> 0 | CF32: =IFERROR(IF(LEN($CD32)=0,"",COUNTIF($CB$7:$CB$56,$CD32)),"") | CH32: =IFERROR(IF(OR(LEN($CK32)=0,$CK32=0),"",$B32),"") | CI32: =IFERROR(SMALL($CH$7:$CH$56,ROW($CI32)-ROW($CI$6)),"") | CJ32: =IFERROR(INDEX(MainTable,$BX32,MATCH($CJ$6,DatabaseHeaders,0),1),"") -> Yellow | CK32: =IFERROR(IF(COUNTIF($CJ$7:$CJ32,$CJ32)>1,"",$CJ32),"") | CL32: =IF(LEN($CI32)>0,INDEX($CK$7:$CK$56,$CI32),"") | CM32: =IF(LEN($CL32)>0,1,0) -> 0 | CN32: =IFERROR(IF(LEN($CL32)=0,"",COUNTIF($CJ$7:$CJ$56,$CL32)),"") | CP32: =IFERROR(IF(OR(LEN($CS32)=0,$CS32=0),"",$B32),"") | CQ32: =IFERROR(SMALL($CP$7:$CP$56,ROW($CQ32)-ROW($CQ$6)),"") | CR32: =IFERROR(INDEX(MainTable,$BX32,MATCH($CR$6,DatabaseHeaders,0),1),"") -> China | CS32: =IFERROR(IF(COUNTIF($CR$7:$CR32,$CR32)>1,"",$CR32),"") | CT32: =IF(LEN($CQ32)>0,INDEX($CS$7:$CS$56,$CQ32),"") | CU32: =IF(LEN($CT32)>0,1,0) -> 0 | CV32: =IFERROR(IF(LEN($CT32)=0,"",COUNTIF($CR$7:$CR$56,$CT32)),"") | CX32: =IFERROR(IF(OR(LEN($DA32)=0,$DA32=0),"",$B32),"") | CY32: =IFERROR(SMALL($CX$7:$CX$56,ROW($CY32)-ROW($CY$6)),"") | CZ32: =IFERROR(INDEX(MainTable,$BX32,MATCH($CZ$6,DatabaseHeaders,0),1),"") -> Julia Parr | DA32: =IFERROR(IF(COUNTIF($CZ$7:$CZ32,$CZ32)>1,"",$CZ32),"") | DB32: =IF(LEN($CY32)>0,INDEX($DA$7:$DA$56,$CY32),"") | DC32: =IF(LEN($DB32)>0,1,0) -> 0 | DD32: =IFERROR(IF(LEN($DB32)=0,"",COUNTIF($CZ$7:$CZ$56,$DB32)),"") | DI32: =IF(LEN(Database!$C33)>0,ROW(Database!$C33),"") -> 33 | DK32: =IF(DynamicList!$D33<>"",ROW(DynamicList!$D33),"") -> 33 | DM32: =IF(LEN(DynamicList!$D33)=0,"",MATCH(DynamicList!$D33,Calc!$AJ$7:$AJ$2006,0)) -> 26 | DO32: =IF(LEN(Form!$C34)>0,ROW(Form!$C34),"")
